Workbook
Name _1: '0100'!$A$11
Name _1: '1461'!$A$11
Name _1: '1571'!$A$11
Name _1: '2521'!$A$11
Name _1: '2531'!$A$11
Name _1: '2791'!$A$11
Name _1: '2801'!$A$11
Name _1: '2911'!$A$11
Name _1: '2941'!$A$11
Name _1: '3083'!$A$11
Name _1: '3345'!$A$11
Name _1: '3381'!$A$11
Name _1: '3382'!$A$11
Name _1: '3391'!$A$11
Name _1: '3394'!$A$11
Name _1: '3395'!$A$11
Name _1: '3396'!$A$11
Name _1: '3398'!$A$11
Name _1: '3400'!$A$11
Name _1: '3401'!$A$11
Name _1: '3413'!$A$11
Name _1: '3421'!$A$11
Name _1: '3431'!$A$11
Name _1: '3441'!$A$11
Name _1: '3924'!$A$11
Name _1: '3941'!$A$11
Name _1: '3961'!$A$11
Name _1: '3971'!$A$11
Name _1: '4001'!$A$11
Name _1: '4002'!$A$11
Name _1: '4012'!$A$11
Name _1: '4013'!$A$11
Name _1: '4020'!$A$11
Name _1: '4030'!$A$11
Name _1: '4031'!$A$11
Name _1: '4041'!$A$11
Name _1: '4050'!$A$11
Name _1: '4051'!$A$11
Name _1: '4061'!$A$11
Name _1: '4080'!$A$11
Name _1: '4081'!$A$11
Name _1: '4090'!$A$11
Name _1: '4091'!$A$11
Name _1: '4100'!$A$11
Name _1: '4102'!$A$11
Name _1: '4103'!$A$11
Name _1: '4111'!$A$11
Name _1: '4131'!$A$11
Name _1: '0040'!$A$11
Name _1.__2009_10_FEFP_State_and_Local_Funding: '0100'!$A$5
Name _1.__2009_10_FEFP_State_and_Local_Funding: '1461'!$A$5
Name _1.__2009_10_FEFP_State_and_Local_Funding: '1571'!$A$5
Name _1.__2009_10_FEFP_State_and_Local_Funding: '2521'!$A$5
Name _1.__2009_10_FEFP_State_and_Local_Funding: '2531'!$A$5
Name _1.__2009_10_FEFP_State_and_Local_Funding: '2791'!$A$5
Name _1.__2009_10_FEFP_State_and_Local_Funding: '2801'!$A$5
Name _1.__2009_10_FEFP_State_and_Local_Funding: '2911'!$A$5
Name _1.__2009_10_FEFP_State_and_Local_Funding: '2941'!$A$5
Name _1.__2009_10_FEFP_State_and_Local_Funding: '3083'!$A$5
Name _1.__2009_10_FEFP_State_and_Local_Funding: '3345'!$A$5

Sheet Net Payment
B1: September 2025 - FY 2025 Charter School FTE Payment
B2: =Based_on_the_Second_Calculation_of_the_FEFP_2010_11 -> Based on the 2025-26 FEFP Second Calculation
B4: School # | C4: School Name | D4: Description | E4: FTE | F4: Adjustments | G4: Net | I4: NOTES TO ALL CHARTER SCHOOLS
A5: 1 | B5: 0040 | C5: Palm Beach Preparatory Middle School | D5: FTE September 2025 | E5: ='0040'!$J$124 -> 24870.66 | G5: =SUBTOTAL(109,E5:F7) -> 24870.66
I7: Please go to the bottom of the page.
A8: 2 | B8: 0100 | C8: The Learning Center High School | D8: =D5 -> FTE September 2025 | E8: ='0100'!$J$124 -> 22269.68 | G8: =SUBTOTAL(109,E8:F10) -> 22269.68
A12: 3 | B12: 1461 | C12: Inlet Grove Community High School | D12: FTE September 2025 | E12: ='1461'!$J$124 -> 530655.23 | G12: =SUBTOTAL(109,E12:F36) -> 530204.63
D13: PY Final FEFP | I13: Please go to the bottom of the page.
D14: Sep Teacher Supplies Retract
D15: PY Digital C/R
D16: PY Dig C/R A/R
D17: PY Class Size Cat.
D18: Class Size Cat.
D19: Transportation
D20: School Police | F20: 0
D21: AT&T | F21: -266.12
D22: Avaya Maintenance | F22: -94.48
D23: LAN & Internet | F23: -90
C24: Ends June 2022 | D24: SWA Fees
D25: FY21 TSIA
D28: WPB-248085
D29: WPB-248086
D30: WPB-248087
D31: WPB-249234
D34: WPB-297918
D35: WPB-303998
D36: WPB-303999
A37: =1+A12 -> 4 | B37: 1571 | C37: South Tech Charter Academy | D37: =$D$12 -> FTE September 2025 | E37: ='1571'!$J$124 -> 876352.53 | G37: =SUBTOTAL(109,E37:F52) -> 876012.41
D38: PY Final FEFP
D39: Sep Teacher Supplies Retract
D40: FY21 CSTAG Training
D41: PY Digital C/R | L41: 44630
D42: PY Dig C/R A/R | L42: =L41-60 -> 44570
D43: PY Class Size Cat.
D44: Class Size Cat.
D45: School Police | F45: 0
D46: AT&T | F46: -155.64
D47: Avaya Maintenance | F47: -94.48
D48: LAN & Internet | F48: -90
D49: FEFP Adj
D50: WPB-
D51: WPB-
D52: WPB-271562
A53: =1+A37 -> 5 | B53: 2521 | C53: Ed Venture | D53: =$D$12 -> FTE September 2025 | E53: ='2521'!$J$124 -> 112694.4 | G53: =SUBTOTAL(109,E53:F59) -> 112694.4
D54: PY Final FEFP
D55: PY Digital C/R
D56: PY Dig C/R A/R
D57: PY Class Size Cat.
D58: Class Size Cat.
D59: WPB-
A60: =1+A53 -> 6 | B60: 2531 | C60: Bodwell Academy | D60: =$D$12 -> FTE September 2025 | E60: ='2531'!$J$124 -> 132295.12 | G60: =SUBTOTAL(109,E60:F71) -> 132295.12
D61: PY Final FEFP
D62: PY Final FEFP
D63: Unused FY21 TSIA Funds
D64: FY21 CSTAG Training
D65: PY Digital C/R
D66: PY Dig C/R A/R
D67: PY Class Size Cat.
D68: Class Size Cat.
D69: FL AG - FY18
D70: FY21 TSIA
D71: WPB-
A72: =1+A60 -> 7 | B72: 2791 | C72: The Learning Center at The Els Center of Excellence | D72: =$D$12 -> FTE September 2025 | E72: ='2791'!$J$124 -> 446019.95 | G72: =SUBTOTAL(109,E72:F79) -> 446019.95
D73: PY Final FEFP
D74: Sep Teacher Supplies Retract
D75: PY Digital C/R
D76: PY Dig C/R A/R
D78: Class Size Cat.
D79: WPB-
A80: =A72+1 -> 8 | B80: 2801 | C80: Palm Beach Maritime Academy Elementary | D80: =$D$12 -> FTE September 2025 | E80: ='2801'!$J$124 -> 438326.62 | G80: =SUBTOTAL(109,E80:F89) -> 438326.62
D81: PY Final FEFP
D82: Sep Teacher Supplies Retract
D83: PY Digital C/R
D84: PY Safe Schl Alloc
D85: PY Class Size Cat.
D86: Class Size Cat.
D87: MS Course Recovery
D88: FL AG - FY18
D89: WPB-255421
A90: =A80+1 -> 9 | B90: 2911 | C90: Western Academy Charter School | D90: =$D$12 -> FTE September 2025 | E90: ='2911'!$J$124 -> 513425.85 | G90: =SUBTOTAL(109,E90:F100) -> 513425.85
D91: PY Final FEFP
D92: FY21 CSTAG Training
D93: PY Digital C/R
D94: PY Dig C/R A/R
D95: PY Class Size Cat.
D96: Class Size Cat.
D97: MS Course Recovery
D98: WPB-292889
D99: WPB-260215
A101: =A90+1 -> 10 | B101: 2941 | C101: Palm Beach School for Autism | D101: =$D$12 -> FTE September 2025 | E101: ='2941'!$J$124 -> 869504.11 | G101: =SUBTOTAL(109,E101:F109) -> 869504.11
D102: PY Final FEFP
D103: Sep Teacher Supplies Retract
D104: PY Digital C/R
D105: PY Dig C/R A/R
D106: PY Class Size Cat.
D107: SIS Fee Reduction
D108: FL AG - FY18
A110: =A101+1 -> 11 | B110: 3083 | C110: The Learning Academy at The Els Center of Excellence | D110: =$D$12 -> FTE September 2025 | E110: ='3083'!$J$124 -> 497059.68 | G110: =SUBTOTAL(109,E110:F117) -> 497059.68
D111: SIS Fee Reduction
D112: Sep Teacher Supplies Retract
...

Sheet Annual Rev & Fees
E4: 0.75 | F4: Admin | G4: Fee % | I4: Annual | M4: Current | Q4: Sec 1 Rev/Fee per FTE | U4: Net Rev Per Sec 1 FTE
D5: H/P | E5: ESE | F5: Fee % | G5: W/O TSIA | I5: Revenue | J5: Rev - TSIA | K5: Admin Fee | L5: Net Revenue | M5: Mth's Pmt | O5: Sec 1 FTE | Q5: Rev | R5: Fee | S5: Net Rev | U5: H/P | V5: 75% ESE | W5: Other
A6: 1 | B6: 0040 | C6: Palm Beach Preparatory Middle School | D6: 0 | F6: =-K6/I6 -> 0.047639928 | G6: =-K6/J6 -> 0.050000003 | I6: ='0040'!$J$107 -> 312937.08 | J6: ='0040'!$J$109 -> 298165.98 | K6: ='0040'!$J$114 -> -14908.3 | L6: ='0040'!$J$116 -> 298028.78 | M6: ='0040'!$J$124 -> 24870.66 | O6: {='0040'!E28:F28} -> 36 | P6: 0 | Q6: =I6/O6 -> 8692.6967 | R6: =K6/O6 -> -414.11944 | S6: =L6/O6 -> 8278.5772 | U6: =IF(D6="H",S6,0) -> 0 | V6: =ROUND(IF(E6=1,S6,0),2) -> 0 | W6: =IF(AND(U6=0,V6=0),S6,) -> 8278.5772
A7: 2 | B7: 0100 | C7: The Learning Center Highschool | D7: 0 | F7: =-K7/I7 -> 0.01559039 | G7: =-K7/J7 -> 0.016425827 | I7: ='0100'!$J$107 -> 271492.24 | J7: ='0100'!$J$109 -> 257683.83 | K7: ='0100'!$J$114 -> -4232.67 | L7: ='0100'!$J$116 -> 267259.57 | M7: ='0100'!$J$124 -> 22269.68 | O7: {='0100'!E28:F28} -> 11 | P7: 0 | Q7: =I7/O7 -> 24681.113 | R7: =K7/O7 -> -384.78818 | S7: =L7/O7 -> 24296.325 | U7: =IF(D7="H",S7,0) -> 0 | V7: =ROUND(IF(E7=1,S7,0),2) -> 0 | W7: =IF(AND(U7=0,V7=0),S7,) -> 24296.325
A8: 3 | B8: 1461 | C8: Inlet Grove Community High School | D8: ='[2]1461'!G$135 -> H | E8: ='[2]1461'!H$133 | F8: =-K8/I8 -> 0.0068327612 | G8: =-K8/J8 -> 0.0071491898 | I8: ='1461'!$J$107 -> 6327945.4 | J8: ='1461'!$J$109 -> 6047865.8 | K8: ='1461'!$J$114 -> -43237.34 | L8: ='1461'!$J$116 -> 6284708.1 | M8: ='1461'!$J$124 -> 530655.23 | O8: {='1461'!E28:F28} -> 699.38 | P8: 0 | Q8: =I8/O8 -> 9047.9359 | R8: =K8/O8 -> -61.822386 | S8: =L8/O8 -> 8986.1136 | U8: =IF(D8="H",S8,0) -> 8986.1136 | V8: =ROUND(IF(E8=1,S8,0),2) -> 0 | W8: =IF(AND(U8=0,V8=0),S8,) -> 0
A9: 4 | B9: 1571 | C9: South Tech Charter Academy | D9: ='[2]1571'!G$135 -> H | E9: ='[2]1571'!H$133 | F9: =-K9/I9 -> 0.0042938 | G9: =-K9/J9 -> 0.0044857535 | I9: ='1571'!$J$107 -> 10411812 | J9: ='1571'!$J$109 -> 9966272 | K9: ='1571'!$J$114 -> -44706.24 | L9: ='1571'!$J$116 -> 10367106 | M9: ='1571'!$J$124 -> 876352.53 | O9: {='1571'!E28:F28} -> 1114.64 | P9: 0 | Q9: =I9/O9 -> 9340.9642 | R9: =K9/O9 -> -40.108232 | S9: =L9/O9 -> 9300.856 | U9: =IF(D9="H",S9,0) -> 9300.856 | V9: =ROUND(IF(E9=1,S9,0),2) -> 0 | W9: =IF(AND(U9=0,V9=0),S9,) -> 0
A10: 5 | B10: 2521 | C10: Ed Venture | D10: ='[2]2521'!G$135 -> 0 | E10: ='[2]2521'!H$133 -> 1 | F10: =-K10/I10 -> 0.021425931 | G10: =-K10/J10 -> 0.022246978 | I10: ='2521'!$J$107 -> 1381302.4 | J10: ='2521'!$J$109 -> 1330324 | K10: ='2521'!$J$114 -> -29595.69 | L10: ='2521'!$J$116 -> 1351706.7 | M10: ='2521'!$J$124 -> 112694.4 | O10: {='2521'!E28:F28} -> 74.16 | P10: 0 | Q10: =I10/O10 -> 18625.976 | R10: =K10/O10 -> -399.07888 | S10: =L10/O10 -> 18226.897 | U10: =IF(D10="H",S10,0) -> 0 | V10: =ROUND(IF(E10=1,S10,0),2) -> 18226.9 | W10: =IF(AND(U10=0,V10=0),S10,) -> 0
A11: 6 | B11: 2531 | C11: Bodwell Academy | D11: ='[2]2531'!G$135 -> 0 | E11: ='[2]2531'!H$133 -> 1 | F11: =-K11/I11 -> 0.012186498 | G11: =-K11/J11 -> 0.012788368 | I11: ='2531'!$J$107 -> 1603249.7 | J11: ='2531'!$J$109 -> 1527794.6 | K11: ='2531'!$J$114 -> -19538 | L11: ='2531'!$J$116 -> 1583711.7 | M11: ='2531'!$J$124 -> 132295.12 | O11: {='2531'!E28:F28} -> 49 | P11: 0 | Q11: =I11/O11 -> 32719.382 | R11: =K11/O11 -> -398.73469 | S11: =L11/O11 -> 32320.648 | U11: =IF(D11="H",S11,0) -> 0 | V11: =ROUND(IF(E11=1,S11,0),2) -> 32320.65 | W11: =IF(AND(U11=0,V11=0),S11,) -> 0
A12: 7 | B12: 2791 | C12: The Learning Center @ The Els Center of Excl | D12: ='[2]2791'!G$135 -> 0 | E12: ='[2]2791'!H$133 -> 1 | F12: =-K12/I12 -> 0.011658701 | G12: =-K12/J12 -> 0.012289603 | I12: ='2791'!$J$107 -> 5409536.4 | J12: ='2791'!$J$109 -> 5131831.4 | K12: ='2791'!$J$114 -> -63068.17 | L12: ='2791'!$J$116 -> 5346468.2 | M12: ='2791'!$J$124 -> 446019.95 | O12: {='2791'!E28:F28} -> 164 | P12: 0 | Q12: =I12/O12 -> 32984.978 | R12: =K12/O12 -> -384.56201 | S12: =L12/O12 -> 32600.416 | U12: =IF(D12="H",S12,0) -> 0 | V12: =ROUND(IF(E12=1,S12,0),2) -> 32600.42 | W12: =IF(AND(U12=0,V12=0),S12,) -> 0
A13: 8 | B13: 2801 | C13: Palm Beach Maritime Academy Elementary | D13: ='[2]2801'!G$135 -> 0 | E13: ='[2]2801'!H$133 | F13: =-K13/I13 -> 0.020565412 | G13: =-K13/J13 -> 0.021588947 | I13: ='2801'!$J$107 -> 5365719 | J13: ='2801'!$J$109 -> 5111329.4 | K13: ='2801'!$J$114 -> -110348.22 | L13: ='2801'!$J$116 -> 5255370.8 | M13: ='2801'!$J$124 -> 438326.62 | O13: {='2801'!E28:F28} -> 579 | P13: 0 | Q13: =I13/O13 -> 9267.2176 | R13: =K13/O13 -> -190.58415 | S13: =L13/O13 -> 9076.6334 | U13: =IF(D13="H",S13,0) -> 0 | V13: =ROUND(IF(E13=1,S13,0),2) -> 0 | W13: =IF(AND(U13=0,V13=0),S13,) -> 9076.6334
A14: 9 | B14: 2911 | C14: Western Academy Charter School | D14: ='[2]2911'!G$135 -> H | E14: ='[2]2911'!H$133 | F14: =-K14/I14 -> 0.0067156205 | G14: =-K14/J14 -> 0.007054774 | I14: ='2911'!$J$107 -> 6194550.5 | J14: ='2911'!$J$109 -> 5896751.6 | K14: ='2911'!$J$114 -> -41600.25 | L14: ='2911'!$J$116 -> 6152950.2 | M14: ='2911'!$J$124 -> 513425.85 | O14: {='2911'!E28:F28} -> 708.74 | P14: 0 | Q14: =I14/O14 -> 8740.2298 | R14: =K14/O14 -> -58.696066 | S14: =L14/O14 -> 8681.5338 | U14: =IF(D14="H",S14,0) -> 8681.5338 | V14: =ROUND(IF(E14=1,S14,0),2) -> 0 | W14: =IF(AND(U14=0,V14=0),S14,) -> 0
A15: 10 | B15: 2941 | C15: Palm Beach School for Autism | D15: ='[2]2941'!G$135 -> 0 | E15: ='[2]2941'!H$133 -> 1 | F15: =-K15/I15 -> 0.0091323391 | G15: =-K15/J15 -> 0.0095893263 | I15: ='2941'!$J$107 -> 10519478 | J15: ='2941'!$J$109 -> 10018164 | K15: ='2941'!$J$114 -> -96067.44 | L15: ='2941'!$J$116 -> 10423410 | M15: ='2941'!$J$124 -> 869504.11 | O15: {='2941'!E28:F28} -> 381 | P15: 0 | Q15: =I15/O15 -> 27610.178 | R15: =K15/O15 -> -252.14551 | S15: =L15/O15 -> 27358.033 | U15: =IF(D15="H",S15,0) -> 0 | V15: =ROUND(IF(E15=1,S15,0),2) -> 27358.03 | W15: =IF(AND(U15=0,V15=0),S15,) -> 0
A16: 11 | B16: 3083 | C16: The Learning Academy @ The Els Center of Excl | D16: ='[2]3083'!G$135 -> 0 | E16: ='[2]3083'!H$133 -> 1 | F16: =-K16/I16 -> 0.010278151 | G16: =-K16/J16 -> 0.010831494 | I16: ='3083'!$J$107 -> 6014332.6 | J16: ='3083'!$J$109 -> 5707081.5 | K16: ='3083'!$J$114 -> -61816.22 | L16: ='3083'!$J$116 -> 5952516.4 | M16: ='3083'!$J$124 -> 497059.68 | O16: {='3083'!E28:F28} -> 161 | P16: 0 | Q16: =I16/O16 -> 37356.103 | R16: =K16/O16 -> -383.95168 | S16: =L16/O16 -> 36972.152 | U16: =IF(D16="H",S16,0) -> 0 | V16: =ROUND(IF(E16=1,S16,0),2) -> 36972.15 | W16: =IF(AND(U16=0,V16=0),S16,) -> 0
A17: 12 | B17: 3345 | C17: Career Academy of the Palm Beaches | D17: ='[2]3345'!G$135 -> 0 | E17: ='[2]3345'!H$133 -> 1 | F17: =-K17/I17 -> 0.028075491 | G17: =-K17/J17 -> 0.028899512 | I17: ='3345'!$J$107 -> 1127073.1 | J17: ='3345'!$J$109 -> 1094936.5 | K17: ='3345'!$J$114 -> -31643.13 | L17: ='3345'!$J$116 -> 1095430 | M17: ='3345'!$J$124 -> 91364.55 | O17: {='3345'!E28:F28} -> 77 | P17: 0 | Q17: =I17/O17 -> 14637.313 | R17: =K17/O17 -> -410.94974 | S17: =L17/O17 -> 14226.363 | U17: =IF(D17="H",S17,0) -> 0 | V17: =ROUND(IF(E17=1,S17,0),2) -> 14226.36 | W17: =IF(AND(U17=0,V17=0),S17,) -> 0
A18: 13 | B18: 3381 | C18: Imagine Schools - Chancellor Campus | D18: ='[2]3381'!G$135 -> H | E18: ='[2]3381'!H$133 | F18: =-K18/I18 -> 0.0045457595 | G18: =-K18/J18 -> 0.004775549 | I18: ='3381'!$J$107 -> 9184238.6 | J18: ='3381'!$J$109 -> 8742312.1 | K18: ='3381'!$J$114 -> -41749.34 | L18: ='3381'!$J$116 -> 9142489.3 | M18: ='3381'!$J$124 -> 762872.3 | O18: {='3381'!E28:F28} -> 1047 | P18: 0 | Q18: =I18/O18 -> 8771.9567 | R18: =K18/O18 -> -39.875205 | S18: =L18/O18 -> 8732.0815 | U18: =IF(D18="H",S18,0) -> 8732.0815 | V18: =ROUND(IF(E18=1,S18,0),2) -> 0 | W18: =IF(AND(U18=0,V18=0),S18,) -> 0
A19: 14 | B19: 3382 | C19: Glades Academy | D19: ='[2]3382'!G$135 -> 0 | E19: ='[2]3382'!H$133 | F19: =-K19/I19 -> 0.04404348 | G19: =-K19/J19 -> 0.04612546 | I19: ='3382'!$J$107 -> 2538893.1 | J19: ='3382'!$J$109 -> 2424294.3 | K19: ='3382'!$J$114 -> -111821.69 | L19: ='3382'!$J$116 -> 2427071.4 | M19: ='3382'!$J$124 -> 202508.28 | O19: {='3382'!E28:F28} -> 271 | P19: 0 | Q19: =I19/O19 -> 9368.6093 | R19: =K19/O19 -> -412.62616 | S19: =L19/O19 -> 8955.9832 | U19: =IF(D19="H",S19,0) -> 0 | V19: =ROUND(IF(E19=1,S19,0),2) -> 0 | W19: =IF(AND(U19=0,V19=0),S19,) -> 8955.9832
A20: 15 | B20: 3391 | C20: Seagull Academy for Independent Living | D20: ='[2]3391'!G$135 -> 0 | E20: ='[2]3391'!H$133 -> 1
A21: 16 | B21: 3394 | C21: Montessori Academy of Early Enrichment | D21: ='[2]3394'!G$135 -> 0 | E21: ='[2]3394'!H$133 | F21: =-K21/I21 -> 0.047549064 | G21: =-K21/J21 -> 0.050000003 | I21: ='3394'!$J$107 -> 1735604.3 | J21: ='3394'!$J$109 -> 1650527.1 | K21: ='3394'!$J$114 -> -82526.36 | L21: ='3394'!$J$116 -> 1653077.9 | M21: ='3394'!$J$124 -> 137857.37 | O21: {='3394'!E28:F28} -> 192 | P21: 0 | Q21: =I21/O21 -> 9039.6057 | R21: =K21/O21 -> -429.82479 | S21: =L21/O21 -> 8609.7809 | U21: =IF(D21="H",S21,0) -> 0 | V21: =ROUND(IF(E21=1,S21,0),2) -> 0 | W21: =IF(AND(U21=0,V21=0),S21,) -> 8609.7809
A22: 17 | B22: 3395 | C22: Somerset Academy Charter School | D22: ='[2]3395'!G$135 -> 0 | E22: ='[2]3395'!H$133 | F22: =-K22/I22 -> 0.023084302 | G22: =-K22/J22 -> 0.024270903 | I22: ='3395'!$J$107 -> 4522313.1 | J22: ='3395'!$J$109 -> 4301217.9 | K22: ='3395'!$J$114 -> -104394.44 | L22: ='3395'!$J$116 -> 4417918.6 | M22: ='3395'!$J$124 -> 368541.43 | O22: {='3395'!E28:F28} -> 515.02 | P22: 0 | Q22: =I22/O22 -> 8780.8494 | R22: =K22/O22 -> -202.69978 | S22: =L22/O22 -> 8578.1497 | U22: =IF(D22="H",S22,0) -> 0 | V22: =ROUND(IF(E22=1,S22,0),2) -> 0 | W22: =IF(AND(U22=0,V22=0),S22,) -> 8578.1497
A23: 18 | B23: 3396 | C23: G-Star School of the Arts | D23: ='[2]3396'!G$135 -> H | E23: ='[2]3396'!H$133 | F23: =-K23/I23 -> 0.0067598708 | G23: =-K23/J23 -> 0.0070733363 | I23: ='3396'!$J$107 -> 6347744.1 | J23: ='3396'!$J$109 -> 6066434.3 | K23: ='3396'!$J$114 -> -42909.93 | L23: ='3396'!$J$116 -> 6304834.2 | M23: ='3396'!$J$124 -> 533385.66 | O23: {='3396'!E28:F28} -> 706.88 | P23: 0 | Q23: =I23/O23 -> 8979.9458 | R23: =K23/O23 -> -60.703274 | S23: =L23/O23 -> 8919.2425 | U23: =IF(D23="H",S23,0) -> 8919.2425 | V23: =ROUND(IF(E23=1,S23,0),2) -> 0 | W23: =IF(AND(U23=0,V23=0),S23,) -> 0
A24: 19 | B24: 3398 | C24: Everglades Preparatory Academy | D24: ='[2]3398'!G$135 -> 0 | E24: ='[2]3398'!H$133 | F24: =-K24/I24 -> 0.047694081 | G24: =-K24/J24 -> 0.049999995 | I24: ='3398'!$J$107 -> 965833.89 | J24: ='3398'!$J$109 -> 921291.29 | K24: ='3398'!$J$114 -> -46064.56 | L24: ='3398'!$J$116 -> 919769.33 | M24: ='3398'!$J$124 -> 76763.56 | O24: {='3398'!E28:F28} -> 113.18 | P24: 0 | Q24: =I24/O24 -> 8533.6092 | R24: =K24/O24 -> -407.00265 | S24: =L24/O24 -> 8126.6066 | U24: =IF(D24="H",S24,0) -> 0 | V24: =ROUND(IF(E24=1,S24,0),2) -> 0 | W24: =IF(AND(U24=0,V24=0),S24,) -> 8126.6066
A25: 20 | B25: 3400 | C25: Believers Academy | D25: ='[2]3400'!G$135 -> 0 | E25: ='[2]3400'!H$133 -> 1 | F25: =-K25/I25 -> 0.032480878 | G25: =-K25/J25 -> 0.033553774 | I25: ='3400'!$J$107 -> 1170602 | J25: ='3400'!$J$109 -> 1133171.5 | K25: ='3400'!$J$114 -> -38022.18 | L25: ='3400'!$J$116 -> 1132579.8 | M25: ='3400'!$J$124 -> 94458.1 | O25: {='3400'!E28:F28} -> 95.86 | P25: 0 | Q25: =I25/O25 -> 12211.579 | R25: =K25/O25 -> -396.64281 | S25: =L25/O25 -> 11814.936 | U25: =IF(D25="H",S25,0) -> 0 | V25: =ROUND(IF(E25=1,S25,0),2) -> 11814.94 | W25: =IF(AND(U25=0,V25=0),S25,) -> 0
A26: 21 | B26: 3401 | C26: Quantum High School | D26: ='[2]3401'!G$135 -> 0 | E26: ='[2]3401'!H$133 -> 0 | F26: =-K26/I26 -> 0.028021824 | G26: =-K26/J26 -> 0.029364782 | I26: ='3401'!$J$107 -> 3670836.7 | J26: ='3401'!$J$109 -> 3502956.1 | K26: ='3401'!$J$114 -> -102863.54 | L26: ='3401'!$J$116 -> 3567973.1 | M26: ='3401'!$J$124 -> 298028.7 | O26: {='3401'!E28:F28} -> 425.68 | P26: 0 | Q26: =I26/O26 -> 8623.4652 | R26: =K26/O26 -> -241.64523 | S26: =L26/O26 -> 8381.8199 | U26: =IF(D26="H",S26,0) -> 0 | V26: =ROUND(IF(E26=1,S26,0),2) -> 0 | W26: =IF(AND(U26=0,V26=0),S26,) -> 8381.8199
A27: 22 | B27: 3413 | C27: Somerset Academy Boca | D27: ='[2]3413'!G$135 -> H | E27: ='[2]3413'!H$133 | F27: =-K27/I27 -> 0.012198363 | G27: =-K27/J27 -> 0.012819855 | I27: ='3413'!$J$107 -> 3477233.1 | J27: ='3413'!$J$109 -> 3308660.7 | K27: ='3413'!$J$114 -> -42416.55 | L27: ='3413'!$J$116 -> 3434816.5 | M27: ='3413'!$J$124 -> 286550.08 | O27: {='3413'!E28:F28} -> 390.02 | P27: 0 | Q27: =I27/O27 -> 8915.5251 | R27: =K27/O27 -> -108.75481 | S27: =L27/O27 -> 8806.7703 | U27: =IF(D27="H",S27,0) -> 8806.7703 | V27: =ROUND(IF(E27=1,S27,0),2) -> 0 | W27: =IF(AND(U27=0,V27=0),S27,) -> 0
A28: 23 | B28: 3421 | C28: Worthington High School | D28: ='[2]3421'!G$135 -> 0 | E28: ='[2]3421'!H$133 | F28: =-K28/I28 -> 0.02484854 | G28: =-K28/J28 -> 0.02608623 | I28: ='3421'!$J$107 -> 3957492 | J28: ='3421'!$J$109 -> 3769724.5 | K28: ='3421'!$J$114 -> -98337.9 | L28: ='3421'!$J$116 -> 3859154.1 | M28: ='3421'!$J$124 -> 322019.77 | O28: {='3421'!E28:F28} -> 479.18 | P28: 0 | Q28: =I28/O28 -> 8258.884 | R28: =K28/O28 -> -205.22121 | S28: =L28/O28 -> 8053.6628 | U28: =IF(D28="H",S28,0) -> 0 | V28: =ROUND(IF(E28=1,S28,0),2) -> 0 | W28: =IF(AND(U28=0,V28=0),S28,) -> 8053.6628
A29: 24 | B29: 3431 | C29: Renaissance Charter School at WPB | D29: ='[2]3431'!G$135 -> H | E29: ='[2]3431'!H$133 | F29: =-K29/I29 -> 0.0046924041 | G29: =-K29/J29 -> 0.0049315506 | I29: ='3431'!$J$107 -> 8883510.3 | J29: ='3431'!$J$109 -> 8452720.8 | K29: ='3431'!$J$114 -> -41685.02 | L29: ='3431'!$J$116 -> 8841825.3 | M29: ='3431'!$J$124 -> 737684.93 | O29: {='3431'!E28:F28} -> 1013.88 | P29: 0 | Q29: =I29/O29 -> 8761.8952 | R29: =K29/O29 -> -41.114353 | S29: =L29/O29 -> 8720.7809 | U29: =IF(D29="H",S29,0) -> 8720.7809 | V29: =ROUND(IF(E29=1,S29,0),2) -> 0 | W29: =IF(AND(U29=0,V29=0),S29,) -> 0
A30: 25 | B30: 3441 | C30: South Tech Preparatory Academy (MS) | D30: ='[2]3441'!G$135 -> 0 | E30: ='[2]3441'!H$133 | F30: =-K30/I30 -> 0.022608827 | G30: =-K30/J30 -> 0.02369219 | I30: ='3441'!$J$107 -> 4651871.1 | J30: ='3441'!$J$109 -> 4439156.9 | K30: ='3441'!$J$114 -> -105173.35 | L30: ='3441'!$J$116 -> 4546697.7 | M30: ='3441'!$J$124 -> 380953.21 | O30: {='3441'!E28:F28} -> 527.6 | P30: 0 | Q30: =I30/O30 -> 8817.0414 | R30: =K30/O30 -> -199.34297 | S30: =L30/O30 -> 8617.6985 | U30: =IF(D30="H",S30,0) -> 0 | V30: =ROUND(IF(E30=1,S30,0),2) -> 0 | W30: =IF(AND(U30=0,V30=0),S30,) -> 8617.6985
A31: 26 | B31: 3924 | C31: Palm Beach Maritime Academy Secondary | D31: ='[2]3924'!G$135 -> 0 | E31: ='[2]3924'!H$133 | F31: =-K31/I31 -> 0.02725872 | G31: =-K31/J31 -> 0.028589727 | I31: ='3924'!$J$107 -> 3809418.8 | J31: ='3924'!$J$109 -> 3632069.7 | K31: ='3924'!$J$114 -> -103839.88 | L31: ='3924'!$J$116 -> 3705578.9 | M31: ='3924'!$J$124 -> 309424.3 | O31: {='3924'!E28:F28} -> 437.22 | P31: 0 | Q31: =I31/O31 -> 8712.8191 | R31: =K31/O31 -> -237.5003 | S31: =L31/O31 -> 8475.3188 | U31: =IF(D31="H",S31,0) -> 0 | V31: =ROUND(IF(E31=1,S31,0),2) -> 0 | W31: =IF(AND(U31=0,V31=0),S31,) -> 8475.3188
A32: 27 | B32: 3941 | C32: Ben Gamla Charter School | D32: ='[2]3941'!G$135 -> H | E32: ='[2]3941'!H$133 | F32: =-K32/I32 -> 0.019033025 | G32: =-K32/J32 -> 0.019999998 | I32: ='3941'!$J$107 -> 2059442 | J32: ='3941'!$J$109 -> 1959870.6 | K32: ='3941'!$J$114 -> -39197.41 | L32: ='3941'!$J$116 -> 2020244.6 | M32: ='3941'!$J$124 -> 168521.9 | O32: {='3941'!E28:F28} -> 229 | P32: 0 | Q32: =I32/O32 -> 8993.1964 | R32: =K32/O32 -> -171.16773 | S32: =L32/O32 -> 8822.0286 | U32: =IF(D32="H",S32,0) -> 8822.0286 | V32: =ROUND(IF(E32=1,S32,0),2) -> 0 | W32: =IF(AND(U32=0,V32=0),S32,) -> 0
A33: 28 | B33: 3961 | C33: Gardens School of Technology Arts | D33: ='[2]3961'!G$135 -> 0 | E33: ='[2]3961'!H$133
A34: 29 | B34: 3971 | C34: Palm Beach Preparatory Charter Academy | D34: ='[2]3971'!G$135 -> 0 | E34: ='[2]3971'!H$133 | F34: =-K34/I34 -> 0.018851811 | G34: =-K34/J34 -> 0.019807314 | I34: ='3971'!$J$107 -> 5205468.5 | J34: ='3971'!$J$109 -> 4954357.2 | K34: ='3971'!$J$114 -> -98132.51 | L34: ='3971'!$J$116 -> 5107336 | M34: ='3971'!$J$124 -> 426358.86 | O34: {='3971'!E28:F28} -> 631.08 | P34: 0 | Q34: =I34/O34 -> 8248.5081 | R34: =K34/O34 -> -155.49932 | S34: =L34/O34 -> 8093.0088 | U34: =IF(D34="H",S34,0) -> 0 | V34: =ROUND(IF(E34=1,S34,0),2) -> 0 | W34: =IF(AND(U34=0,V34=0),S34,) -> 8093.0088
A35: 30 | B35: 4001 | C35: Renaissance Charter School at Wellington | D35: ='[2]4001'!G$135 -> 0 | E35: ='[2]4001'!H$133 | F35: =-K35/I35 -> 0.017444106 | G35: =-K35/J35 -> 0.018328446 | I35: ='4001'!$J$107 -> 6019584.4 | J35: ='4001'!$J$109 -> 5729142 | K35: ='4001'!$J$114 -> -105006.27 | L35: ='4001'!$J$116 -> 5914578.1 | M35: ='4001'!$J$124 -> 493503.4 | O35: {='4001'!E28:F28} -> 682 | P35: 0 | Q35: =I35/O35 -> 8826.3701 | R35: =K35/O35 -> -153.96814 | S35: =L35/O35 -> 8672.402 | U35: =IF(D35="H",S35,0) -> 0 | V35: =ROUND(IF(E35=1,S35,0),2) -> 0 | W35: =IF(AND(U35=0,V35=0),S35,) -> 8672.402
A36: 31 | B36: 4002 | C36: Renaissance Charter School at Summit | D36: ='[2]4002'!G$135 -> 0 | E36: ='[2]4002'!H$133 | F36: =-K36/I36 -> 0.012079019 | G36: =-K36/J36 -> 0.012701187 | I36: ='4002'!$J$107 -> 8679085.7 | J36: ='4002'!$J$109 -> 8253940.4 | K36: ='4002'!$J$114 -> -104834.84 | L36: ='4002'!$J$116 -> 8574250.8 | M36: ='4002'!$J$124 -> 715174.91 | O36: {='4002'!E28:F28} -> 984.16 | P36: 0 | Q36: =I36/O36 -> 8818.7751 | R36: =K36/O36 -> -106.52215 | S36: =L36/O36 -> 8712.2529 | U36: =IF(D36="H",S36,0) -> 0 | V36: =ROUND(IF(E36=1,S36,0),2) -> 0 | W36: =IF(AND(U36=0,V36=0),S36,) -> 8712.2529
A37: 32 | B37: 4012 | C37: Somerset Academy Canyons Middle School | D37: ='[2]4012'!G$135 -> H | E37: ='[2]4012'!H$133 | F37: =-K37/I37 -> 0.0079866595 | G37: =-K37/J37 -> 0.0083870105 | I37: ='4012'!$J$107 -> 5024831.7 | J37: ='4012'!$J$109 -> 4784973.1 | K37: ='4012'!$J$114 -> -40131.62 | L37: ='4012'!$J$116 -> 4984700.1 | M37: ='4012'!$J$124 -> 417398.36 | O37: {='4012'!E28:F28} -> 596.16 | P37: 0 | Q37: =I37/O37 -> 8428.663 | R37: =K37/O37 -> -67.316861 | S37: =L37/O37 -> 8361.3461 | U37: =IF(D37="H",S37,0) -> 8361.3461 | V37: =ROUND(IF(E37=1,S37,0),2) -> 0 | W37: =IF(AND(U37=0,V37=0),S37,) -> 0
A38: 33 | B38: 4013 | C38: Somerset Academy Canyons High School | D38: ='[2]4013'!G$135 -> H | E38: ='[2]4013'!H$133 | F38: =-K38/I38 -> 0.0046854078 | G38: =-K38/J38 -> 0.0048955292 | I38: ='4013'!$J$107 -> 9341472.9 | J38: ='4013'!$J$109 -> 8940526.8 | K38: ='4013'!$J$114 -> -43768.61 | L38: ='4013'!$J$116 -> 9297704.3 | M38: ='4013'!$J$124 -> 795258.27 | O38: {='4013'!E28:F28} -> 1021.34 | P38: 0 | Q38: =I38/O38 -> 9146.2911 | R38: =K38/O38 -> -42.854103 | S38: =L38/O38 -> 9103.437 | U38: =IF(D38="H",S38,0) -> 9103.437 | V38: =ROUND(IF(E38=1,S38,0),2) -> 0 | W38: =IF(AND(U38=0,V38=0),S38,) -> 0
A39: 34 | B39: 4020 | C39: Franklin Academy - Boynton Beach | D39: ='[2]4020'!G$135 -> 0 | E39: ='[2]4020'!H$133 | F39: =-K39/I39 -> 0.0095543749 | G39: =-K39/J39 -> 0.010036452 | I39: ='4020'!$J$107 -> 10972109 | J39: ='4020'!$J$109 -> 10445089 | K39: ='4020'!$J$114 -> -104831.64 | L39: ='4020'!$J$116 -> 10867277 | M39: ='4020'!$J$124 -> 906770.45 | O39: {='4020'!E28:F28} -> 1245.46 | P39: 0 | Q39: =I39/O39 -> 8809.6838 | R39: =K39/O39 -> -84.171021 | S39: =L39/O39 -> 8725.5128 | U39: =IF(D39="H",S39,0) -> 0 | V39: =ROUND(IF(E39=1,S39,0),2) -> 0 | W39: =IF(AND(U39=0,V39=0),S39,) -> 8725.5128
A40: 35 | B40: 4030 | C40: Olympus International Academy | D40: ='[2]4030'!G$135 -> 0 | E40: ='[2]4030'!H$133 | F40: =-K40/I40 -> 0.03907743 | G40: =-K40/J40 -> 0.041115716 | I40: ='4030'!$J$107 -> 2725886 | J40: ='4030'!$J$109 -> 2590751.9 | K40: ='4030'!$J$114 -> -106520.62 | L40: ='4030'!$J$116 -> 2619365.4 | M40: ='4030'!$J$124 -> 218407.85 | O40: {='4030'!E28:F28} -> 304.02 | P40: 0 | Q40: =I40/O40 -> 8966.1404 | R40: =K40/O40 -> -350.37373 | S40: =L40/O40 -> 8615.7667 | U40: =IF(D40="H",S40,0) -> 0 | V40: =ROUND(IF(E40=1,S40,0),2) -> 0 | W40: =IF(AND(U40=0,V40=0),S40,) -> 8615.7667
A41: 36 | B41: 4031 | C41: Somerset Academy Wellington | D41: ='[2]4031'!G$135 -> 0 | E41: ='[2]4031'!H$133 | F41: =-K41/I41 -> 0.025954394 | G41: =-K41/J41 -> 0.027284236 | I41: ='4031'!$J$107 -> 4019129.9 | J41: ='4031'!$J$109 -> 3823236.2 | K41: ='4031'!$J$114 -> -104314.08 | L41: ='4031'!$J$116 -> 3914815.9 | M41: ='4031'!$J$124 -> 326575.68 | O41: {='4031'!E28:F28} -> 458.14 | P41: 0 | Q41: =I41/O41 -> 8772.7112 | R41: =K41/O41 -> -227.6904 | S41: =L41/O41 -> 8545.0208 | U41: =IF(D41="H",S41,0) -> 0 | V41: =ROUND(IF(E41=1,S41,0),2) -> 0 | W41: =IF(AND(U41=0,V41=0),S41,) -> 8545.0208
A42: 37 | B42: 4041 | C42: Somerset Academy Boca Middle School | D42: ='[2]4041'!G$135 -> H | E42: ='[2]4041'!H$133 | F42: =-K42/I42 -> 0.019036233 | G42: =-K42/J42 -> 0.020000004 | I42: ='4041'!$J$107 -> 791018.89 | J42: ='4041'!$J$109 -> 752900.84 | K42: ='4041'!$J$114 -> -15058.02 | L42: ='4041'!$J$116 -> 775960.87 | M42: ='4041'!$J$124 -> 64770.19 | O42: {='4041'!E28:F28} -> 94.7 | P42: 0 | Q42: =I42/O42 -> 8352.8922 | R42: =K42/O42 -> -159.0076 | S42: =L42/O42 -> 8193.8846 | U42: =IF(D42="H",S42,0) -> 8193.8846 | V42: =ROUND(IF(E42=1,S42,0),2) -> 0 | W42: =IF(AND(U42=0,V42=0),S42,) -> 0
A43: 38 | B43: 4050 | C43: Renaissance Charter School at Cypress | D43: ='[2]4050'!G$135 -> 0 | E43: ='[2]4050'!H$133 | F43: =-K43/I43 -> 0.016343925 | G43: =-K43/J43 -> 0.017184966 | I43: ='4050'!$J$107 -> 6331350.5 | J43: ='4050'!$J$109 -> 6021491.2 | K43: ='4050'!$J$114 -> -103479.12 | L43: ='4050'!$J$116 -> 6227871.4 | M43: ='4050'!$J$124 -> 519597.92 | O43: {='4050'!E28:F28} -> 727.38 | P43: 0 | Q43: =I43/O43 -> 8704.3231 | R43: =K43/O43 -> -142.26281 | S43: =L43/O43 -> 8562.0603 | U43: =IF(D43="H",S43,0) -> 0 | V43: =ROUND(IF(E43=1,S43,0),2) -> 0 | W43: =IF(AND(U43=0,V43=0),S43,) -> 8562.0603
A44: 39 | B44: 4051 | C44: Renaissance Charter School at Central Palm | D44: ='[2]4051'!G$135 -> 0 | E44: ='[2]4051'!H$133 | F44: =-K44/I44 -> 0.015581453 | G44: =-K44/J44 -> 0.0163827 | I44: ='4051'!$J$107 -> 6677947.3 | J44: ='4051'!$J$109 -> 6351341.5 | K44: ='4051'!$J$114 -> -104052.12 | L44: ='4051'!$J$116 -> 6573895.2 | M44: ='4051'!$J$124 -> 548429.27 | O44: {='4051'!E28:F28} -> 763 | P44: 0 | Q44: =I44/O44 -> 8752.2245 | R44: =K44/O44 -> -136.37237 | S44: =L44/O44 -> 8615.8521 | U44: =IF(D44="H",S44,0) -> 0 | V44: =ROUND(IF(E44=1,S44,0),2) -> 0 | W44: =IF(AND(U44=0,V44=0),S44,) -> 8615.8521
A45: 40 | B45: 4061 | C45: Franklin Academy - Palm Beach Gardens | D45: ='[2]4061'!G$135 -> 0 | E45: ='[2]4061'!H$133 | F45: =-K45/I45 -> 0.012371884 | G45: =-K45/J45 -> 0.012996194 | I45: ='4061'!$J$107 -> 8461582.2 | J45: ='4061'!$J$109 -> 8055105.2 | K45: ='4061'!$J$114 -> -104685.71 | L45: ='4061'!$J$116 -> 8356896.5 | M45: ='4061'!$J$124 -> 697323.13 | O45: {='4061'!E28:F28} -> 961.82 | P45: 0 | Q45: =I45/O45 -> 8797.4695 | R45: =K45/O45 -> -108.84127 | S45: =L45/O45 -> 8688.6283 | U45: =IF(D45="H",S45,0) -> 0 | V45: =ROUND(IF(E45=1,S45,0),2) -> 0 | W45: =IF(AND(U45=0,V45=0),S45,) -> 8688.6283
A46: 41 | B46: 4080 | C46: University Preparatory Academy | D46: ='[2]4080'!G$135 -> 0 | E46: ='[2]4080'!H$133
A47: 42 | B47: 4081 | C47: Florida Futures Academy - North Campus | D47: ='[2]4081'!G$135 -> 0 | E47: ='[2]4081'!H$133 | F47: =-K47/I47 -> 0.047624134 | G47: =-K47/J47 -> 0.05 | I47: ='4081'!$J$107 -> 1065650.2 | J47: ='4081'!$J$109 -> 1015013.4 | K47: ='4081'!$J$114 -> -50750.67 | L47: ='4081'!$J$116 -> 1014899.6 | M47: ='4081'!$J$124 -> 84667.61 | O47: {='4081'!E28:F28} -> 128.28 | P47: 0 | Q47: =I47/O47 -> 8307.2205 | R47: =K47/O47 -> -395.62418 | S47: =L47/O47 -> 7911.5963 | U47: =IF(D47="H",S47,0) -> 0 | V47: =ROUND(IF(E47=1,S47,0),2) -> 0 | W47: =IF(AND(U47=0,V47=0),S47,) -> 7911.5963
A48: 43 | B48: 4090 | C48: Sports Leadership Academy (SLAM) | D48: ='[2]4090'!G$135 -> 0 | E48: ='[2]4090'!H$133 | F48: =-K48/I48 -> 0.042764863 | G48: =-K48/J48 -> 0.044960793 | I48: ='4090'!$J$107 -> 2320068.2 | J48: ='4090'!$J$109 -> 2206753.8 | K48: ='4090'!$J$114 -> -99217.4 | L48: ='4090'!$J$116 -> 2220850.9 | M48: ='4090'!$J$124 -> 185341.43 | O48: {='4090'!E28:F28} -> 278.02 | P48: 0 | Q48: =I48/O48 -> 8344.9689 | R48: =K48/O48 -> -356.87145 | S48: =L48/O48 -> 7988.0974 | U48: =IF(D48="H",S48,0) -> 0 | V48: =ROUND(IF(E48=1,S48,0),2) -> 0 | W48: =IF(AND(U48=0,V48=0),S48,) -> 7988.0974
A49: 44 | B49: 4091 | C49: Somerset Academy Lakes | D49: ='[2]4091'!G$135 -> 0 | E49: ='[2]4091'!H$133 | F49: =-K49/I49 -> 0.029796643 | G49: =-K49/J49 -> 0.031333032 | I49: ='4091'!$J$107 -> 3570225.7 | J49: ='4091'!$J$109 -> 3395162.7 | K49: ='4091'!$J$114 -> -106380.74 | L49: ='4091'!$J$116 -> 3463844.9 | M49: ='4091'!$J$124 -> 288895.8 | O49: {='4091'!E28:F28} -> 398.94 | P49: 0 | Q49: =I49/O49 -> 8949.2798 | R49: =K49/O49 -> -266.6585 | S49: =L49/O49 -> 8682.6213 | U49: =IF(D49="H",S49,0) -> 0 | V49: =ROUND(IF(E49=1,S49,0),2) -> 0 | W49: =IF(AND(U49=0,V49=0),S49,) -> 8682.6213
A50: 45 | B50: 4100 | C50: Connections Education Center of the PBs | D50: ='[2]4100'!G$135 -> 0 | E50: ='[2]4100'!H$133 -> 1 | F50: =-K50/I50 -> 0.01000549 | G50: =-K50/J50 -> 0.010543585 | I50: ='4100'!$J$107 -> 3884034.6 | J50: ='4100'!$J$109 -> 3685812 | K50: ='4100'!$J$114 -> -38861.67 | L50: ='4100'!$J$116 -> 3845173 | M50: ='4100'!$J$124 -> 321124.13 | O50: {='4100'!E28:F28} -> 101 | P50: 0 | Q50: =I50/O50 -> 38455.788 | R50: =K50/O50 -> -384.76901 | S50: =L50/O50 -> 38071.019 | U50: =IF(D50="H",S50,0) -> 0 | V50: =ROUND(IF(E50=1,S50,0),2) -> 38071.02 | W50: =IF(AND(U50=0,V50=0),S50,) -> 0
A51: 46 | B51: 4102 | C51: BridgePrep Academy of Palm Beach | D51: ='[2]4102'!G$135 -> 0 | E51: ='[2]4102'!H$133 | F51: =-K51/I51 -> 0.048054643 | G51: =-K51/J51 -> 0.05 | I51: ='4102'!$J$107 -> 1566972.6 | J51: ='4102'!$J$109 -> 1506006.2 | K51: ='4102'!$J$114 -> -75300.31 | L51: ='4102'!$J$116 -> 1491672.3 | M51: ='4102'!$J$124 -> 129838.42 | O51: {='4102'!E28:F28} -> 181 | P51: 0 | Q51: 0 | R51: 0 | S51: 0 | U51: =IF(D51="H",S51,0) -> 0 | V51: =ROUND(IF(E51=1,S51,0),2) -> 0 | W51: =IF(AND(U51=0,V51=0),S51,) -> 0
A52: 47 | B52: 4103 | C52: SLAM Boca | D52: ='[2]4103'!G$135 -> 0 | E52: ='[2]4103'!H$133 | F52: =IF(I52=0,0,-K52/I52) -> 0.012223762 | G52: =-K52/J52 -> 0.012826302 | I52: ='4103'!$J$107 -> 8456080.3 | J52: ='4103'!$J$109 -> 8058839.9 | K52: ='4103'!$J$114 -> -103365.11 | L52: ='4103'!$J$116 -> 8352715.2 | M52: ='4103'!$J$124 -> 702200.36 | O52: {='4103'!E28:F28} -> 974.56 | P52: 0 | Q52: =IF(O52=0,0,I52/O52) -> 8676.8186 | R52: =IF(O52=0,0,K52/O52) -> -106.06336 | S52: =IF(O52=0,0,L52/O52) -> 8570.7552 | U52: =IF(D52="H",S52,0) -> 0 | V52: =ROUND(IF(E52=1,S52,0),2) -> 0 | W52: =IF(AND(U52=0,V52=0),S52,) -> 8570.7552
A53: 48 | B53: 4111 | C53: SLAM HS Palm Beach | D53: ='[2]4111'!G$135 -> 0 | E53: ='[2]4111'!H$133 | F53: =IF(I53=0,0,-K53/I53) -> 0.038731117 | G53: =-K53/J53 -> 0.040711308 | I53: ='4111'!$J$107 -> 2552384.5 | J53: ='4111'!$J$109 -> 2428236.9 | K53: ='4111'!$J$114 -> -98856.7 | L53: ='4111'!$J$116 -> 2453527.8 | M53: ='4111'!$J$124 -> 205064.94 | O53: {='4111'!E28:F28} -> 307.04 | P53: 0 | Q53: =IF(O53=0,0,I53/O53) -> 8312.8728 | R53: =IF(O53=0,0,K53/O53) -> -321.96684 | S53: =IF(O53=0,0,L53/O53) -> 7990.9059 | U53: =IF(D53="H",S53,0) -> 0 | V53: =ROUND(IF(E53=1,S53,0),2) -> 0 | W53: =IF(AND(U53=0,V53=0),S53,) -> 7990.9059
A54: 49 | B54: 4131 | C54: Somerset Academy Wellington HS | D54: ='[2]4103'!G$135 -> 0 | E54: ='[2]4103'!H$133 | F54: =IF(I54=0,0,-K54/I54) -> 0.04759152 | G54: =-K54/J54 -> 0.049999995 | I54: ='4131'!$J$107 -> 853720.57 | J54: ='4131'!$J$109 -> 812597.28 | K54: ='4131'!$J$114 -> -40629.86 | L54: ='4131'!$J$116 -> 813090.71 | M54: ='4131'!$J$124 -> 67991.27 | O54: {='4131'!E28:F28} -> 103.02 | P54: 0 | Q54: =IF(O54=0,0,I54/O54) -> 8286.9401 | R54: =IF(O54=0,0,K54/O54) -> -394.38808 | S54: =IF(O54=0,0,L54/O54) -> 7892.552 | U54: =IF(D54="H",S54,0) -> 0 | V54: =ROUND(IF(E54=1,S54,0),2) -> 0 | W54: =IF(AND(U54=0,V54=0),S54,) -> 7892.552
D56: =COUNTIF(D8:D55,"H") -> 11 | E56: =SUM(E8:E55) -> 9 | F56: =-K56/I56 -> 0.015253978 | G56: =-K56/J56 -> 0.016009373 | I56: =SUM(I6:I55) -> 2.1043307e+08 | J56: =SUM(J6:J55) -> 2.0050389e+08 | K56: =SUM(K6:K55) -> -3209941.4 | L56: =SUM(L6:L55) -> 2.0722312e+08 | M56: =SUM(M6:M55) -> 17349100 | O56: =SUM(O6:O55) -> 21439.56 | Q56: =SUM(Q6:Q55) -> 554431.01 | R56: =K56/O56 -> -149.72049 | S56: =L56/O56 -> 9665.456 | U56: =AVERAGEIF(U8:U53,"<>0") -> 8784.3704 | V56: =AVERAGEIF(V8:V53,"<>0") -> 26448.809 | W56: =AVERAGEIF(W6:W54,"<>0") -> 9066.0611
O57: =O56-[2]Consolidated!E32 -> 37
C58: Consolidated tab totals | I58: =Consolidated!I142 -> 2.1043307e+08 | J58: =Consolidated!I144 -> 2.0050389e+08 | K58: =Consolidated!I155 -> -3209941.4 | L58: =I58+K58 -> 2.0722312e+08 | M58: =Consolidated!I159 -> 17349100
C60: Difference | I60: =I58-I56 -> 0 | J60: =J58-J56 -> 0 | K60: =K58-K56 -> 0 | L60: =L58-L56 -> 0 | M60: =M58-M56 -> 0

Sheet Charter Schools
B1: Palm Beach County Charter Schools
B3: Sorted by School Number | E3: Sorted by School Name
B4: Dept # | C4: Charter School Name | E4: Dept # | F4: Charter School Name
A5: 1 | B5: 0040 | C5: PALM BEACH PREPARATORY ACADEMY MS | E5: 3400 | F5: Believers Academy
A6: 2 | B6: 0100 | C6: THE LEARNING CENTER HS | E6: 3941 | F6: Ben Gamla Charter School | I6: 3391 Seagull Academy for Independent Living and 2531 Potentials Charter School merged in FY 25 and changed their name to Bodwell Academy
A7: 3 | B7: 1461 | C7: Inlet Grove Community High School | E7: 4102 | F7: BridgePrep Academy of PB
A8: 4 | B8: 1571 | C8: South Tech Charter Academy | E8: 4100 | F8: Connections Education Center of the Palm Beaches
A9: 5 | B9: 2521 | C9: Ed Venture | E9: 2521 | F9: Ed Venture | I9: 3961 Garden School of Technology is closing for FY 26.
A10: 6 | B10: 2531 | C10: Bodwell Academy (formerly - Potentials Charter School) | E10: 3398 | F10: Everglades Preparatory Academy | I10: 4080 University Prep is closed for FY 26
A11: 7 | B11: 2791 | C11: The Learning Center at The Els Center of Excellence | E11: 4081 | F11: Florida Futures Academy - North Campus
A12: 8 | B12: 2801 | C12: Palm Beach Maritime Academy Elementary | E12: 4020 | F12: Franklin Academy - Boynton Beach
A13: 9 | B13: 2911 | C13: Western Academy Charter School | E13: 4061 | F13: Franklin Academy - Palm Beach Gardens | I13: New Schools
A14: 10 | B14: 2941 | C14: Palm Beach School for Autism | E14: 3961 | F14: Gardens School of Technology Arts | I14: 0040 | J14: PALM BEACH PREPARATORY ACADEMY MS
A15: 11 | B15: 3083 | C15: The Learning Academy at The Els Center of Excellence | E15: 3382 | F15: Glades Academy | I15: 0100 | J15: THE LEARNING CENTER HS
A16: 12 | B16: 3345 | C16: Career Academy of the Palm Beaches | E16: 3396 | F16: G-Star School of the Arts for Motion Pictures and Television | I16: 3362 | J16: Somserset Avenir
A17: 13 | B17: 3362 | C17: Somerset Avenir | E17: 3345 | F17: Career Academy of the Palm Beaches
A18: 14 | B18: 3381 | C18: Imagine Schools - Chancellor Campus | E18: 3381 | F18: Imagine Schools - Chancellor Campus
A19: 15 | B19: 3382 | C19: Glades Academy | E19: 1461 | F19: Inlet Grove Community High School
A20: 16 | B20: 3391 | C20: Seagull Academy for Independent Living | E20: 3394 | F20: Montessori Academy of Early Enrichment
A21: 17 | B21: 3394 | C21: Montessori Academy of Early Enrichment | E21: 4030 | F21: Olympus International Academy
A22: 18 | B22: 3395 | C22: Somerset Academy JFK Charter School | E22: 2801 | F22: Palm Beach Maritime Academy Elementary
A23: 19 | B23: 3396 | C23: G-Star School of the Arts for Motion Pictures and Television | E23: 3924 | F23: Palm Beach Maritime Academy Secondary
A24: 20 | B24: 3398 | C24: Everglades Preparatory Academy | E24: 3971 | F24: Palm Beach Preparatory Charter Academy
A25: 21 | B25: 3400 | C25: Believers Academy | E25: 0040 | F25: PALM BEACH PREPARATORY ACADEMY MS
A26: 22 | B26: 3401 | C26: Quantum High School | E26: 2941 | F26: Palm Beach School for Autism
A27: 23 | B27: 3413 | C27: Somerset Academy Boca | E27: 2531 | F27: Potentials Charter School
A28: 24 | B28: 3421 | C28: Worthington High School | E28: 3401 | F28: Quantum High School
A29: 25 | B29: 3431 | C29: Renaissance Charter School at WPB | E29: 4051 | F29: Renaissance Charter School at Central Palm
... A34: 30 | B34: 3971 | C34: Palm Beach Preparatory Charter Academy | E34: 3391 | F34: Seagull Academy for Independent Living
A35: 31 | B35: 4001 | C35: Renaissance Charter School at Wellington | E35: 4111 | F35: SLAM HS Palm Beach
A36: 32 | B36: 4002 | C36: Renaissance Charter School at Summit | E36: 3362 | F36: Somerset Avenir
A37: 33 | B37: 4012 | C37: Somerset Academy Canyons Middle School | E37: 3413 | F37: Somerset Academy Boca
A38: 34 | B38: 4013 | C38: Somerset Academy Canyons High School | E38: 4041 | F38: Somerset Academy Boca Middle School
A39: 35 | B39: 4020 | C39: Franklin Academy - Boynton Beach | E39: 4013 | F39: Somerset Academy Canyons High School
A40: 36 | B40: 4030 | C40: Olympus International Academy | E40: 4012 | F40: Somerset Academy Canyons Middle School
A41: 37 | B41: 4031 | C41: Somerset Academy Wellington | E41: 3395 | F41: Somerset Academy JFK Charter School
A42: 38 | B42: 4041 | C42: Somerset Academy Boca Middle School | E42: 4091 | F42: Somerset Academy Lakes
A43: 39 | B43: 4050 | C43: Renaissance Charter School at Cypress | E43: 4031 | F43: Somerset Academy Wellington
A44: 40 | B44: 4051 | C44: Renaissance Charter School at Central Palm | E44: 4131 | F44: Somerset Academy Wellington HS
A45: 41 | B45: 4061 | C45: Franklin Academy - Palm Beach Gardens | E45: 1571 | F45: South Tech Charter Academy
A46: 42 | B46: 4080 | C46: University Prep Palm Beach | E46: 3441 | F46: South Tech Preparatory Academy (Middle School)
A47: 43 | B47: 4081 | C47: Florida Futures Academy - North Campus | E47: 4090 | F47: Sports Leadership & Management (SLAM) MS
A48: 44 | B48: 4090 | C48: Sports Leadership & Management (SLAM) MS | E48: 4103 | F48: Sports Leadership Arts Management (SLAM) Acdemy MHS (Boca)
A49: 45 | B49: 4091 | C49: Somerset Academy Lakes | E49: 3083 | F49: The Learning Academy at The Els Center of Excellence
A50: 46 | B50: 4100 | C50: Connections Education Center of the Palm Beaches | E50: 0100 | F50: The Learning Center High School
A51: 47 | B51: 4102 | C51: BridgePrep Academy of PB | E51: 2791 | F51: The Learning Center at The Els Center of Excellence
A52: 48 | B52: 4103 | C52: Sports Leadership Arts Management (SLAM) Acdemy MHS (Boca) | E52: 4080 | F52: University Prep Palm Beach
A53: 49 | B53: 4111 | C53: SLAM HS Palm Beach | E53: 2911 | F53: Western Academy Charter School
A54: 50 | B54: 4131 | C54: Somerset Academy Wellington HS | E54: 3421 | F54: Worthington High School

Sheet Consolidated
B1: (Insert district number in cell A1, enter, then strike F9. Your district data then pulls from Calculation Detail Sheets)
A2: Revenue Estimate Worksheet: All Charter Schools (Consolidated Tab)
A3: ='[2]1461'!A3 -> Based on the FLDOE 2025-26 FEFP Calculation
A4: School District: | C4: Palm Beach | F4: September 2025
A7: 1A. 2025-26 FEFP State and Local Funding
B8: Base Student Allocation: | C8: ='[2]1461'!C8 -> 5372.6 | G8: District Cost Differential: | H8: ='[2]1461'!H8 -> 1.0355
G9: Small District Factor: | H9: ='[2]1461'!H9 -> 1
I10: ='[2]1461'!I10 -> 2025-26
C11: ='[2]1461'!C11 -> Oct 2024 | D11: ='[2]1461'!D11 -> Feb 2025 | E11: Total | F11: Program | H11: Weighted FTE | I11: Base Funding
A12: Program | C12: ='[2]1461'!C12 -> FTE | D12: ='[2]1461'!D12 -> FTE | E12: FTE | F12: Cost Factor | H12: (2) x (3) | I12: (WFTE x BSA x CWF x SDF)
A13: (1) | E13: (2) | F13: (3) | H13: (4) | I13: (5)
A14: 101 Basic K-3 | C14: =SUM('0040:4131'!C12) -> 2060.02 | D14: =SUM('0040:4131'!D12) -> 0 | E14: =SUM('0040:4131'!E12) -> 4120.04 | F14: ='1461'!G12:G12 -> 1.108 | H14: =SUM('0040:4131'!I12) -> 4565.0043 | I14: =SUM('0040:4131'!J12) -> 25396613
A15: 111 Basic K-3 with ESE Services | C15: =SUM('0040:4131'!C13) -> 288 | D15: =SUM('0040:4131'!D13) -> 0 | E15: =SUM('0040:4131'!E13) -> 576 | F15: ='1461'!G13:G13 -> 1.108 | H15: =SUM('0040:4131'!I13) -> 638.208 | I15: =SUM('0040:4131'!J13) -> 3550560
A16: 102 Basic 4-8 | C16: =SUM('0040:4131'!C14) -> 3225.28 | D16: =SUM('0040:4131'!D14) -> 0 | E16: =SUM('0040:4131'!E14) -> 6450.56 | F16: ='1461'!G14:G14 -> 1 | H16: =SUM('0040:4131'!I14) -> 6450.56 | I16: =SUM('0040:4131'!J14) -> 35886577
A17: 112 Basic 4-8 with ESE Services | C17: =SUM('0040:4131'!C15) -> 580.06 | D17: =SUM('0040:4131'!D15) -> 0 | E17: =SUM('0040:4131'!E15) -> 1160.12 | F17: ='1461'!G15:G15 -> 1 | H17: =SUM('0040:4131'!I15) -> 1160.12 | I17: =SUM('0040:4131'!J15) -> 6454127.3
A18: 103 Basic 9-12 | C18: =SUM('0040:4131'!C16) -> 2242.3 | D18: =SUM('0040:4131'!D16) -> 0 | E18: =SUM('0040:4131'!E16) -> 4484.6 | F18: ='1461'!G16:G16 -> 0.972 | H18: =SUM('0040:4131'!I16) -> 4359.0313 | I18: =SUM('0040:4131'!J16) -> 24250718
A19: 113 Basic 9-12 with ESE Services | C19: =SUM('0040:4131'!C17) -> 626.99 | D19: =SUM('0040:4131'!D17) -> 0 | E19: =SUM('0040:4131'!E17) -> 1253.98 | F19: ='1461'!G17:G17 -> 0.972 | H19: =SUM('0040:4131'!I17) -> 1218.8686 | I19: =SUM('0040:4131'!J17) -> 6780965
A20: 254 ESE Level 4 (Grade Level PK-3) | C20: =SUM('0040:4131'!C18) -> 91.5 | D20: =SUM('0040:4131'!D18) -> 0 | E20: =SUM('0040:4131'!E18) -> 183 | F20: ='1461'!G18:G18 -> 3.609 | H20: =SUM('0040:4131'!I18) -> 660.447 | I20: =SUM('0040:4131'!J18) -> 3674282.8
A21: 254 ESE Level 4 (Grade Level 4-8) | C21: =SUM('0040:4131'!C19) -> 79 | D21: =SUM('0040:4131'!D19) -> 0 | E21: =SUM('0040:4131'!E19) -> 158 | F21: ='1461'!G19:G19 -> 3.609 | H21: =SUM('0040:4131'!I19) -> 570.222 | I21: =SUM('0040:4131'!J19) -> 3172331.6
A22: 254 ESE Level 4 (Grade Level 9-12) | C22: =SUM('0040:4131'!C20) -> 57.93 | D22: =SUM('0040:4131'!D20) -> 0 | E22: =SUM('0040:4131'!E20) -> 115.86 | F22: ='1461'!G20:G20 -> 3.609 | H22: =SUM('0040:4131'!I20) -> 418.1387 | I22: =SUM('0040:4131'!J20) -> 2326242.5
A23: 255 ESE Level 5 (Grade Level PK-3) | C23: =SUM('0040:4131'!C21) -> 50.5 | D23: =SUM('0040:4131'!D21) -> 0 | E23: =SUM('0040:4131'!E21) -> 101 | F23: ='1461'!G21:G21 -> 6.064 | H23: =SUM('0040:4131'!I21) -> 612.464 | I23: =SUM('0040:4131'!J21) -> 3407337.7
A24: 255 ESE Level 5 (Grade Level 4-8) | C24: =SUM('0040:4131'!C22) -> 50.5 | D24: =SUM('0040:4131'!D22) -> 0 | E24: =SUM('0040:4131'!E22) -> 101 | F24: ='1461'!G22:G22 -> 6.064 | H24: =SUM('0040:4131'!I22) -> 612.464 | I24: =SUM('0040:4131'!J22) -> 3407337.7
A25: 255 ESE Level 5 (Grade Level 9-12) | C25: =SUM('0040:4131'!C23) -> 40 | D25: =SUM('0040:4131'!D23) -> 0 | E25: =SUM('0040:4131'!E23) -> 80 | F25: ='1461'!G23:G23 -> 6.064 | H25: =SUM('0040:4131'!I23) -> 485.12 | I25: =SUM('0040:4131'!J23) -> 2698881.3
... A29: 300 Career Education (Grades 9-12) | C29: =SUM('0040:4131'!C27) -> 287.03 | D29: =SUM('0040:4131'!D27) -> 0 | E29: =SUM('0040:4131'!E27) -> 574.06 | F29: ='1461'!G27:G27 -> 1.081 | H29: =SUM('0040:4131'!I27) -> 620.5587 | I29: =SUM('0040:4131'!J27) -> 3452371.2
A30: Totals non-virtual schools | C30: =SUM(C14:C29) -> 10719.78 | D30: =SUM(D14:D29) -> 0 | E30: =SUM(E14:E29) -> 21439.56 | H30: =SUM('0040:4131'!I28) -> 24795.968 | I30: =SUM('0040:4131'!J28) -> 1.3794808e+08
A31: Virtual schools ($5,476.28/FTE) | C31: =SUM('0040:4131'!C29) -> 0 | D31: =SUM('0040:4131'!D29) -> 0 | E31: =IF(D$30=0,C31*2,C31+D31) -> 0 | F31: ='1461'!G29:G29 -> 0 | H31: =ROUND(E31*F31,4) -> 0 | I31: =[2]Virtual!E28 -> 0
A32: Totals all schools | C32: =SUM(C30:C31) -> 10719.78 | D32: =SUM(D30:D31) -> 0 | E32: =SUM(E30:E31) -> 21439.56 | I32: =SUM('0040:4131'!J30) -> 0
A34: Letters in Parentheses Refer to Notes at Bottom of Worksheet:
I36: 2018-19
C37: =C11 -> Oct 2024 | D37: =D11 -> Feb 2025 | E37: Total | I37: Base Funding
A38: Additional FTE (a) | C38: FTE | D38: FTE | E38: FTE | I38: (WFTE x BSA x DCD)
A39: Advanced Placement | C39: =SUM('[2]1461:4111'!C38) -> 0 | D39: =SUM('[2]1461:4111'!D38) -> 0 | E39: =SUM('[2]1461:4111'!E38) -> 0 | I39: =SUM('[2]1461:4111'!I38) -> 0
A40: International Baccalaureate | C40: =SUM('[2]1461:4111'!C39) -> 0 | D40: =SUM('[2]1461:4111'!D39) -> 0 | E40: =SUM('[2]1461:4111'!E39) -> 0 | I40: =SUM('[2]1461:4111'!I39) -> 0
A41: Advanced International Certificate | C41: =SUM('[2]1461:4111'!C40) -> 0 | D41: =SUM('[2]1461:4111'!D40) -> 0 | E41: =SUM('[2]1461:4111'!E40) -> 0 | I41: =SUM('[2]1461:4111'!I40) -> 0
A42: Industry Certified Career Education | C42: =SUM('[2]1461:4111'!C41) -> 0 | D42: =SUM('[2]1461:4111'!D41) -> 0 | E42: =SUM('[2]1461:4111'!E41) -> 0 | I42: =SUM('[2]1461:4111'!I41) -> 0
A43: Early High School Graduation | C43: =SUM('[2]1461:4111'!C42) -> 0 | D43: =SUM('[2]1461:4111'!D42) -> 0 | E43: =SUM('[2]1461:4111'!E42) -> 0 | I43: =SUM('[2]1461:4111'!I42) -> 0
A44: Small District ESE Supplement | C44: =SUM('[2]1461:4111'!C43) -> 0 | D44: =SUM('[2]1461:4111'!D43) -> 0 | E44: =SUM('[2]1461:4111'!E43) -> 0 | I44: =SUM('[2]1461:4111'!I43) -> 0
B45: Total Additional FTE | C45: =SUM(C39:C44) -> 0 | D45: =SUM(D39:D44) -> 0 | E45: =SUM(E39:E44) -> 0 | H45: Additional Base Funds | I45: =SUM(I39:I44) -> 0
B47: Total Funded Weighted FTE | E47: =H30+E45 -> 24795.968 | H47: Total Base Funding | I47: =SUM(I45,I32) -> 0
A50: 1B. Classroom Teacher & Other Instructional Personnel Salary Increase
A51: Maintenance and Growth Portions of the Salary Increase funds are part of the total Base Funding and are not treated as a separate allocation.
A52: Amounts are split out here for informative purposes and for the purposes of providing a total that may be used for calculating the adminstrative fee.
B53: Maintenance Portion (6.67% of Conference Funding) | E53: (g) (k) | F53: =SUM('0040:4131'!G36) -> 1.37714e+08 | G53: x | H53: 0.0667 | I53: =SUM('0040:4131'!J36) -> 9185523.9 | K53: =F53*H53 -> 9185523.9
B54: Growth Portion (0.54% of Conference Funding) | E54: (g) (k) | F54: =SUM('0040:4131'!G37) -> 1.37714e+08 | G54: x | H54: 0.0054 | I54: =SUM('0040:4131'!J37) -> 743655.58 | K54: =F54*0.0054 -> 743655.61
B55: Total Salary Increase | I55: =SUM(I53:I54) -> 9929179.5
C57: =C11 -> Oct 2024 | D57: =D11 -> Feb 2025 | E57: Total | F57: Grade | G57: Matrix | H57: Guarantee
A58: 2. ESE Guaranteed Allocation: | C58: =C12 -> FTE | D58: =D12 -> FTE | E58: FTE | F58: Level | G58: Level | H58: Per Student
A59: Additional Funding from the ESE Guaranteed Allocation. Enter the FTE from 111,112 and 113 by grade and matrix level. Students who do not have a matrix level should be considered 251. This total should equal all FTE from programs 111, 112 and 113 above. | C59: =SUM('0040:4131'!C41) -> 226 | D59: =SUM('0040:4131'!D41) -> 0 | E59: =SUM('0040:4131'!E41) -> 452 | F59: PK-3 | G59: 251 | H59: ='0040'!I41 -> 1047 | I59: =SUM('0040:4131'!J41) -> 473244
C60: =SUM('0040:4131'!C42) -> 45.5 | D60: =SUM('0040:4131'!D42) -> 0 | E60: =SUM('0040:4131'!E42) -> 91 | F60: PK-3 | G60: 252 | H60: ='0040'!I42 -> 3380 | I60: =SUM('0040:4131'!J42) -> 307580
C61: =SUM('0040:4131'!C43) -> 16.5 | D61: =SUM('0040:4131'!D43) -> 0 | E61: =SUM('0040:4131'!E43) -> 33 | F61: PK-3 | G61: 253 | H61: ='0040'!I43 -> 6896 | I61: =SUM('0040:4131'!J43) -> 227568
C62: =SUM('0040:4131'!C44) -> 504.01 | D62: =SUM('0040:4131'!D44) -> 0 | E62: =SUM('0040:4131'!E44) -> 1008.02 | F62: 4-8 | G62: 251 | H62: ='0040'!I44 -> 1173 | I62: =SUM('0040:4131'!J44) -> 1182407.5
C63: =SUM('0040:4131'!C45) -> 63.05 | D63: =SUM('0040:4131'!D45) -> 0 | E63: =SUM('0040:4131'!E45) -> 126.1 | F63: 4-8 | G63: 252 | H63: ='0040'!I45 -> 3506 | I63: =SUM('0040:4131'!J45) -> 442106.6
C64: =SUM('0040:4131'!C46) -> 13 | D64: =SUM('0040:4131'!D46) -> 0 | E64: =SUM('0040:4131'!E46) -> 26 | F64: 4-8 | G64: 253 | H64: ='0040'!I46 -> 7023 | I64: =SUM('0040:4131'!J46) -> 182598
C65: =SUM('0040:4131'!C47) -> 431.95 | D65: =SUM('0040:4131'!D47) -> 0 | E65: =SUM('0040:4131'!E47) -> 863.9 | F65: 9-12 | G65: 251 | H65: ='0040'!I47 -> 835 | I65: =SUM('0040:4131'!J47) -> 721356.5
C66: =SUM('0040:4131'!C48) -> 80.87 | D66: =SUM('0040:4131'!D48) -> 0 | E66: =SUM('0040:4131'!E48) -> 161.74 | F66: 9-12 | G66: 252 | H66: ='0040'!I48 -> 3168 | I66: =SUM('0040:4131'!J48) -> 512392.32
C67: =SUM('0040:4131'!C49) -> 114.17 | D67: =SUM('0040:4131'!D49) -> 0 | E67: =SUM('0040:4131'!E49) -> 228.34 | F67: 9-12 | G67: 253 | H67: ='0040'!I49 -> 6685 | I67: =SUM('0040:4131'!J49) -> 1526452.9
C68: =SUM(C59:C67) -> 1495.05 | D68: =SUM(D59:D67) -> 0 | E68: =SUM(E59:E67) -> 2990.1 | F68: Total ESE Guarantee | I68: =SUM(I59:I67) -> 5575705.8
A70: 3A. Divide school's Unweighted FTE (UFTE) total computed in Section 1, cell E30 above by the district's total UFTE to obtain school's
A71: UFTE share. CS UFTE: | C71: =SUM('0040:4131'!E53) -> 20693.18 | D71: ÷ District's total UFTE | H71: ='0040'!I53 -> 215320.92
G72: = | H72: =ROUND(C71/H71,6) -> 0.096104
A73: 3B. Divide school's Weighted FTE (WFTE) total computed in Section 1, cell H30 above by the district's total WFTE to obtain school's
A74: WFTE share. CS WFTE: | C74: =SUM('0040:4131'!E56) -> 24026.466 | D74: ÷ District's total WFTE | H74: ='0040'!I56 -> 229051.25
G75: = | H75: =ROUND(C74/H74,6) -> 0.104896
A76: 3C. Divide school's Unweighted FTE (UFTE) total computed in Section 1, cell E30 above by the District's total non-scholarship UFTE to obtain school's
A77: UFTE share. CS UFTE: | C77: =SUM('0040:4131'!E59) -> 20693.18 | D77: ÷ District's total non-scholarship UFTE | H77: ='0040'!I59 -> 186156.17
G78: = | H78: =ROUND(C77/H77,6) -> 0.11116
A79: 3D. Divide school's Unweighted FTE (UFTE) total computed in Section 1, cell E30 above by the District's total non-virtual UFTE to obtain school's
A80: UFTE share. CS UFTE: | C80: =SUM('0040:4131'!E62) -> 20693.18 | D80: ÷ District's total non-virtual UFTE | H80: ='0040'!I62 -> 215016.58
G81: = | H81: =ROUND(C80/H80,6) -> 0.09624
A82: 3E. Divide school's Unweighted FTE (UFTE) total computed in Section 1, cell E30 above by the district's total non-scholarship/virtual UFTE to obtain
A83: school's UFTE share. CS UFTE: | C83: =SUM('0040:4131'!E65) -> 20693.18 | D83: ÷ Dististict's total non-scholarship/virtual UFTE | H83: ='0040'!I65 -> 185851.83
G84: = | H84: =ROUND(C83/H83,6) -> 0.111342
A86: 4. Educational Enrichment Share (Non-virtual UFTE share) | E86: (e) | F86: ='0040'!G68 -> 47290747 | G86: x | H86: =H81 -> 0.09624 | I86: =SUM('0040:4131'!J68) -> 4715407.7 | K86: =F86*H86 -> 4551261.5 | L86: =I86-K86 -> 164146.22
A88: 5. Discretionary Millage Compression Allocation
A89: .748 Mills (UFTE share) | E89: (b) | F89: ='0040'!G70 -> 0 | G89: x | H89: =H72 -> 0.096104 | I89: =SUM('[2]0040:4131'!I88) -> 0
A91: 6. Safe Schools Allocation (Non-scholarship/virtual UFTE share) | E91: (f) | F91: ='0040'!G71 -> 19167881 | G91: x | H91: =H84 -> 0.111342 | I91: =SUM('0040:4131'!J71) -> 2211130.1 | K91: =F91*H91 -> 2134190.2 | L91: =I91-K91 -> 76939.864
K92: =F92*H92 -> 0 | L92: =I92-K92 -> 0
A93: 7. Mental Health Assistance Allocation (Non-scholarship UFTE share) | E93: (b) | F93: ='0040'!G72 -> 11546889 | G93: x | H93: =H78 -> 0.11116 | I93: =SUM('0040:4131'!J72) -> 1329820.6 | K93: =F93*H93 -> 1283552.2 | L93: =I93-K93 -> 46268.379
A95: 8. Academic Acceleration Options Supplement (Value share) | F95: (g) | R95: Acceleration Value | T95: Acceleration Value Charter schools should contact their school district sponsor regarding eligible value. Please note that “Acceleration Value” is NOT equivalent to number of students enrolled in these courses or programs. Please refer to footnote (a) below.
A96: Acceleration Value | E96: Acceleration Value Charter schools should contact their school district sponsor regarding eligible value. Please note that “Acceleration Value” is NOT equivalent to number of students enrolled in these courses or programs. Please refer to footnote (g) below. | R96: Advanced Placement
A97: Advanced Placement | J97: =SUM('0040:4131'!J75) -> 79.04 | R97: International Baccalaureate
A98: International Baccalaureate | J98: =SUM('0040:4131'!J76) -> 26.72 | R98: Advanced International Certificate
A99: Advanced International Certificate | J99: =SUM('0040:4131'!J77) -> 183.74 | R99: Industry Certified Career Education
A100: Industry Certified Career Education | J100: =SUM('0040:4131'!J78) -> 249.5 | R100: Early High School Graduation
A101: Early High School Graduation | J101: =SUM('0040:4131'!J79) -> 11.5 | R101: Dual Enrollment
A102: Dual Enrollment | J102: =SUM('0040:4131'!J80) -> 43.36 | X102: School total value | Y102: =SUM(Y96:Y101) -> 0
I103: School total value | J103: =SUM(J97:J102) -> 593.86 | X103: District total value | Y103: =J104 -> 11461.43
I104: District total value | J104: ='0040'!J82 -> 11461.43
R105: School Academic Acceleration Option Supplement | V105: =F106 -> 63269727 | W105: x | X105: =IFERROR(ROUND(Y102/Y103,6),0) -> 0 | Y105: =ROUND(V105*X105,2) -> 0
A106: School Academic Acceleration Option Supplement | F106: ='0040'!G84 -> 63269727 | H106: x | I106: =IFERROR(ROUND(J103/J104,6),0) -> 0.051814 | J106: =ROUND(F106*I106,2) -> 3278257.6 | R106: 9. ESE Guaranteed Allocation
A108: 9. Discretionary Local Effort (WFTE share) | E108: (c) | F108: ='0040'!G85 -> 268816278 | G108: x | H108: =H75 -> 0.104896 | I108: =SUM('0040:4131'!J85) -> 29099900 | K108: =F108*H108 -> 28197752 | L108: =I108-K108 -> 902147.41
I109: =SUM('[2]0040:4131'!I95) -> 0
A110: 10. Proration to Funds Available (WFTE share) | E110: (c) | F110: ='[2]1461'!F96 -> 0 | G110: x | H110: =H75 -> 0.104896 | I110: =SUM('[2]0040:4131'!I96) -> 0
A112: 11. Educational Enrollment Stabilization Program (UFTE Share) | E112: (b) | F112: ='[2]1461'!F98 -> 0 | G112: x | H112: =H72 -> 0.096104 | I112: =SUM('[2]0040:4131'!I98) -> 0
A115: 12. Class Size Reduction Funds:
C116: Weighted FTE | F116: Allocation
C117: (not including Add-On) | E117: X CWF X | F117: Factors
B118: PK - 3 | C118: =SUM('0040:4131'!B90) -> 7791.9908 | D118: =SUM('[2]1461:4131'!D101) -> 0 | E118: =[2]Consolidated!$E$105 -> 1.0355 | F118: ='0040'!G90 -> 958.42 | G118: = | H118: =SUM('0040:4131'!I90) -> 7733113.8
B119: 4-8 | C119: =SUM('0040:4131'!B91) -> 9539.2456 | D119: =SUM('[2]1461:4131'!D102) -> 0 | E119: =[2]Consolidated!$E$106 -> 1.0355 | F119: ='0040'!G91 -> 915.09 | G119: = | H119: =SUM('0040:4131'!I91) -> 9039157.3
B120: 9-12 | C120: =SUM('0040:4131'!B92) -> 7464.7313 | D120: =SUM('[2]1461:4131'!D103) -> 0 | E120: =[2]Consolidated!$E$107 -> 1.0355 | F120: ='0040'!G92 -> 917.3 | G120: = | H120: =SUM('0040:4131'!I92) -> 7090480.7
...

Sheet Cumulative Payments
A1: Cumulative Payments
D4: Net Revenue | E4: July | F4: August | G4: Sept | H4: Oct | I4: Nov | J4: Dec | K4: Jan | L4: Feb | M4: March | N4: April | O4: May | P4: June | Q4: Total | R4: Payments excluding current month
A5: 1 | B5: 0040 | C5: Palm Beach Preparatory Middle School | D5: 298028.78 | E5: 24451.48 | F5: 24870.66 | G5: 24870.66 | Q5: =SUM(E5:P5) -> 74192.8 | R5: 0
A6: 2 | B6: 0100 | C6: The Learning Center Highschool | D6: 267259.57 | E6: 22293.06 | F6: 22269.68 | G6: 22269.68 | Q6: =SUM(E6:P6) -> 66832.42 | R6: 0
A7: 3 | B7: 1461 | C7: Inlet Grove Community High School | D7: 6284708.1 | E7: 485398.34 | F7: 492757.49 | G7: 530655.23 | Q7: =SUM(E7:P7) -> 1508811.1 | R7: 0
A8: 4 | B8: 1571 | C8: South Tech Charter Academy | D8: 10367106 | E8: 795164.86 | F8: 808415.92 | G8: 876352.53 | Q8: =SUM(E8:P8) -> 2479933.3 | R8: 0
A9: 5 | B9: 2521 | C9: Ed Venture | D9: 1351706.7 | E9: 112200.54 | F9: 112562.16 | G9: 112694.4 | Q9: =SUM(E9:P9) -> 337457.1 | R9: 0
A10: 6 | B10: 2531 | C10: Bodwell Academy | D10: 1583711.7 | E10: 128465.38 | F10: 132295.12 | G10: 132295.12 | Q10: =SUM(E10:P10) -> 393055.62 | R10: 0
A11: 7 | B11: 2791 | C11: The Learning Center @ The Els Center of Excl | D11: 5346468.2 | E11: 440248.86 | F11: 446019.94 | G11: 446019.95 | Q11: =SUM(E11:P11) -> 1332288.8 | R11: 0
A12: 8 | B12: 2801 | C12: Palm Beach Maritime Academy Elementary | D12: 5255370.8 | E12: 433777.9 | F12: 438326.62 | G12: 438326.62 | Q12: =SUM(E12:P12) -> 1310431.1 | R12: 0
A13: 9 | B13: 2911 | C13: Western Academy Charter School | D13: 6152950.2 | E13: 505265.93 | F13: 513425.85 | G13: 513425.85 | Q13: =SUM(E13:P13) -> 1532117.6 | R13: 0
A14: 10 | B14: 2941 | C14: Palm Beach School for Autism | D14: 10423410 | E14: 858865.25 | F14: 869504.11 | G14: 869504.11 | Q14: =SUM(E14:P14) -> 2597873.5 | R14: 0
A15: 11 | B15: 3083 | C15: The Learning Academy @ The Els Center of Excl | D15: 5952516.4 | E15: 484859.99 | F15: 497059.68 | G15: 497059.68 | Q15: =SUM(E15:P15) -> 1478979.3 | R15: 0
A16: 12 | B16: 3345 | C16: Career Academy of the Palm Beaches | D16: 1095430 | E16: 90419.86 | F16: 91364.55 | G16: 91364.55 | Q16: =SUM(E16:P16) -> 273148.96 | R16: 0
... A18: 14 | B18: 3382 | C18: Glades Academy | D18: 2427071.4 | E18: 199480.37 | F18: 202508.28 | G18: 202508.28 | Q18: =SUM(E18:P18) -> 604496.93 | R18: 0
A19: 15 | B19: 3391 | C19: Seagull Academy for Independent Living | F19: 0 | Q19: =SUM(E19:P19) -> 0 | R19: 0
A20: 16 | B20: 3394 | C20: Montessori Academy of Early Enrichment | D20: 1653077.9 | E20: 136646.84 | F20: 137857.37 | G20: 137857.37 | Q20: =SUM(E20:P20) -> 412361.58 | R20: 0
A21: 17 | B21: 3395 | C21: Somerset Academy Charter School | D21: 4417918.6 | E21: 363962.87 | F21: 368541.43 | G21: 368541.43 | Q21: =SUM(E21:P21) -> 1101045.7 | R21: 0
A22: 18 | B22: 3396 | C22: G-Star School of the Arts | D22: 6304834.2 | E22: 481353.82 | F22: 489623.72 | G22: 533385.66 | Q22: =SUM(E22:P22) -> 1504363.2 | R22: 0
A23: 19 | B23: 3398 | C23: Everglades Preparatory Academy | D23: 919769.33 | E23: 75370.15 | F23: 76763.56 | G23: 76763.56 | Q23: =SUM(E23:P23) -> 228897.27 | R23: 0
A24: 20 | B24: 3400 | C24: Believers Academy | D24: 1132579.8 | E24: 93540.76 | F24: 94458.1 | G24: 94458.1 | Q24: =SUM(E24:P24) -> 282456.96 | R24: 0
A25: 21 | B25: 3401 | C25: Quantum High School | D25: 3567973.1 | E25: 291401.55 | F25: 296284.6 | G25: 298028.7 | Q25: =SUM(E25:P25) -> 885714.85 | R25: 0
A26: 22 | B26: 3413 | C26: Somerset Academy Boca | D26: 3434816.5 | E26: 282765.64 | F26: 286550.08 | G26: 286550.08 | Q26: =SUM(E26:P26) -> 855865.8 | R26: 0
A27: 23 | B27: 3421 | C27: Worthington High School | D27: 3859154.1 | E27: 318686.65 | F27: 320269.78 | G27: 322019.77 | Q27: =SUM(E27:P27) -> 960976.2 | R27: 0
A28: 24 | B28: 3431 | C28: Renaissance Charter School at WPB | D28: 8841825.3 | E28: 727291.13 | F28: 737684.93 | G28: 737684.93 | Q28: =SUM(E28:P28) -> 2202661 | R28: 0
A29: 25 | B29: 3441 | C29: South Tech Preparatory Academy (MS) | D29: 4546697.7 | E29: 365051.77 | F29: 372113.82 | G29: 380953.21 | Q29: =SUM(E29:P29) -> 1118118.8 | R29: 0
A30: 26 | B30: 3924 | C30: Palm Beach Maritime Academy Secondary | D30: 3705578.9 | E30: 303122.37 | F30: 308213.52 | G30: 309424.3 | Q30: =SUM(E30:P30) -> 920760.19 | R30: 0
A31: 27 | B31: 3941 | C31: Ben Gamla Charter School | D31: 2020244.6 | E31: 166503.7 | F31: 168521.9 | G31: 168521.9 | Q31: =SUM(E31:P31) -> 503547.5 | R31: 0
A32: 28 | B32: 3961 | C32: Gardens School of Technology Arts | F32: 0 | Q32: =SUM(E32:P32) -> 0 | R32: 0
A33: 29 | B33: 3971 | C33: Palm Beach Perparatory Charter Academy | D33: 5107336 | E33: 418200.93 | F33: 425546.45 | G33: 426358.86 | Q33: =SUM(E33:P33) -> 1270106.2 | R33: 0
A34: 30 | B34: 4001 | C34: Renaissance Charter School at Wellington | D34: 5914578.1 | E34: 486040.8 | F34: 493503.39 | G34: 493503.4 | Q34: =SUM(E34:P34) -> 1473047.6 | R34: 0
A35: 31 | B35: 4002 | C35: Renaissance Charter School at Summit | D35: 8574250.8 | E35: 707326.89 | F35: 715174.9 | G35: 715174.91 | Q35: =SUM(E35:P35) -> 2137676.7 | R35: 0
A36: 32 | B36: 4012 | C36: Somerset Academy Canyons Middle School | D36: 4984700.1 | E36: 401311.12 | F36: 409405.4 | G36: 417398.36 | Q36: =SUM(E36:P36) -> 1228114.9 | R36: 0
A37: 33 | B37: 4013 | C37: Somerset Academy Canyons High School | D37: 9297704.3 | E37: 667648.91 | F37: 677472.72 | G37: 795258.27 | Q37: =SUM(E37:P37) -> 2140379.9 | R37: 0
A38: 34 | B38: 4020 | C38: Franklin Academy - Boynton Beach | D38: 10867277 | E38: 892802.19 | F38: 906770.45 | G38: 906770.45 | Q38: =SUM(E38:P38) -> 2706343.1 | R38: 0
A39: 35 | B39: 4030 | C39: Olympus International Academy | D39: 2619365.4 | E39: 216879.02 | F39: 218407.85 | G39: 218407.85 | Q39: =SUM(E39:P39) -> 653694.72 | R39: 0
A40: 36 | B40: 4031 | C40: Somerset Academy Wellington | D40: 3914815.9 | E40: 322483.34 | F40: 326575.68 | G40: 326575.68 | Q40: =SUM(E40:P40) -> 975634.7 | R40: 0
A41: 37 | B41: 4041 | C41: Somerset Academy Boca Middle School | D41: 775960.87 | E41: 63488.77 | F41: 64770.19 | G41: 64770.19 | Q41: =SUM(E41:P41) -> 193029.15 | R41: 0
A42: 38 | B42: 4050 | C42: Renaissance Charter School at Cypress | D42: 6227871.4 | E42: 512294.34 | F42: 519597.92 | G42: 519597.92 | Q42: =SUM(E42:P42) -> 1551490.2 | R42: 0
A43: 39 | B43: 4051 | C43: Renaissance Charter School at Central Palm | D43: 6573895.2 | E43: 541173.16 | F43: 548429.27 | G43: 548429.27 | Q43: =SUM(E43:P43) -> 1638031.7 | R43: 0
A44: 40 | B44: 4061 | C44: Franklin Academy - Palm Beach Gardens | D44: 8356896.5 | E44: 686342 | F44: 697323.13 | G44: 697323.13 | Q44: =SUM(E44:P44) -> 2080988.3 | R44: 0
A45: 41 | B45: 4080 | C45: University Preparatory Academy | E45: 166059.87 | F45: -166059.87 | Q45: =SUM(E45:P45) -> 0 | R45: 0
A46: 42 | B46: 4081 | C46: Florida Futures Academy - North Campus | D46: 1014899.6 | E46: 83555.86 | F46: 84667.61 | G46: 84667.61 | Q46: =SUM(E46:P46) -> 252891.08 | R46: 0
A47: 43 | B47: 4090 | C47: Sports Leadership Academy (SLAM) | D47: 2220850.9 | E47: 182095.15 | F47: 185341.43 | G47: 185341.43 | Q47: =SUM(E47:P47) -> 552778.01 | R47: 0
A48: 44 | B48: 4091 | C48: Somerset Academy Lakes | D48: 3463844.9 | E48: 285991.1 | F48: 288895.8 | G48: 288895.8 | Q48: =SUM(E48:P48) -> 863782.7 | R48: 0
A49: 45 | B49: 4100 | C49: Connections Education Center of the PBs | D49: 3845173 | E49: 312807.54 | F49: 321124.13 | G49: 321124.13 | Q49: =SUM(E49:P49) -> 955055.8 | R49: 0
A50: 46 | B50: 4102 | C50: BridgePrep Academy of Palm Beach | D50: 1491672.3 | E50: 95722.88 | F50: 97565.26 | G50: 129838.42 | Q50: =SUM(E50:P50) -> 323126.56 | R50: 0
A51: 47 | B51: 4103 | C51: SLAM Boca | D51: 8352715.2 | E51: 660664.69 | F51: 670046.88 | G51: 702200.36 | Q51: =SUM(E51:P51) -> 2032911.9 | R51: 0
A52: 48 | B52: 4111 | C52: SLAM HS Palm Beach | D52: 2453527.8 | E52: 200228.99 | F52: 202649.33 | G52: 205064.94 | Q52: =SUM(E52:P52) -> 607943.26 | R52: 0
A53: 49 | B53: 4131 | C53: Somerset Academy Wellington HS | D53: 813090.71 | E53: 66112.4 | F53: 67065.63 | G53: 67991.27 | Q53: =SUM(E53:P53) -> 201169.3 | R53: 0
R54: =SUM(E54:E54) -> 0
D55: =SUM(D5:D54) -> 2.0722312e+08 | E55: =SUM(E5:E54) -> 16906713 | F55: =SUM(F5:F54) -> 16825409 | G55: =SUM(G5:G54) -> 17349100 | H55: =SUM(H5:H54) -> 0 | I55: =SUM(I5:I54) -> 0 | J55: =SUM(J5:J54) -> 0 | K55: =SUM(K5:K54) -> 0 | ... Q55: =SUM(Q5:Q54) -> 51081222 | R55: =SUM(E55:E55) -> 16906713
B57: 166059.87 | C57: Related to first payment (July 2025) to 4080 University Prep | I57: Net Revenue | J57: ='Annual Rev & Fees'!L56 -> 2.0722312e+08
I58: Net Revenue - Previous Pmts | J58: =D55-E55-F55 -> 1.73491e+08
I59: Calculated Current Payment | J59: =J58/10 -> 17349100
I60: Actual Current Payment | J60: =G55 -> 17349100
J61: =J59-J60 -> -0.0053999946 | K61: rounding diff
N67: *Use this for each tab in worksheet, current month is excluded for calc.
D69: Net Revenue | E69: July | F69: August | G69: Sept | H69: Oct | I69: Nov | J69: Dec | K69: Jan | L69: Feb | M69: March | N69: April | O69: May | P69: June | Q69: Total | R69: Payments excluding current month
A70: 1 | B70: 0040 | C70: Palm Beach Preparatory Middle School | D70: 298028.78 | E70: 24451.48 | F70: 24870.66 | Q70: =SUM(E70:P70) -> 49322.14 | R70: =SUM(E70:F70) -> 49322.14
A71: 2 | B71: 0100 | C71: The Learning Center Highschool | D71: 267259.57 | E71: 22293.06 | F71: 22269.68 | Q71: =SUM(E71:P71) -> 44562.74 | R71: =SUM(E71:F71) -> 44562.74
A72: 3 | B72: 1461 | C72: Inlet Grove Community High School | D72: 5905730.7 | E72: 485398.34 | F72: 492757.49 | Q72: =SUM(E72:P72) -> 978155.83 | R72: =SUM(E72:F72) -> 978155.83
A73: 4 | B73: 1571 | C73: South Tech Charter Academy | D73: 9687740 | E73: 795164.86 | F73: 808415.92 | Q73: =SUM(E73:P73) -> 1603580.8 | R73: =SUM(E73:F73) -> 1603580.8
A74: 5 | B74: 2521 | C74: Ed Venture | D74: 1350384.3 | E74: 112200.54 | F74: 112562.16 | Q74: =SUM(E74:P74) -> 224762.7 | R74: =SUM(E74:F74) -> 224762.7
A75: 6 | B75: 2531 | C75: Potentials Charter School | D75: 1583711.7 | E75: 128465.38 | F75: 132295.12 | Q75: =SUM(E75:P75) -> 260760.5 | R75: =SUM(E75:F75) -> 260760.5
A76: 7 | B76: 2791 | C76: The Learning Center @ The Els Center of Excl | D76: 5346468.2 | E76: 440248.86 | F76: 446019.94 | Q76: =SUM(E76:P76) -> 886268.8 | R76: =SUM(E76:F76) -> 886268.8
A77: 8 | B77: 2801 | C77: Palm Beach Maritime Academy Elementary | D77: 5255370.8 | E77: 433777.9 | F77: 438326.62 | Q77: =SUM(E77:P77) -> 872104.52 | R77: =SUM(E77:F77) -> 872104.52
A78: 9 | B78: 2911 | C78: Western Academy Charter School | D78: 6152950.2 | E78: 505265.93 | F78: 513425.85 | Q78: =SUM(E78:P78) -> 1018691.8 | R78: =SUM(E78:F78) -> 1018691.8
A79: 10 | B79: 2941 | C79: Palm Beach School for Autism | D79: 10423112 | E79: 858865.25 | F79: 869504.11 | Q79: =SUM(E79:P79) -> 1728369.4 | R79: =SUM(E79:F79) -> 1728369.4
A80: 11 | B80: 3083 | C80: The Learning Academy @ The Els Center of Excl | D80: 5952516.4 | E80: 484859.99 | F80: 497059.68 | Q80: =SUM(E80:P80) -> 981919.67 | R80: =SUM(E80:F80) -> 981919.67
A81: 12 | B81: 3345 | C81: Career Academy of the Palm Beaches | D81: 1095429.9 | E81: 90419.86 | F81: 91364.55 | Q81: =SUM(E81:P81) -> 181784.41 | R81: =SUM(E81:F81) -> 181784.41
... A83: 14 | B83: 3382 | C83: Glades Academy | D83: 2427071.4 | E83: 199480.37 | F83: 202508.28 | Q83: =SUM(E83:P83) -> 401988.65 | R83: =SUM(E83:F83) -> 401988.65
A84: 15 | B84: 3391 | C84: Seagull Academy for Independent Living | D84: 0 | F84: 0 | Q84: =SUM(E84:P84) -> 0 | R84: =SUM(E84:F84) -> 0
A85: 16 | B85: 3394 | C85: Montessori Academy of Early Enrichment | D85: 1653077.9 | E85: 136646.84 | F85: 137857.37 | Q85: =SUM(E85:P85) -> 274504.21 | R85: =SUM(E85:F85) -> 274504.21
A86: 17 | B86: 3395 | C86: Somerset Academy Charter School | D86: 4417918.6 | E86: 363962.87 | F86: 368541.43 | Q86: =SUM(E86:P86) -> 732504.3 | R86: =SUM(E86:F86) -> 732504.3
A87: 18 | B87: 3396 | C87: G-Star School of the Arts | D87: 5867214.7 | E87: 481353.82 | F87: 489623.72 | Q87: =SUM(E87:P87) -> 970977.54 | R87: =SUM(E87:F87) -> 970977.54
A88: 19 | B88: 3398 | C88: Everglades Preparatory Academy | D88: 919769.33 | E88: 75370.15 | F88: 76763.56 | Q88: =SUM(E88:P88) -> 152133.71 | R88: =SUM(E88:F88) -> 152133.71
A89: 20 | B89: 3400 | C89: Believers Academy | D89: 1132579.8 | E89: 93540.76 | F89: 94458.1 | Q89: =SUM(E89:P89) -> 187998.86 | R89: =SUM(E89:F89) -> 187998.86
A90: 21 | B90: 3401 | C90: Quantum High School | D90: 3550532.2 | E90: 291401.55 | F90: 296284.6 | Q90: =SUM(E90:P90) -> 587686.15 | R90: =SUM(E90:F90) -> 587686.15
A91: 22 | B91: 3413 | C91: Somerset Academy Boca | D91: 3434816.5 | E91: 282765.64 | F91: 286550.08 | Q91: =SUM(E91:P91) -> 569315.72 | R91: =SUM(E91:F91) -> 569315.72
A92: 23 | B92: 3421 | C92: Worthington High School | D92: 3841654.3 | E92: 318686.65 | F92: 320269.78 | Q92: =SUM(E92:P92) -> 638956.43 | R92: =SUM(E92:F92) -> 638956.43
A93: 24 | B93: 3431 | C93: Renaissance Charter School at WPB | D93: 8841825.3 | E93: 727291.13 | F93: 737684.93 | Q93: =SUM(E93:P93) -> 1464976.1 | R93: =SUM(E93:F93) -> 1464976.1
A94: 25 | B94: 3441 | C94: South Tech Preparatory Academy (MS) | D94: 4458303.8 | E94: 365051.77 | F94: 372113.82 | Q94: =SUM(E94:P94) -> 737165.59 | R94: =SUM(E94:F94) -> 737165.59
A95: 26 | B95: 3924 | C95: Palm Beach Maritime Academy Secondary | D95: 3693471.1 | E95: 303122.37 | F95: 308213.52 | Q95: =SUM(E95:P95) -> 611335.89 | R95: =SUM(E95:F95) -> 611335.89
A96: 27 | B96: 3941 | C96: Ben Gamla Charter School | D96: 2020244.6 | E96: 166503.7 | F96: 168521.9 | Q96: =SUM(E96:P96) -> 335025.6 | R96: =SUM(E96:F96) -> 335025.6
A97: 28 | B97: 3961 | C97: Gardens School of Technology Arts | D97: 0 | F97: 0 | Q97: =SUM(E97:P97) -> 0 | R97: =SUM(E97:F97) -> 0
A98: 29 | B98: 3971 | C98: Palm Beach Perparatory Charter Academy | D98: 5099211.8 | E98: 418200.93 | F98: 425546.45 | Q98: =SUM(E98:P98) -> 843747.38 | R98: =SUM(E98:F98) -> 843747.38
A99: 30 | B99: 4001 | C99: Renaissance Charter School at Wellington | D99: 5914578.1 | E99: 486040.8 | F99: 493503.39 | Q99: =SUM(E99:P99) -> 979544.19 | R99: =SUM(E99:F99) -> 979544.19
A100: 31 | B100: 4002 | C100: Renaissance Charter School at Summit | D100: 8574250.8 | E100: 707326.89 | F100: 715174.9 | Q100: =SUM(E100:P100) -> 1422501.8 | R100: =SUM(E100:F100) -> 1422501.8
A101: 32 | B101: 4012 | C101: Somerset Academy Canyons Middle School | D101: 4904770.5 | E101: 401311.12 | F101: 409405.4 | Q101: =SUM(E101:P101) -> 810716.52 | R101: =SUM(E101:F101) -> 810716.52
A102: 33 | B102: 4013 | C102: Somerset Academy Canyons High School | D102: 8119848.9 | E102: 667648.91 | F102: 677472.72 | Q102: =SUM(E102:P102) -> 1345121.6 | R102: =SUM(E102:F102) -> 1345121.6
A103: 34 | B103: 4020 | C103: Franklin Academy - Boynton Beach | D103: 10867277 | E103: 892802.19 | F103: 906770.45 | Q103: =SUM(E103:P103) -> 1799572.6 | R103: =SUM(E103:F103) -> 1799572.6
A104: 35 | B104: 4030 | C104: Olympus International Academy | D104: 2619365.4 | E104: 216879.02 | F104: 218407.85 | Q104: =SUM(E104:P104) -> 435286.87 | R104: =SUM(E104:F104) -> 435286.87
A105: 36 | B105: 4031 | C105: Somerset Academy Wellington | D105: 3914815.9 | E105: 322483.34 | F105: 326575.68 | Q105: =SUM(E105:P105) -> 649059.02 | R105: =SUM(E105:F105) -> 649059.02
A106: 37 | B106: 4041 | C106: Somerset Academy Boca Middle School | D106: 775960.87 | E106: 63488.77 | F106: 64770.19 | Q106: =SUM(E106:P106) -> 128258.96 | R106: =SUM(E106:F106) -> 128258.96
A107: 38 | B107: 4050 | C107: Renaissance Charter School at Cypress | D107: 6227871.4 | E107: 512294.34 | F107: 519597.92 | Q107: =SUM(E107:P107) -> 1031892.3 | R107: =SUM(E107:F107) -> 1031892.3
A108: 39 | B108: 4051 | C108: Renaissance Charter School at Central Palm | D108: 6573895.2 | E108: 541173.16 | F108: 548429.27 | Q108: =SUM(E108:P108) -> 1089602.4 | R108: =SUM(E108:F108) -> 1089602.4
A109: 40 | B109: 4061 | C109: Franklin Academy - Palm Beach Gardens | D109: 8356896.5 | E109: 686342 | F109: 697323.13 | Q109: =SUM(E109:P109) -> 1383665.1 | R109: =SUM(E109:F109) -> 1383665.1
A110: 41 | B110: 4080 | C110: University Preparatory Academy | D110: 166059.87 | E110: 166059.87 | F110: 0 | Q110: =SUM(E110:P110) -> 166059.87 | R110: =SUM(E110:F110) -> 166059.87
A111: 42 | B111: 4081 | C111: Florida Futures Academy - North Campus | D111: 1014899.6 | E111: 83555.86 | F111: 84667.61 | Q111: =SUM(E111:P111) -> 168223.47 | R111: =SUM(E111:F111) -> 168223.47
...

Sheet 0040
A1: 50 | B1: (Insert district number in cell A1, enter, then strike F9. Your district data then pulls from Calculation Detail Sheets) | R1: 50 | S1: (Insert district number in cell A1, enter, then strike F9. Your district data then pulls from Calculation Detail Sheets)
A2: Revenue Estimate Worksheet: Palm Beach Preparatory Middle School 0040 | R2: =Revenue_Estimate_Worksheet_for___________Charter_School -> Revenue Estimate Worksheet: Palm Beach Preparatory Middle School 0040
A3: Based on the 2025-26 FEFP Second Calculation | R3: Based on the 2025-26 FEFP Second Calculation
A4: School District: | D4: Palm Beach | H4: September 2025 | R4: School District: | T4: Palm Beach
A5: 1A. 2025-26 FEFP State and Local Funding | R5: 1A. 2025-26 FEFP State and Local Funding
A6: Base Student Allocation | E6: 5372.6 | G6: Comparable Wage Factor: | I6: =INDEX('[1]Detail 2025-26 FEFP Second'!$C$1:$C$65536,MATCH('0040'!$A$1,'[1]Detail 2025-26 FEFP Second'!$A$1:$A$65536,0)) -> 1.0355 | R6: Base Student Allocation | T6: =E6 -> 5372.6 | V6: Comparable Wage Factor: | X6: 1.0355
G7: Small District Factor | I7: =INDEX('[1]Detail 2025-26 FEFP Second'!$D$1:$D$65536,MATCH('0040'!$A$1,'[1]Detail 2025-26 FEFP Second'!$A$1:$A$65536,0)) -> 1 | V7: Small District Factor | X7: 1
J8: 2025-26 | Y8: 2025-26
C9: Oct 2024 | D9: Feb 2025 | G9: Program | I9: Weighted FTE | J9: Base Funding | V9: Program | X9: Weighted FTE | Y9: Base Funding
A10: Program | C10: FTE | D10: FTE | E10: Total FTE | G10: Cost Factor | I10: (2) x (3) | J10: (WFTE x BSA x CWF x SDF) | R10: Program | T10: Number of FTE | V10: Cost Factor | X10: (2) x (3) | Y10: (WFTE x BSA x CWF x SDF)
A11: (1) | E11: (2) | G11: (3) | I11: (4) | J11: (5) | R11: (1) | T11: (2) | V11: (3) | X11: (4) | Y11: (5)
A12: 101 Basic K-3 | C12: 0 | D12: 0 | E12: =IF($D$28=0,C12*2,C12+D12) -> 0 | G12: 1.108 | I12: =ROUND(E12*G12,4) -> 0 | J12: =ROUND(ROUND(ROUND(I12*$E$6,4)*($I$6),2)*(MAX($I$7,1)),2) -> 0 | R12: 101 Basic K-3 | T12: =IF($I$111=1,E12,0) -> 0 | V12: 1 | X12: =ROUND(T12*V12,4) -> 0 | Y12: =ROUND(ROUND(ROUND(X12*$E$6,4)*($I$6),2)*(MAX($I$7,1)),2) -> 0
A13: 111 Basic K-3 with ESE Services | C13: 0 | D13: 0 | E13: =IF($D$28=0,C13*2,C13+D13) -> 0 | G13: 1.108 | I13: =ROUND(E13*G13,4) -> 0 | J13: =ROUND(ROUND(ROUND(I13*$E$6,4)*($I$6),2)*(MAX($I$7,1)),2) -> 0 | R13: 111 Basic K-3 with ESE Services | T13: =IF($I$111=1,E13,0) -> 0 | V13: 1 | X13: =ROUND(T13*V13,4) -> 0 | Y13: =ROUND(ROUND(ROUND(X13*$E$6,4)*($I$6),2)*(MAX($I$7,1)),2) -> 0
A14: 102 Basic 4-8 | C14: 10.5 | D14: 0 | E14: =IF($D$28=0,C14*2,C14+D14) -> 21 | G14: 1 | I14: =ROUND(E14*G14,4) -> 21 | J14: =ROUND(ROUND(ROUND(I14*$E$6,4)*($I$6),2)*(MAX($I$7,1)),2) -> 116829.87 | R14: 102 Basic 4-8 | T14: =IF($I$111=1,E14,0) -> 0 | V14: 1 | X14: =ROUND(T14*V14,4) -> 0 | Y14: =ROUND(ROUND(ROUND(X14*$E$6,4)*($I$6),2)*(MAX($I$7,1)),2) -> 0
A15: 112 Basic 4-8 with ESE Services | C15: 5 | D15: 0 | E15: =IF($D$28=0,C15*2,C15+D15) -> 10 | G15: 1 | I15: =ROUND(E15*G15,4) -> 10 | J15: =ROUND(ROUND(ROUND(I15*$E$6,4)*($I$6),2)*(MAX($I$7,1)),2) -> 55633.27 | R15: 112 Basic 4-8 with ESE Services | T15: =IF($I$111=1,E15,0) -> 0 | V15: 1 | X15: =ROUND(T15*V15,4) -> 0 | Y15: =ROUND(ROUND(ROUND(X15*$E$6,4)*($I$6),2)*(MAX($I$7,1)),2) -> 0
A16: 103 Basic 9-12 | C16: 0 | D16: 0 | E16: =IF($D$28=0,C16*2,C16+D16) -> 0 | G16: 0.972 | I16: =ROUND(E16*G16,4) -> 0 | J16: =ROUND(ROUND(ROUND(I16*$E$6,4)*($I$6),2)*(MAX($I$7,1)),2) -> 0 | R16: 103 Basic 9-12 | T16: =IF($I$111=1,E16,0) -> 0 | V16: 1 | X16: =ROUND(T16*V16,4) -> 0 | Y16: =ROUND(ROUND(ROUND(X16*$E$6,4)*($I$6),2)*(MAX($I$7,1)),2) -> 0
A17: 113 Basic 9-12 with ESE Services | C17: 0 | D17: 0 | E17: =IF($D$28=0,C17*2,C17+D17) -> 0 | G17: 0.972 | I17: =ROUND(E17*G17,4) -> 0 | J17: =ROUND(ROUND(ROUND(I17*$E$6,4)*($I$6),2)*(MAX($I$7,1)),2) -> 0 | R17: 113 Basic 9-12 with ESE Services | T17: =IF($I$111=1,E17,0) -> 0 | V17: 1 | X17: =ROUND(T17*V17,4) -> 0 | Y17: =ROUND(ROUND(ROUND(X17*$E$6,4)*($I$6),2)*(MAX($I$7,1)),2) -> 0
A18: 254 ESE Level 4 (Grade Level PK-3) | C18: 0 | D18: 0 | E18: =IF($D$28=0,C18*2,C18+D18) -> 0 | G18: 3.609 | I18: =ROUND(E18*G18,4) -> 0 | J18: =ROUND(ROUND(ROUND(I18*$E$6,4)*($I$6),2)*(MAX($I$7,1)),2) -> 0 | R18: 254 ESE Level 4 (Grade Level PK-3) | T18: =IF($I$111=1,E18,0) -> 0 | V18: 1 | X18: =ROUND(T18*V18,4) -> 0 | Y18: =ROUND(ROUND(ROUND(X18*$E$6,4)*($I$6),2)*(MAX($I$7,1)),2) -> 0
A19: 254 ESE Level 4 (Grade Level 4-8) | C19: 0 | D19: 0 | E19: =IF($D$28=0,C19*2,C19+D19) -> 0 | G19: 3.609 | I19: =ROUND(E19*G19,4) -> 0 | J19: =ROUND(ROUND(ROUND(I19*$E$6,4)*($I$6),2)*(MAX($I$7,1)),2) -> 0 | R19: 254 ESE Level 4 (Grade Level 4-8) | T19: =IF($I$111=1,E19,0) -> 0 | V19: 1 | X19: =ROUND(T19*V19,4) -> 0 | Y19: =ROUND(ROUND(ROUND(X19*$E$6,4)*($I$6),2)*(MAX($I$7,1)),2) -> 0
A20: 254 ESE Level 4 (Grade Level 9-12) | C20: 0 | D20: 0 | E20: =IF($D$28=0,C20*2,C20+D20) -> 0 | G20: 3.609 | I20: =ROUND(E20*G20,4) -> 0 | J20: =ROUND(ROUND(ROUND(I20*$E$6,4)*($I$6),2)*(MAX($I$7,1)),2) -> 0 | R20: 254 ESE Level 4 (Grade Level 9-12) | T20: =IF($I$111=1,E20,0) -> 0 | V20: 1 | X20: =ROUND(T20*V20,4) -> 0 | Y20: =ROUND(ROUND(ROUND(X20*$E$6,4)*($I$6),2)*(MAX($I$7,1)),2) -> 0
A21: 255 ESE Level 5 (Grade Level PK-3) | C21: 0 | D21: 0 | E21: =IF($D$28=0,C21*2,C21+D21) -> 0 | G21: 6.064 | I21: =ROUND(E21*G21,4) -> 0 | J21: =ROUND(ROUND(ROUND(I21*$E$6,4)*($I$6),2)*(MAX($I$7,1)),2) -> 0 | R21: 255 ESE Level 5 (Grade Level PK-3) | T21: =IF($I$111=1,E21,0) -> 0 | V21: 1 | X21: =ROUND(T21*V21,4) -> 0 | Y21: =ROUND(ROUND(ROUND(X21*$E$6,4)*($I$6),2)*(MAX($I$7,1)),2) -> 0
A22: 255 ESE Level 5 (Grade Level 4-8) | C22: 0 | D22: 0 | E22: =IF($D$28=0,C22*2,C22+D22) -> 0 | G22: 6.064 | I22: =ROUND(E22*G22,4) -> 0 | J22: =ROUND(ROUND(ROUND(I22*$E$6,4)*($I$6),2)*(MAX($I$7,1)),2) -> 0 | R22: 255 ESE Level 5 (Grade Level 4-8) | T22: =IF($I$111=1,E22,0) -> 0 | V22: 1 | X22: =ROUND(T22*V22,4) -> 0 | Y22: =ROUND(ROUND(ROUND(X22*$E$6,4)*($I$6),2)*(MAX($I$7,1)),2) -> 0
A23: 255 ESE Level 5 (Grade Level 9-12) | C23: 0 | D23: 0 | E23: =IF($D$28=0,C23*2,C23+D23) -> 0 | G23: 6.064 | I23: =ROUND(E23*G23,4) -> 0 | J23: =ROUND(ROUND(ROUND(I23*$E$6,4)*($I$6),2)*(MAX($I$7,1)),2) -> 0 | R23: 255 ESE Level 5 (Grade Level 9-12) | T23: =IF($I$111=1,E23,0) -> 0 | V23: 1 | X23: =ROUND(T23*V23,4) -> 0 | Y23: =ROUND(ROUND(ROUND(X23*$E$6,4)*($I$6),2)*(MAX($I$7,1)),2) -> 0
... A27: 300 Career Education (Grades 9-12) | C27: 0 | D27: 0 | E27: =IF($D$28=0,C27*2,C27+D27) -> 0 | G27: 1.081 | I27: =ROUND(E27*G27,4) -> 0 | J27: =ROUND(ROUND(ROUND(I27*$E$6,4)*($I$6),2)*(MAX($I$7,1)),2) -> 0 | R27: 300 Career Education (Grades 9-12) | T27: =IF($I$111=1,E27,0) -> 0 | V27: 1 | X27: =ROUND(T27*V27,4) -> 0 | Y27: =ROUND(ROUND(ROUND(X27*$E$6,4)*($I$6),2)*(MAX($I$7,1)),2) -> 0
A28: Totals | C28: =SUM(C12:C27) -> 18 | D28: =SUM(D12:D27) -> 0 | E28: =SUM(E12:E27) -> 36 | I28: =SUM(I12:I27) -> 36.825 | J28: =SUM(J12:J27) -> 204869.52 | R28: Totals | T28: =SUM(T12:T27) -> 0 | X28: =SUM(X12:X27) -> 0 | Y28: =SUM(Y12:Y27) -> 0
A29: Letters in Parentheses Refer to Notes at Bottom of Worksheet: | R29: Letters in Parentheses Refer to Notes at Bottom of Worksheet:
A30: Additional FTE | E30: Number of FTE Charter schools should contact their school district sponsor regarding eligible FTE. Please note that “Number of FTE” is NOT equivalent to number of students enrolled in these courses or programs. | J30: 2025-26 Base Funding (WFTE x BSA x CWF x SDF) | R30: Additional FTE | T30: Number of FTE Charter schools should contact their school district sponsor regarding eligible FTE. Please note that “Number of FTE” is NOT equivalent to number of students enrolled in these courses or programs. Please refer to footnote (a) below. | Y30: 2025-26 Base Funding (WFTE x BSA x CWF x SDF)
A31: Small District ESE Supplement | J31: =ROUND(ROUND(ROUND(I31*$E$6,4)*($I$6),0)*(MAX($I$7,1)),0) -> 0 | R31: Small District ESE Supplement | T31: =IF('[1]All charter school calculator'!X109=1,'[1]All charter school calculator'!X31,0) -> 0 | Y31: =J31 -> 0
A32: Total Additional FTE | G32: =SUM(I31:I31) -> 0 | H32: Additional Base Funds | J32: =SUM(J31:J31) -> 0 | R32: Total Additional FTE | V32: =SUM(T31:V31) -> 0 | W32: Additional Base Funds | Y32: =SUM(Y31:Y31) -> 0
A33: Total Funded Weighted FTE | G33: =G32+I28 -> 36.825 | H33: Total Base Funding | J33: =SUM(J32,J28) -> 204869.52 | R33: Total Funded Weighted FTE | V33: =V32+X28 -> 0 | W33: Total Base Funding | Y33: =SUM(Y32,Y28) -> 0
A35: 1B. Classroom Teacher and Other Instructional Personnel Salary Increase Maintenance and Growth Portions of the Salary Increase funds are part of the total Conference Base Funding and are not treated as a separate allocation. Amounts are split out here for informative purposes and for the purposes of providing a total that may be used for calculating the adminstrative fee. | R35: 1B. Classroom Teacher and Other Instructional Personnel Salary Increase Maintenance and Growth Portions of the Salary Increase funds are part of the total Conference Base Funding and are not treated as a separate allocation. Amounts are split out here for informative purposes and for the purposes of providing a total that may be used for calculating the adminstrative fee.
A36: Maintenance Portion (6.67% of Conference Base Funding) | F36: (a) | G36: 204869.52 | H36: X | I36: 0.0667 | J36: =ROUND(G36*I36,2) -> 13664.8 | R36: Maintenance Portion (6.67% of Conference Base Funding) | V36: =Y28 -> 0 | W36: X | X36: 0.0667 | Y36: =ROUND(V36*X36,2) -> 0
A37: Growth Portion (0.54% of Conference Base Funding) | F37: (a) | G37: 204869.52 | H37: X | I37: 0.0054 | J37: =ROUND(G37*I37,2) -> 1106.3 | R37: Growth Portion (0.54% of Conference Base Funding) | V37: =Y28 -> 0 | W37: X | X37: 0.0054 | Y37: =ROUND(V37*X37,2) -> 0
A38: Total Salary Increase Allocation | J38: =SUM(J36:J37) -> 14771.1 | R38: Total Salary Increase Allocation | Y38: =Y36+Y37 -> 0
A40: 2. ESE Guaranteed Allocation: | C40: Oct 2024 FTE | D40: Feb 2025 FTE | E40: Total FTE | G40: Grade Level | H40: Matrix Level | I40: Guarantee Per Student | R40: 2. ESE Guaranteed Allocation: | T40: FTE | V40: Grade Level | W40: Matrix Level | X40: Guarantee Per Student
A41: Additional Funding from the ESE Guaranteed Allocation. Enter the FTE from 111,112 and 113 by grade and matrix level. Students who do not have a matrix level should be considered 251. This total should equal all FTE from programs 111, 112 and 113 above, less any 113 gifted FTE. | C41: 0 | D41: 0 | E41: =IF($D$50=0,C41*2,C41+D41) -> 0 | G41: PK-3 | H41: 251 | I41: =INDEX('[1]111-112-113 ADDITIONAL FUND'!D$1:D$65536,MATCH($A$1,'[1]111-112-113 ADDITIONAL FUND'!A$1:A$65536)) -> 1047 | J41: =ROUND(E41*I41,2) -> 0 | R41: Additional Funding from the ESE Guaranteed Allocation. Enter the FTE from 111,112, & 113 by grade and matrix level. Students who do not have a matrix level should be considered 251. This total should equal all FTE from programs 111, 112 & 113 above. | V41: PK-3 | W41: 251 | X41: =I41 -> 1047 | Y41: =ROUND(T41*X41,2) -> 0
C42: 0 | D42: 0 | E42: =IF($D$50=0,C42*2,C42+D42) -> 0 | G42: PK-3 | H42: 252 | I42: =INDEX('[1]111-112-113 ADDITIONAL FUND'!E$1:E$65536,MATCH($A$1,'[1]111-112-113 ADDITIONAL FUND'!A$1:A$65536)) -> 3380 | J42: =ROUND(E42*I42,2) -> 0 | V42: PK-3 | W42: 252 | X42: =I42 -> 3380 | Y42: =ROUND(T42*X42,2) -> 0
C43: 0 | D43: 0 | E43: =IF($D$50=0,C43*2,C43+D43) -> 0 | G43: PK-3 | H43: 253 | I43: =INDEX('[1]111-112-113 ADDITIONAL FUND'!F$1:F$65536,MATCH($A$1,'[1]111-112-113 ADDITIONAL FUND'!A$1:A$65536)) -> 6896 | J43: =ROUND(E43*I43,2) -> 0 | V43: PK-3 | W43: 253 | X43: =I43 -> 6896 | Y43: =ROUND(T43*X43,2) -> 0
C44: 5 | D44: 0 | E44: =IF($D$50=0,C44*2,C44+D44) -> 10 | G44: 4-8 | H44: 251 | I44: =INDEX('[1]111-112-113 ADDITIONAL FUND'!G$1:G$65536,MATCH($A$1,'[1]111-112-113 ADDITIONAL FUND'!A$1:A$65536)) -> 1173 | J44: =ROUND(E44*I44,2) -> 11730 | V44: 4-8 | W44: 251 | X44: =I44 -> 1173 | Y44: =ROUND(T44*X44,2) -> 0
C45: 0 | D45: 0 | E45: =IF($D$50=0,C45*2,C45+D45) -> 0 | G45: 4-8 | H45: 252 | I45: =INDEX('[1]111-112-113 ADDITIONAL FUND'!H$1:H$65536,MATCH($A$1,'[1]111-112-113 ADDITIONAL FUND'!A$1:A$65536)) -> 3506 | J45: =ROUND(E45*I45,2) -> 0 | V45: 4-8 | W45: 252 | X45: =I45 -> 3506 | Y45: =ROUND(T45*X45,2) -> 0
C46: 0 | D46: 0 | E46: =IF($D$50=0,C46*2,C46+D46) -> 0 | G46: 4-8 | H46: 253 | I46: =INDEX('[1]111-112-113 ADDITIONAL FUND'!I$1:I$65536,MATCH($A$1,'[1]111-112-113 ADDITIONAL FUND'!A$1:A$65536)) -> 7023 | J46: =ROUND(E46*I46,2) -> 0 | V46: 4-8 | W46: 253 | X46: =I46 -> 7023 | Y46: =ROUND(T46*X46,2) -> 0
C47: 0 | D47: 0 | E47: =IF($D$50=0,C47*2,C47+D47) -> 0 | G47: 9-12 | H47: 251 | I47: =INDEX('[1]111-112-113 ADDITIONAL FUND'!J$1:J$65536,MATCH($A$1,'[1]111-112-113 ADDITIONAL FUND'!A$1:A$65536)) -> 835 | J47: =ROUND(E47*I47,2) -> 0 | V47: 9-12 | W47: 251 | X47: =I47 -> 835 | Y47: =ROUND(T47*X47,2) -> 0
C48: 0 | D48: 0 | E48: =IF($D$50=0,C48*2,C48+D48) -> 0 | G48: 9-12 | H48: 252 | I48: =INDEX('[1]111-112-113 ADDITIONAL FUND'!K$1:K$65536,MATCH($A$1,'[1]111-112-113 ADDITIONAL FUND'!A$1:A$65536)) -> 3168 | J48: =ROUND(E48*I48,2) -> 0 | V48: 9-12 | W48: 252 | X48: =I48 -> 3168 | Y48: =ROUND(T48*X48,2) -> 0
C49: 0 | D49: 0 | E49: =IF($D$50=0,C49*2,C49+D49) -> 0 | G49: 9-12 | H49: 253 | I49: =INDEX('[1]111-112-113 ADDITIONAL FUND'!L$1:L$65536,MATCH($A$1,'[1]111-112-113 ADDITIONAL FUND'!A$1:A$65536)) -> 6685 | J49: =ROUND(E49*I49,2) -> 0 | V49: 9-12 | W49: 253 | X49: =I49 -> 6685 | Y49: =ROUND(T49*X49,2) -> 0
A50: Total FTE with ESE Services | C50: =SUM(C41:C49) -> 5 | D50: =SUM(D41:D49) -> 0 | E50: =SUM(E41:E49) -> 10 | G50: Total ESE Guarantee | J50: =SUM(J41:J49) -> 11730 | R50: Total FTE with ESE Services | T50: =SUM(T42:T49) -> 0 | V50: Total ESE Guarantee | Y50: =SUM(Y41:Y49) -> 0
R51: 3A. Divide school's Unweighted FTE (UFTE) total computed in Section 1, cell C28 above by the district's total UFTE to obtain school's
A52: 3A. Divide school's Unweighted FTE (UFTE) total computed in Section 1, cell C28 above by the district's total UFTE to obtain school's | R52: UFTE share. Charter School UFTE: | T52: =T28 -> 0 | U52: ÷ | W52: District's Total UFTE: | X52: =I53 -> 215320.92
A53: UFTE share. Charter School UFTE: | C53: =E28 -> 36 | D53: ÷ | G53: District's Total UFTE: | I53: =INDEX('[1]Detail 2025-26 FEFP Second'!E$1:E$65536,MATCH(A1,'[1]Detail 2025-26 FEFP Second'!A$1:A$65536)) -> 215320.92 | W53: = | X53: =ROUND(T52/X52,6) -> 0
H54: = | I54: =IFERROR(ROUND(C53/I53,6),0) -> 0.000167 | R54: 3B. Divide school's Weighted FTE (WFTE) total computed in Section 1, cell E39 above by the district's total WFTE to obtain school's
A55: 3B. Divide school's Weighted FTE (WFTE) total computed in Section 1, cell E33 above by the district's total WFTE to obtain school's | R55: WFTE share. Charter School WFTE: | T55: =V33 -> 0 | U55: ÷ | W55: District's Total WFTE: | X55: =I56 -> 229051.25
A56: WFTE share. Charter School WFTE: | C56: =G33 -> 36.825 | D56: ÷ | G56: District's Total WFTE: | I56: =INDEX('[1]Detail 2025-26 FEFP Second'!F$1:F$65536,MATCH(A1,'[1]Detail 2025-26 FEFP Second'!A$1:A$65536)) -> 229051.25 | W56: = | X56: =ROUND(T55/X55,6) -> 0
H57: = | I57: =IFERROR(ROUND(C56/I56,6),0) -> 0.000161 | R57: 3C. Divide school's Unweighted FTE (UFTE) total computed in Section 1, cell C28 above by the district's total non-scholarship UFTE to obtain school's
A58: 3C. Divide school's Unweighted FTE (UFTE) total computed in Section 1, cell C28 above by the district's total non-scholarship UFTE to obtain school's | R58: UFTE share. Charter School UFTE: | T58: =T28 -> 0 | U58: ÷ | V58: District's Total Non-Scholarship UFTE: | X58: =I59 -> 186156.17
A59: UFTE share. Charter School UFTE: | C59: =E28 -> 36 | D59: ÷ | F59: District's Total Non-Scholarship UFTE: | I59: =INDEX('[1]Detail 2025-26 FEFP Second'!H$1:H$65536,MATCH(A1,'[1]Detail 2025-26 FEFP Second'!A$1:A$65536)) -> 186156.17 | W59: = | X59: =ROUND(T58/X58,6) -> 0
H60: = | I60: =IFERROR(ROUND(C59/I59,6),0) -> 0.000193 | R60: 3D. Divide school's Unweighted FTE (UFTE) total computed in Section 1, cell C28 above by the district's total non-virtual UFTE to obtain school's
A61: 3D. Divide school's Unweighted FTE (UFTE) total computed in Section 1, cell C28 above by the district's total non-virtual UFTE to obtain school's | R61: UFTE share. Charter School UFTE: | T61: =T28 -> 0 | U61: ÷ | V61: District's Total Non-Virtual UFTE: | X61: =I62 -> 215016.58
A62: UFTE share. Charter School UFTE: | C62: =E28 -> 36 | D62: ÷ | F62: District's Total Non-Virtual UFTE: | I62: =INDEX('[1]Detail 2025-26 FEFP Second'!G$1:G$65536,MATCH(A1,'[1]Detail 2025-26 FEFP Second'!A$1:A$65536)) -> 215016.58 | W62: = | X62: =ROUND(T61/X61,6) -> 0
H63: = | I63: =IFERROR(ROUND(C62/I62,6),0) -> 0.000167 | R63: 3E. Divide school's Unweighted FTE (UFTE) total computed in Section 1, cell C28 above by the district's total non-scholarship and non-virtual UFTE to obtain school's
A64: 3E. Divide school's Unweighted FTE (UFTE) total computed in Section 1, cell C28 above by the district's total non-scholarship and non-virtual UFTE to obtain school's | R64: UFTE share. Charter School UFTE: | T64: =T28 -> 0 | U64: ÷ | V64: District's Total Non-Virtual and Non-Scholarship UFTE: | X64: =I65 -> 185851.83
A65: UFTE share. Charter School UFTE: | C65: =E28 -> 36 | D65: ÷ District's Total Non-Scholarship Non-Virtual UFTE: | I65: =INDEX('[1]Detail 2025-26 FEFP Second'!I$1:I$65536,MATCH(A1,'[1]Detail 2025-26 FEFP Second'!A$1:A$65536)) -> 185851.83 | W65: = | X65: =ROUND(T64/X64,6) -> 0
H66: = | I66: =IFERROR(ROUND(C65/I65,6),0) -> 0.000194
R67: 4. Educational Enrichment Share (Non-Virtual UFTE share) | V67: =G68 -> 47290747 | W67: x | X67: =X62 -> 0 | Y67: =ROUND(V67*X67,2) -> 0
A68: 4. Educational Enrichment Share (Non-Virtual UFTE share) | F68: (e) | G68: =INDEX('[1]Detail 2025-26 FEFP Second'!N$1:N$65536,MATCH(A1,'[1]Detail 2025-26 FEFP Second'!A$1:A$65536)) -> 47290747 | H68: x | I68: =I63 -> 0.000167 | J68: =ROUND(G68*I68,2) -> 7897.55 | R68: 5. Discretionary Millage Compression Allocation
A69: 5. Discretionary Millage Compression Allocation | R69: .748 Mills | V69: =G70 -> 0 | W69: x | X69: =X53 -> 0 | Y69: =ROUND(V69*X69,2) -> 0
A70: .748 Mills (UFTE share) | F70: (b) | G70: =INDEX('[1]Detail 2025-26 FEFP Second'!L$1:L$65536,MATCH(A1,'[1]Detail 2025-26 FEFP Second'!A$1:A$65536)) -> 0 | H70: x | I70: =I54 -> 0.000167 | J70: =ROUND(G70*I70,2) -> 0 | R70: 6. Safe Schools Allocation (Non-Virtual and Scholarship UFTE share) | V70: =G71 -> 19167881 | W70: x | X70: =X65 -> 0 | Y70: =ROUND(V70*X70,2) -> 0
A71: 6. Safe Schools Allocation (Non-Virtual and Non-Scholarship UFTE share) | F71: (f) | G71: =INDEX('[1]Detail 2025-26 FEFP Second'!M$1:M$65536,MATCH(A1,'[1]Detail 2025-26 FEFP Second'!A$1:A$65536)) -> 19167881 | H71: x | I71: =I66 -> 0.000194 | J71: =ROUND(G71*I71,2) -> 3718.57 | R71: 7. Mental Health Assistance Allocation (Non-Scholarship UFTE share) | V71: =G72 -> 11546889 | W71: x | X71: =X59 -> 0 | Y71: =ROUND(V71*X71,2) -> 0
A72: 7. Mental Health Assistance Allocation (Non-Scholarship UFTE share) | F72: (d) | G72: =INDEX('[1]Detail 2025-26 FEFP Second'!T$1:T$65536,MATCH(A1,'[1]Detail 2025-26 FEFP Second'!A$1:A$65536)) -> 11546889 | H72: x | I72: =I60 -> 0.000193 | J72: =ROUND(G72*I72,2) -> 2228.55 | R72: 8. Academic Acceleration Options Supplement (Value share)
A73: 8. Academic Acceleration Options Supplement (Value share) | F73: (g) | R73: Acceleration Value | T73: Acceleration Value Charter schools should contact their school district sponsor regarding eligible value. Please note that “Acceleration Value” is NOT equivalent to number of students enrolled in these courses or programs. Please refer to footnote (a) below.
A74: Acceleration Value | E74: Acceleration Value Charter schools should contact their school district sponsor regarding eligible value. Please note that “Acceleration Value” is NOT equivalent to number of students enrolled in these courses or programs. Please refer to footnote (g) below. | R74: Advanced Placement
A75: Advanced Placement | R75: International Baccalaureate
A76: International Baccalaureate | R76: Advanced International Certificate
A77: Advanced International Certificate | R77: Industry Certified Career Education
A78: Industry Certified Career Education | R78: Early High School Graduation
A79: Early High School Graduation | R79: Dual Enrollment
A80: Dual Enrollment | X80: School total value | Y80: =SUM(Y74:Y79) -> 0
I81: School total value | J81: =SUM(J75:J80) -> 0 | X81: District total value | Y81: =J82 -> 11461.43
I82: District total value | J82: 11461.43
R83: School Academic Acceleration Option Supplement | V83: =G84 -> 63269727 | W83: x | X83: =IFERROR(ROUND(Y80/Y81,6),0) -> 0 | Y83: =ROUND(V83*X83,2) -> 0
A84: School Academic Acceleration Option Supplement | G84: =INDEX('[1]Detail 2025-26 FEFP Second'!O$1:O$65536,MATCH(A1,'[1]Detail 2025-26 FEFP Second'!A$1:A$65536)) -> 63269727 | H84: x | I84: =IFERROR(ROUND(J81/J82,6),0) -> 0 | J84: =ROUND(G84*I84,2) -> 0 | R84: 9. ESE Guaranteed Allocation
A85: 9. Discretionary Local Effort (WFTE share) | F85: (c) | G85: =INDEX('[1]Detail 2025-26 FEFP Second'!Q$1:Q$65536,MATCH(A1,'[1]Detail 2025-26 FEFP Second'!A$1:A$65536)) -> 268816278 | H85: x | I85: =I57 -> 0.000161 | J85: =ROUND(G85*I85,2) -> 43279.42 | R85: 10. Discretionary Local Effort (WFTE share) | V85: =G85 -> 268816278 | W85: x | X85: =X56 -> 0 | Y85: =ROUND(V85*X85,2) -> 0
A86: 10. Proration to Funds Available (WFTE share) | F86: (c) | G86: =INDEX('[1]Detail 2025-26 FEFP Second'!R$1:R$65536,MATCH(A1,'[1]Detail 2025-26 FEFP Second'!A$1:A$65536)) -> 0 | H86: x | I86: =I57 -> 0.000161 | J86: =ROUND(G86*I86,2) -> 0 | R86: 11. Proration to Funds Available (WFTE share) | V86: =G86 -> 0 | W86: x | X86: =X56 -> 0 | Y86: =ROUND(V86*X86,2) -> 0
A87: 11. Educational Enrollment Stabilization Program (UFTE share) | F87: (b) | G87: =INDEX('[1]Detail 2025-26 FEFP Second'!S$1:S$65536,MATCH(A1,'[1]Detail 2025-26 FEFP Second'!A$1:A$65536)) -> 0 | H87: x | I87: =I54 -> 0.000167 | J87: =ROUND(G87*I87,2) -> 0 | R87: 12. Educational Enrollment Stabilization Program (UFTE share) | V87: =G87 -> 0 | W87: x | X87: =X53 -> 0 | Y87: =ROUND(V87*X87,2) -> 0
A88: 12. Class Size Reduction Funds: | R88: 13. Class Size Reduction Funds:
B89: Weighted FTE (not including Add-On) | D89: X CWF X | G89: Allocation factors | R89: Weighted FTE (not including Add-On) | T89: X CWF X | V89: Allocation factors
A90: PK - 3 | B90: =I12+I13+I18+I21+I24 -> 0 | D90: =I6 -> 1.0355 | G90: ='[1]Detail 2025-26 FEFP Second'!AB3 -> 958.42 | H90: = | I90: =ROUND(B90*D90*G90,2) -> 0 | R90: PK - 3 | S90: =X12+X13+X18+X21+X24 -> 0 | T90: =X6 -> 1.0355 | V90: =G90 -> 958.42 | W90: = | X90: =ROUND(S90*T90*V90,2) -> 0
A91: 4-8 | B91: =I14+I15+I19+I22+I25 -> 36.825 | D91: =I6 -> 1.0355 | G91: ='[1]Detail 2025-26 FEFP Second'!AC3 -> 915.09 | H91: = | I91: =ROUND(B91*D91*G91,2) -> 34894.47 | R91: 4-8 | S91: =X14+X15+X19+X22+X25 -> 0 | T91: =X6 -> 1.0355 | V91: =G91 -> 915.09 | W91: = | X91: =ROUND(S91*T91*V91,2) -> 0
A92: 9-12 | B92: =I16+I17+I20+I23+I26+I27 -> 0 | D92: =I6 -> 1.0355 | G92: ='[1]Detail 2025-26 FEFP Second'!AD3 -> 917.3 | H92: = | I92: =ROUND(B92*D92*G92,2) -> 0 | R92: 9-12 | S92: =X16+X17+X20+X23+X26+X27 -> 0 | T92: =X6 -> 1.0355 | V92: =G92 -> 917.3 | W92: = | X92: =ROUND(S92*T92*V92,2) -> 0
A93: Total * | B93: =SUM(B90:B92) -> 36.825 | E93: Total Class Size Reduction Funds | J93: =IF(A1=75,0,I92+I91+I90) -> 34894.47 | R93: Total * | S93: =SUM(S90:S92) -> 0 | T93: Total Class Size Reduction Funds | Y93: =IF(R1=75,0,X92+X91+X90) -> 0
A94: (*Total FTE should equal total in Section 1, column (4) and should not include any additional FTE from Section 1.) | R94: (*Total FTE should equal total in Section 1, column (4) and should not include any additional FTE from Section 1.)
A95: 13. Student Transportation | F95: (h) | R95: 14. Student Transportation
C96: Oct 2024 FTE | D96: Feb 2025 FTE | E96: Average FTE | R96: Enter All Adjusted Fundable Riders | T96: =IF(I111=1,E97,0) -> 0 | W96: x | X96: =I97 -> 617 | Y96: =ROUND(X96*T96,2) -> 0
A97: Enter All Adjusted Fundable Riders | C97: 7 | D97: 7 | E97: =(C97+D97)/2 -> 7 | H97: x | I97: =IF(A1>67,0,INDEX('[1]Transportation Per Student'!F$1:F$65536,MATCH(A1,'[1]Transportation Per Student'!B$1:B$65536))) -> 617 | J97: =ROUND(I97*E97,2) -> 4319 | R97: Enter All Adjusted ESE Riders | T97: =IF(I112=1,E98,0) -> 0 | W97: x | X97: =I98 -> 1870 | Y97: =ROUND(X97*T97,2) -> 0
A98: Enter All Adjusted ESE Riders | C98: 0 | E98: =(C98+D98)/2 -> 0 | H98: x | I98: =IF(A1>67,0,INDEX('[1]Transportation Per Student'!J$1:J$65536,MATCH(A1,'[1]Transportation Per Student'!B$1:B$65536))) -> 1870 | J98: =ROUND(I98*E98,2) -> 0
A100: 14. Federally Connected Student Supplement | F100: (i) | R100: 15. Federally Connected Student Supplement
A101: Impact Aid Student Type | D101: Number of Students | G101: Exempt Property Allocation | I101: Impact Aid Student Allocation | J101: Total | R101: Impact Aid Student Type | T101: Number of Students | V101: Exempt Property Allocation | X101: Impact Aid Student Allocation | Y101: Total
A102: Military and Indian Lands | G102: =IF(E102=0,0,INDEX('[1]Detail 2025-26 FEFP Second'!V$1:V$65536,MATCH(A1,'[1]Detail 2025-26 FEFP Second'!A$1:A$65536))) -> 0 | I102: =IF(E102=0,0,'[1]Detail 2025-26 FEFP Second'!AL3) -> 0 | J102: =ROUND((I102+G102)*E102,0) -> 0 | R102: Military and Indian Lands | T102: =IF('[1]All charter school calculator'!X102=1,'[1]All charter school calculator'!T100:U100,0) -> 0 | V102: =IF(T102=0,0,INDEX('[1]Detail 2025-26 FEFP Second'!AM$1:AM$65536,MATCH(R1,'[1]Detail 2025-26 FEFP Second'!R$1:R$65536))) -> 0 | X102: =IF(T102=0,0,'[1]Detail 2025-26 FEFP Second'!BC3) -> 0 | Y102: =ROUND((X102+V102)*T102,0) -> 0
A103: Civilians on Federal Lands | G103: =ROUND(G102/2,2) -> 0 | I103: =IF(E103=0,0,ROUND('[1]Detail 2025-26 FEFP Second'!AL3/2,2)) -> 0 | J103: =ROUND((I103+G103)*E103,0) -> 0 | R103: Civilians on Federal Lands | T103: =IF('[1]All charter school calculator'!X103=1,'[1]All charter school calculator'!T100:U100,0) -> 0 | V103: =ROUND(V102/2,2) -> 0 | X103: =IF(T103=0,0,ROUND('[1]Detail 2025-26 FEFP Second'!BC3/2,2)) -> 0 | Y103: =ROUND((X103+V103)*T103,0) -> 0
A104: Students with Disabilities | I104: =IF(I102>0,'[1]Detail 2025-26 FEFP Second'!AM3,0) -> 0 | J104: =ROUND(I104*E104,0) -> 0 | R104: Students with Disabilities | T104: =IF('[1]All charter school calculator'!X104=1,'[1]All charter school calculator'!T100:U100,0) -> 0 | X104: =IF(X102>0,'[1]Detail 2025-26 FEFP Second'!BD3,0) -> 0 | Y104: =ROUND(X104*T104,0) -> 0
A105: Total | J105: =SUM(J102:J104) -> 0 | R105: Total | Y105: =SUM(Y102:Y104) -> 0
A106: 15. Food Service Allocation | F106: (j) | R106: 16. Food Service Allocation | Y106: =IF('[1]All charter school calculator'!X109=1,'[1]All charter school calculator'!Y104,0) -> 0
...

Sheet 0100
A1: 50 | B1: (Insert district number in cell A1, enter, then strike F9. Your district data then pulls from Calculation Detail Sheets) | R1: 50 | S1: (Insert district number in cell A1, enter, then strike F9. Your district data then pulls from Calculation Detail Sheets)
A2: Revenue Estimate Worksheet: The Learning Center Highschool 0100 | R2: =Revenue_Estimate_Worksheet_for___________Charter_School -> Revenue Estimate Worksheet: The Learning Center Highschool 0100
A3: Based on the 2025-26 FEFP Second Calculation | R3: Based on the 2025-26 FEFP Second Calculation
A4: School District: | D4: Palm Beach | H4: September 2025 | R4: School District: | T4: Palm Beach
A5: 1A. 2025-26 FEFP State and Local Funding | R5: 1A. 2025-26 FEFP State and Local Funding
A6: Base Student Allocation | E6: 5372.6 | G6: Comparable Wage Factor: | I6: =INDEX('[1]Detail 2025-26 FEFP Second'!$C$1:$C$65536,MATCH('0100'!$A$1,'[1]Detail 2025-26 FEFP Second'!$A$1:$A$65536,0)) -> 1.0355 | R6: Base Student Allocation | T6: =E6 -> 5372.6 | V6: Comparable Wage Factor: | X6: 1.0355
G7: Small District Factor | I7: =INDEX('[1]Detail 2025-26 FEFP Second'!$D$1:$D$65536,MATCH('0100'!$A$1,'[1]Detail 2025-26 FEFP Second'!$A$1:$A$65536,0)) -> 1 | V7: Small District Factor | X7: 1
J8: 2025-26 | Y8: 2025-26
C9: Oct 2024 | D9: Feb 2025 | G9: Program | I9: Weighted FTE | J9: Base Funding | V9: Program | X9: Weighted FTE | Y9: Base Funding
A10: Program | C10: FTE | D10: FTE | E10: Total FTE | G10: Cost Factor | I10: (2) x (3) | J10: (WFTE x BSA x CWF x SDF) | R10: Program | T10: Number of FTE | V10: Cost Factor | X10: (2) x (3) | Y10: (WFTE x BSA x CWF x SDF)
A11: (1) | E11: (2) | G11: (3) | I11: (4) | J11: (5) | R11: (1) | T11: (2) | V11: (3) | X11: (4) | Y11: (5)
A12: 101 Basic K-3 | C12: 0 | D12: 0 | E12: =IF($D$28=0,C12*2,C12+D12) -> 0 | G12: 1.108 | I12: =ROUND(E12*G12,4) -> 0 | J12: =ROUND(ROUND(ROUND(I12*$E$6,4)*($I$6),2)*(MAX($I$7,1)),2) -> 0 | R12: 101 Basic K-3 | T12: =IF($I$111=1,E12,0) -> 0 | V12: 1 | X12: =ROUND(T12*V12,4) -> 0 | Y12: =ROUND(ROUND(ROUND(X12*$E$6,4)*($I$6),2)*(MAX($I$7,1)),2) -> 0
A13: 111 Basic K-3 with ESE Services | C13: 0 | D13: 0 | E13: =IF($D$28=0,C13*2,C13+D13) -> 0 | G13: 1.108 | I13: =ROUND(E13*G13,4) -> 0 | J13: =ROUND(ROUND(ROUND(I13*$E$6,4)*($I$6),2)*(MAX($I$7,1)),2) -> 0 | R13: 111 Basic K-3 with ESE Services | T13: =IF($I$111=1,E13,0) -> 0 | V13: 1 | X13: =ROUND(T13*V13,4) -> 0 | Y13: =ROUND(ROUND(ROUND(X13*$E$6,4)*($I$6),2)*(MAX($I$7,1)),2) -> 0
A14: 102 Basic 4-8 | C14: 0 | D14: 0 | E14: =IF($D$28=0,C14*2,C14+D14) -> 0 | G14: 1 | I14: =ROUND(E14*G14,4) -> 0 | J14: =ROUND(ROUND(ROUND(I14*$E$6,4)*($I$6),2)*(MAX($I$7,1)),2) -> 0 | R14: 102 Basic 4-8 | T14: =IF($I$111=1,E14,0) -> 0 | V14: 1 | X14: =ROUND(T14*V14,4) -> 0 | Y14: =ROUND(ROUND(ROUND(X14*$E$6,4)*($I$6),2)*(MAX($I$7,1)),2) -> 0
A15: 112 Basic 4-8 with ESE Services | C15: 0 | D15: 0 | E15: =IF($D$28=0,C15*2,C15+D15) -> 0 | G15: 1 | I15: =ROUND(E15*G15,4) -> 0 | J15: =ROUND(ROUND(ROUND(I15*$E$6,4)*($I$6),2)*(MAX($I$7,1)),2) -> 0 | R15: 112 Basic 4-8 with ESE Services | T15: =IF($I$111=1,E15,0) -> 0 | V15: 1 | X15: =ROUND(T15*V15,4) -> 0 | Y15: =ROUND(ROUND(ROUND(X15*$E$6,4)*($I$6),2)*(MAX($I$7,1)),2) -> 0
A16: 103 Basic 9-12 | C16: 0 | D16: 0 | E16: =IF($D$28=0,C16*2,C16+D16) -> 0 | G16: 0.972 | I16: =ROUND(E16*G16,4) -> 0 | J16: =ROUND(ROUND(ROUND(I16*$E$6,4)*($I$6),2)*(MAX($I$7,1)),2) -> 0 | R16: 103 Basic 9-12 | T16: =IF($I$111=1,E16,0) -> 0 | V16: 1 | X16: =ROUND(T16*V16,4) -> 0 | Y16: =ROUND(ROUND(ROUND(X16*$E$6,4)*($I$6),2)*(MAX($I$7,1)),2) -> 0
A17: 113 Basic 9-12 with ESE Services | C17: 1 | D17: 0 | E17: =IF($D$28=0,C17*2,C17+D17) -> 2 | G17: 0.972 | I17: =ROUND(E17*G17,4) -> 1.944 | J17: =ROUND(ROUND(ROUND(I17*$E$6,4)*($I$6),2)*(MAX($I$7,1)),2) -> 10815.11 | R17: 113 Basic 9-12 with ESE Services | T17: =IF($I$111=1,E17,0) -> 2 | V17: 1 | X17: =ROUND(T17*V17,4) -> 2 | Y17: =ROUND(ROUND(ROUND(X17*$E$6,4)*($I$6),2)*(MAX($I$7,1)),2) -> 11126.65
A18: 254 ESE Level 4 (Grade Level PK-3) | C18: 3.5 | D18: 0 | E18: =IF($D$28=0,C18*2,C18+D18) -> 7 | G18: 3.609 | I18: =ROUND(E18*G18,4) -> 25.263 | J18: =ROUND(ROUND(ROUND(I18*$E$6,4)*($I$6),2)*(MAX($I$7,1)),2) -> 140546.34 | R18: 254 ESE Level 4 (Grade Level PK-3) | T18: =IF($I$111=1,E18,0) -> 7 | V18: 1 | X18: =ROUND(T18*V18,4) -> 7 | Y18: =ROUND(ROUND(ROUND(X18*$E$6,4)*($I$6),2)*(MAX($I$7,1)),2) -> 38943.29
A19: 254 ESE Level 4 (Grade Level 4-8) | C19: 1 | D19: 0 | E19: =IF($D$28=0,C19*2,C19+D19) -> 2 | G19: 3.609 | I19: =ROUND(E19*G19,4) -> 7.218 | J19: =ROUND(ROUND(ROUND(I19*$E$6,4)*($I$6),2)*(MAX($I$7,1)),2) -> 40156.1 | R19: 254 ESE Level 4 (Grade Level 4-8) | T19: =IF($I$111=1,E19,0) -> 2 | V19: 1 | X19: =ROUND(T19*V19,4) -> 2 | Y19: =ROUND(ROUND(ROUND(X19*$E$6,4)*($I$6),2)*(MAX($I$7,1)),2) -> 11126.65
A20: 254 ESE Level 4 (Grade Level 9-12) | C20: 0 | D20: 0 | E20: =IF($D$28=0,C20*2,C20+D20) -> 0 | G20: 3.609 | I20: =ROUND(E20*G20,4) -> 0 | J20: =ROUND(ROUND(ROUND(I20*$E$6,4)*($I$6),2)*(MAX($I$7,1)),2) -> 0 | R20: 254 ESE Level 4 (Grade Level 9-12) | T20: =IF($I$111=1,E20,0) -> 0 | V20: 1 | X20: =ROUND(T20*V20,4) -> 0 | Y20: =ROUND(ROUND(ROUND(X20*$E$6,4)*($I$6),2)*(MAX($I$7,1)),2) -> 0
A21: 255 ESE Level 5 (Grade Level PK-3) | C21: 0 | D21: 0 | E21: =IF($D$28=0,C21*2,C21+D21) -> 0 | G21: 6.064 | I21: =ROUND(E21*G21,4) -> 0 | J21: =ROUND(ROUND(ROUND(I21*$E$6,4)*($I$6),2)*(MAX($I$7,1)),2) -> 0 | R21: 255 ESE Level 5 (Grade Level PK-3) | T21: =IF($I$111=1,E21,0) -> 0 | V21: 1 | X21: =ROUND(T21*V21,4) -> 0 | Y21: =ROUND(ROUND(ROUND(X21*$E$6,4)*($I$6),2)*(MAX($I$7,1)),2) -> 0
A22: 255 ESE Level 5 (Grade Level 4-8) | C22: 0 | D22: 0 | E22: =IF($D$28=0,C22*2,C22+D22) -> 0 | G22: 6.064 | I22: =ROUND(E22*G22,4) -> 0 | J22: =ROUND(ROUND(ROUND(I22*$E$6,4)*($I$6),2)*(MAX($I$7,1)),2) -> 0 | R22: 255 ESE Level 5 (Grade Level 4-8) | T22: =IF($I$111=1,E22,0) -> 0 | V22: 1 | X22: =ROUND(T22*V22,4) -> 0 | Y22: =ROUND(ROUND(ROUND(X22*$E$6,4)*($I$6),2)*(MAX($I$7,1)),2) -> 0
A23: 255 ESE Level 5 (Grade Level 9-12) | C23: 0 | D23: 0 | E23: =IF($D$28=0,C23*2,C23+D23) -> 0 | G23: 6.064 | I23: =ROUND(E23*G23,4) -> 0 | J23: =ROUND(ROUND(ROUND(I23*$E$6,4)*($I$6),2)*(MAX($I$7,1)),2) -> 0 | R23: 255 ESE Level 5 (Grade Level 9-12) | T23: =IF($I$111=1,E23,0) -> 0 | V23: 1 | X23: =ROUND(T23*V23,4) -> 0 | Y23: =ROUND(ROUND(ROUND(X23*$E$6,4)*($I$6),2)*(MAX($I$7,1)),2) -> 0
... A27: 300 Career Education (Grades 9-12) | C27: 0 | D27: 0 | E27: =IF($D$28=0,C27*2,C27+D27) -> 0 | G27: 1.081 | I27: =ROUND(E27*G27,4) -> 0 | J27: =ROUND(ROUND(ROUND(I27*$E$6,4)*($I$6),2)*(MAX($I$7,1)),2) -> 0 | R27: 300 Career Education (Grades 9-12) | T27: =IF($I$111=1,E27,0) -> 0 | V27: 1 | X27: =ROUND(T27*V27,4) -> 0 | Y27: =ROUND(ROUND(ROUND(X27*$E$6,4)*($I$6),2)*(MAX($I$7,1)),2) -> 0
A28: Totals | C28: =SUM(C12:C27) -> 5.5 | D28: =SUM(D12:D27) -> 0 | E28: =SUM(E12:E27) -> 11 | I28: =SUM(I12:I27) -> 34.425 | J28: =SUM(J12:J27) -> 191517.55 | R28: Totals | T28: =SUM(T12:T27) -> 11 | X28: =SUM(X12:X27) -> 11 | Y28: =SUM(Y12:Y27) -> 61196.59
A29: Letters in Parentheses Refer to Notes at Bottom of Worksheet: | R29: Letters in Parentheses Refer to Notes at Bottom of Worksheet:
A30: Additional FTE | E30: Number of FTE Charter schools should contact their school district sponsor regarding eligible FTE. Please note that “Number of FTE” is NOT equivalent to number of students enrolled in these courses or programs. | J30: 2025-26 Base Funding (WFTE x BSA x CWF x SDF) | R30: Additional FTE | T30: Number of FTE Charter schools should contact their school district sponsor regarding eligible FTE. Please note that “Number of FTE” is NOT equivalent to number of students enrolled in these courses or programs. Please refer to footnote (a) below. | Y30: 2025-26 Base Funding (WFTE x BSA x CWF x SDF)
A31: Small District ESE Supplement | J31: =ROUND(ROUND(ROUND(I31*$E$6,4)*($I$6),0)*(MAX($I$7,1)),0) -> 0 | R31: Small District ESE Supplement | T31: =IF('[1]All charter school calculator'!X109=1,'[1]All charter school calculator'!X31,0) -> 0 | Y31: =J31 -> 0
A32: Total Additional FTE | G32: =SUM(I31:I31) -> 0 | H32: Additional Base Funds | J32: =SUM(J31:J31) -> 0 | R32: Total Additional FTE | V32: =SUM(T31:V31) -> 0 | W32: Additional Base Funds | Y32: =SUM(Y31:Y31) -> 0
A33: Total Funded Weighted FTE | G33: =G32+I28 -> 34.425 | H33: Total Base Funding | J33: =SUM(J32,J28) -> 191517.55 | R33: Total Funded Weighted FTE | V33: =V32+X28 -> 11 | W33: Total Base Funding | Y33: =SUM(Y32,Y28) -> 61196.59
A35: 1B. Classroom Teacher and Other Instructional Personnel Salary Increase Maintenance and Growth Portions of the Salary Increase funds are part of the total Conference Base Funding and are not treated as a separate allocation. Amounts are split out here for informative purposes and for the purposes of providing a total that may be used for calculating the adminstrative fee. | R35: 1B. Classroom Teacher and Other Instructional Personnel Salary Increase Maintenance and Growth Portions of the Salary Increase funds are part of the total Conference Base Funding and are not treated as a separate allocation. Amounts are split out here for informative purposes and for the purposes of providing a total that may be used for calculating the adminstrative fee.
A36: Maintenance Portion (6.67% of Conference Base Funding) | F36: (a) | G36: 191517.55 | H36: X | I36: 0.0667 | J36: =ROUND(G36*I36,2) -> 12774.22 | R36: Maintenance Portion (6.67% of Conference Base Funding) | V36: 61196.59 | W36: X | X36: 0.0667 | Y36: =ROUND(V36*X36,2) -> 4081.81
A37: Growth Portion (0.54% of Conference Base Funding) | F37: (a) | G37: 191517.55 | H37: X | I37: 0.0054 | J37: =ROUND(G37*I37,2) -> 1034.19 | R37: Growth Portion (0.54% of Conference Base Funding) | V37: 61196.59 | W37: X | X37: 0.0054 | Y37: =ROUND(V37*X37,2) -> 330.46
A38: Total Salary Increase Allocation | J38: =SUM(J36:J37) -> 13808.41 | R38: Total Salary Increase Allocation | Y38: =Y36+Y37 -> 4412.27
A40: 2. ESE Guaranteed Allocation: | C40: Oct 2024 FTE | D40: Feb 2025 FTE | E40: Total FTE | G40: Grade Level | H40: Matrix Level | I40: Guarantee Per Student | R40: 2. ESE Guaranteed Allocation: | T40: FTE | V40: Grade Level | W40: Matrix Level | X40: Guarantee Per Student
A41: Additional Funding from the ESE Guaranteed Allocation. Enter the FTE from 111,112 and 113 by grade and matrix level. Students who do not have a matrix level should be considered 251. This total should equal all FTE from programs 111, 112 and 113 above, less any 113 gifted FTE. | C41: 0 | D41: 0 | E41: =IF($D$50=0,C41*2,C41+D41) -> 0 | G41: PK-3 | H41: 251 | I41: =INDEX('[1]111-112-113 ADDITIONAL FUND'!D$1:D$65536,MATCH($A$1,'[1]111-112-113 ADDITIONAL FUND'!A$1:A$65536)) -> 1047 | J41: =ROUND(E41*I41,2) -> 0 | R41: Additional Funding from the ESE Guaranteed Allocation. Enter the FTE from 111,112, & 113 by grade and matrix level. Students who do not have a matrix level should be considered 251. This total should equal all FTE from programs 111, 112 & 113 above. | V41: PK-3 | W41: 251 | X41: =I41 -> 1047 | Y41: =ROUND(T41*X41,2) -> 0
C42: 0 | D42: 0 | E42: =IF($D$50=0,C42*2,C42+D42) -> 0 | G42: PK-3 | H42: 252 | I42: =INDEX('[1]111-112-113 ADDITIONAL FUND'!E$1:E$65536,MATCH($A$1,'[1]111-112-113 ADDITIONAL FUND'!A$1:A$65536)) -> 3380 | J42: =ROUND(E42*I42,2) -> 0 | V42: PK-3 | W42: 252 | X42: =I42 -> 3380 | Y42: =ROUND(T42*X42,2) -> 0
C43: 0 | D43: 0 | E43: =IF($D$50=0,C43*2,C43+D43) -> 0 | G43: PK-3 | H43: 253 | I43: =INDEX('[1]111-112-113 ADDITIONAL FUND'!F$1:F$65536,MATCH($A$1,'[1]111-112-113 ADDITIONAL FUND'!A$1:A$65536)) -> 6896 | J43: =ROUND(E43*I43,2) -> 0 | V43: PK-3 | W43: 253 | X43: =I43 -> 6896 | Y43: =ROUND(T43*X43,2) -> 0
C44: 0 | D44: 0 | E44: =IF($D$50=0,C44*2,C44+D44) -> 0 | G44: 4-8 | H44: 251 | I44: =INDEX('[1]111-112-113 ADDITIONAL FUND'!G$1:G$65536,MATCH($A$1,'[1]111-112-113 ADDITIONAL FUND'!A$1:A$65536)) -> 1173 | J44: =ROUND(E44*I44,2) -> 0 | V44: 4-8 | W44: 251 | X44: =I44 -> 1173 | Y44: =ROUND(T44*X44,2) -> 0
C45: 0 | D45: 0 | E45: =IF($D$50=0,C45*2,C45+D45) -> 0 | G45: 4-8 | H45: 252 | I45: =INDEX('[1]111-112-113 ADDITIONAL FUND'!H$1:H$65536,MATCH($A$1,'[1]111-112-113 ADDITIONAL FUND'!A$1:A$65536)) -> 3506 | J45: =ROUND(E45*I45,2) -> 0 | V45: 4-8 | W45: 252 | X45: =I45 -> 3506 | Y45: =ROUND(T45*X45,2) -> 0
C46: 0 | D46: 0 | E46: =IF($D$50=0,C46*2,C46+D46) -> 0 | G46: 4-8 | H46: 253 | I46: =INDEX('[1]111-112-113 ADDITIONAL FUND'!I$1:I$65536,MATCH($A$1,'[1]111-112-113 ADDITIONAL FUND'!A$1:A$65536)) -> 7023 | J46: =ROUND(E46*I46,2) -> 0 | V46: 4-8 | W46: 253 | X46: =I46 -> 7023 | Y46: =ROUND(T46*X46,2) -> 0
C47: 1 | D47: 0 | E47: =IF($D$50=0,C47*2,C47+D47) -> 2 | G47: 9-12 | H47: 251 | I47: =INDEX('[1]111-112-113 ADDITIONAL FUND'!J$1:J$65536,MATCH($A$1,'[1]111-112-113 ADDITIONAL FUND'!A$1:A$65536)) -> 835 | J47: =ROUND(E47*I47,2) -> 1670 | V47: 9-12 | W47: 251 | X47: =I47 -> 835 | Y47: =ROUND(T47*X47,2) -> 0
C48: 0 | D48: 0 | E48: =IF($D$50=0,C48*2,C48+D48) -> 0 | G48: 9-12 | H48: 252 | I48: =INDEX('[1]111-112-113 ADDITIONAL FUND'!K$1:K$65536,MATCH($A$1,'[1]111-112-113 ADDITIONAL FUND'!A$1:A$65536)) -> 3168 | J48: =ROUND(E48*I48,2) -> 0 | V48: 9-12 | W48: 252 | X48: =I48 -> 3168 | Y48: =ROUND(T48*X48,2) -> 0
C49: 0 | D49: 0 | E49: =IF($D$50=0,C49*2,C49+D49) -> 0 | G49: 9-12 | H49: 253 | I49: =INDEX('[1]111-112-113 ADDITIONAL FUND'!L$1:L$65536,MATCH($A$1,'[1]111-112-113 ADDITIONAL FUND'!A$1:A$65536)) -> 6685 | J49: =ROUND(E49*I49,2) -> 0 | V49: 9-12 | W49: 253 | X49: =I49 -> 6685 | Y49: =ROUND(T49*X49,2) -> 0
A50: Total FTE with ESE Services | C50: =SUM(C41:C49) -> 1 | D50: =SUM(D41:D49) -> 0 | E50: =SUM(E41:E49) -> 2 | G50: Total ESE Guarantee | J50: =SUM(J41:J49) -> 1670 | R50: Total FTE with ESE Services | T50: =SUM(T42:T49) -> 0 | V50: Total ESE Guarantee | Y50: =SUM(Y41:Y49) -> 0
R51: 3A. Divide school's Unweighted FTE (UFTE) total computed in Section 1, cell C28 above by the district's total UFTE to obtain school's
A52: 3A. Divide school's Unweighted FTE (UFTE) total computed in Section 1, cell C28 above by the district's total UFTE to obtain school's | R52: UFTE share. Charter School UFTE: | T52: =T28 -> 11 | U52: ÷ | W52: District's Total UFTE: | X52: =I53 -> 215320.92
A53: UFTE share. Charter School UFTE: | C53: =E28 -> 11 | D53: ÷ | H53: District's Total UFTE: | I53: =INDEX('[1]Detail 2025-26 FEFP Second'!E$1:E$65536,MATCH(A1,'[1]Detail 2025-26 FEFP Second'!A$1:A$65536)) -> 215320.92 | W53: = | X53: =ROUND(T52/X52,6) -> 5.1e-05
H54: = | I54: =IFERROR(ROUND(C53/I53,6),0) -> 5.1e-05 | R54: 3B. Divide school's Weighted FTE (WFTE) total computed in Section 1, cell E39 above by the district's total WFTE to obtain school's
A55: 3B. Divide school's Weighted FTE (WFTE) total computed in Section 1, cell E33 above by the district's total WFTE to obtain school's | R55: WFTE share. Charter School WFTE: | T55: =V33 -> 11 | U55: ÷ | W55: District's Total WFTE: | X55: =I56 -> 229051.25
A56: WFTE share. Charter School WFTE: | C56: =G33 -> 34.425 | D56: ÷ | H56: District's Total WFTE: | I56: =INDEX('[1]Detail 2025-26 FEFP Second'!F$1:F$65536,MATCH(A1,'[1]Detail 2025-26 FEFP Second'!A$1:A$65536)) -> 229051.25 | W56: = | X56: =ROUND(T55/X55,6) -> 4.8e-05
H57: = | I57: =IFERROR(ROUND(C56/I56,6),0) -> 0.00015 | R57: 3C. Divide school's Unweighted FTE (UFTE) total computed in Section 1, cell C28 above by the district's total non-scholarship UFTE to obtain school's
A58: 3C. Divide school's Unweighted FTE (UFTE) total computed in Section 1, cell C28 above by the district's total non-scholarship UFTE to obtain school's | R58: UFTE share. Charter School UFTE: | T58: =T28 -> 11 | U58: ÷ | V58: District's Total Non-Scholarship UFTE: | X58: =I59 -> 186156.17
A59: UFTE share. Charter School UFTE: | C59: =E28 -> 11 | D59: ÷ | F59: District's Total Non-Scholarship UFTE: | I59: =INDEX('[1]Detail 2025-26 FEFP Second'!H$1:H$65536,MATCH(A1,'[1]Detail 2025-26 FEFP Second'!A$1:A$65536)) -> 186156.17 | W59: = | X59: =ROUND(T58/X58,6) -> 5.9e-05
H60: = | I60: =IFERROR(ROUND(C59/I59,6),0) -> 5.9e-05 | R60: 3D. Divide school's Unweighted FTE (UFTE) total computed in Section 1, cell C28 above by the district's total non-virtual UFTE to obtain school's
A61: 3D. Divide school's Unweighted FTE (UFTE) total computed in Section 1, cell C28 above by the district's total non-virtual UFTE to obtain school's | R61: UFTE share. Charter School UFTE: | T61: =T28 -> 11 | U61: ÷ | V61: District's Total Non-Virtual UFTE: | X61: =I62 -> 215016.58
A62: UFTE share. Charter School UFTE: | C62: =E28 -> 11 | D62: ÷ | F62: District's Total Non-Virtual UFTE: | I62: =INDEX('[1]Detail 2025-26 FEFP Second'!G$1:G$65536,MATCH(A1,'[1]Detail 2025-26 FEFP Second'!A$1:A$65536)) -> 215016.58 | W62: = | X62: =ROUND(T61/X61,6) -> 5.1e-05
H63: = | I63: =IFERROR(ROUND(C62/I62,6),0) -> 5.1e-05 | R63: 3E. Divide school's Unweighted FTE (UFTE) total computed in Section 1, cell C28 above by the district's total non-scholarship and non-virtual UFTE to obtain school's
A64: 3E. Divide school's Unweighted FTE (UFTE) total computed in Section 1, cell C28 above by the district's total non-scholarship and non-virtual UFTE to obtain school's | R64: UFTE share. Charter School UFTE: | T64: =T28 -> 11 | U64: ÷ | V64: District's Total Non-Virtual and Non-Scholarship UFTE: | X64: =I65 -> 185851.83
A65: UFTE share. Charter School UFTE: | C65: =E28 -> 11 | D65: ÷ District's Total Non-Scholarship Non-Virtual UFTE: | I65: =INDEX('[1]Detail 2025-26 FEFP Second'!I$1:I$65536,MATCH(A1,'[1]Detail 2025-26 FEFP Second'!A$1:A$65536)) -> 185851.83 | W65: = | X65: =ROUND(T64/X64,6) -> 5.9e-05
H66: = | I66: =IFERROR(ROUND(C65/I65,6),0) -> 5.9e-05
R67: 4. Educational Enrichment Share (Non-Virtual UFTE share) | V67: =G68 -> 47290747 | W67: x | X67: =X62 -> 5.1e-05 | Y67: =ROUND(V67*X67,2) -> 2411.83
A68: 4. Educational Enrichment Share (Non-Virtual UFTE share) | F68: (e) | G68: =INDEX('[1]Detail 2025-26 FEFP Second'!N$1:N$65536,MATCH(A1,'[1]Detail 2025-26 FEFP Second'!A$1:A$65536)) -> 47290747 | H68: x | I68: =I63 -> 5.1e-05 | J68: =ROUND(G68*I68,2) -> 2411.83 | R68: 5. Discretionary Millage Compression Allocation
A69: 5. Discretionary Millage Compression Allocation | R69: .748 Mills | V69: =G70 -> 0 | W69: x | X69: =X53 -> 5.1e-05 | Y69: =ROUND(V69*X69,2) -> 0
A70: .748 Mills (UFTE share) | F70: (b) | G70: =INDEX('[1]Detail 2025-26 FEFP Second'!L$1:L$65536,MATCH(A1,'[1]Detail 2025-26 FEFP Second'!A$1:A$65536)) -> 0 | H70: x | I70: =I54 -> 5.1e-05 | J70: =ROUND(G70*I70,2) -> 0 | R70: 6. Safe Schools Allocation (Non-Virtual and Scholarship UFTE share) | V70: =G71 -> 19167881 | W70: x | X70: =X65 -> 5.9e-05 | Y70: =ROUND(V70*X70,2) -> 1130.9
A71: 6. Safe Schools Allocation (Non-Virtual and Non-Scholarship UFTE share) | F71: (f) | G71: =INDEX('[1]Detail 2025-26 FEFP Second'!M$1:M$65536,MATCH(A1,'[1]Detail 2025-26 FEFP Second'!A$1:A$65536)) -> 19167881 | H71: x | I71: =I66 -> 5.9e-05 | J71: =ROUND(G71*I71,2) -> 1130.9 | R71: 7. Mental Health Assistance Allocation (Non-Scholarship UFTE share) | V71: =G72 -> 11546889 | W71: x | X71: =X59 -> 5.9e-05 | Y71: =ROUND(V71*X71,2) -> 681.27
A72: 7. Mental Health Assistance Allocation (Non-Scholarship UFTE share) | F72: (d) | G72: =INDEX('[1]Detail 2025-26 FEFP Second'!T$1:T$65536,MATCH(A1,'[1]Detail 2025-26 FEFP Second'!A$1:A$65536)) -> 11546889 | H72: x | I72: =I60 -> 5.9e-05 | J72: =ROUND(G72*I72,2) -> 681.27 | R72: 8. Academic Acceleration Options Supplement (Value share)
A73: 8. Academic Acceleration Options Supplement (Value share) | F73: (g) | R73: Acceleration Value | T73: Acceleration Value Charter schools should contact their school district sponsor regarding eligible value. Please note that “Acceleration Value” is NOT equivalent to number of students enrolled in these courses or programs. Please refer to footnote (a) below.
A74: Acceleration Value | E74: Acceleration Value Charter schools should contact their school district sponsor regarding eligible value. Please note that “Acceleration Value” is NOT equivalent to number of students enrolled in these courses or programs. Please refer to footnote (g) below. | R74: Advanced Placement
A75: Advanced Placement | R75: International Baccalaureate
A76: International Baccalaureate | R76: Advanced International Certificate
A77: Advanced International Certificate | R77: Industry Certified Career Education
A78: Industry Certified Career Education | R78: Early High School Graduation
A79: Early High School Graduation | R79: Dual Enrollment
A80: Dual Enrollment | X80: School total value | Y80: =SUM(Y74:Y79) -> 0
I81: School total value | J81: =SUM(J75:J80) -> 0 | X81: District total value | Y81: =J82 -> 11461.43
I82: District total value | J82: =INDEX('[1]Detail 2025-26 FEFP Second'!J$1:J$65536,MATCH(A1,'[1]Detail 2025-26 FEFP Second'!A$1:A$65536)) -> 11461.43
R83: School Academic Acceleration Option Supplement | V83: =G84 -> 63269727 | W83: x | X83: =IFERROR(ROUND(Y80/Y81,6),0) -> 0 | Y83: =ROUND(V83*X83,2) -> 0
A84: School Academic Acceleration Option Supplement | G84: =INDEX('[1]Detail 2025-26 FEFP Second'!O$1:O$65536,MATCH(A1,'[1]Detail 2025-26 FEFP Second'!A$1:A$65536)) -> 63269727 | H84: x | I84: =IFERROR(ROUND(J81/J82,6),0) -> 0 | J84: =ROUND(G84*I84,2) -> 0 | R84: 9. ESE Guaranteed Allocation
A85: 9. Discretionary Local Effort (WFTE share) | F85: (c) | G85: =INDEX('[1]Detail 2025-26 FEFP Second'!Q$1:Q$65536,MATCH(A1,'[1]Detail 2025-26 FEFP Second'!A$1:A$65536)) -> 268816278 | H85: x | I85: =I57 -> 0.00015 | J85: =ROUND(G85*I85,2) -> 40322.44 | R85: 10. Discretionary Local Effort (WFTE share) | V85: =G85 -> 268816278 | W85: x | X85: =X56 -> 4.8e-05 | Y85: =ROUND(V85*X85,2) -> 12903.18
A86: 10. Proration to Funds Available (WFTE share) | F86: (c) | G86: =INDEX('[1]Detail 2025-26 FEFP Second'!R$1:R$65536,MATCH(A1,'[1]Detail 2025-26 FEFP Second'!A$1:A$65536)) -> 0 | H86: x | I86: =I57 -> 0.00015 | J86: =ROUND(G86*I86,2) -> 0 | R86: 11. Proration to Funds Available (WFTE share) | V86: =G86 -> 0 | W86: x | X86: =X56 -> 4.8e-05 | Y86: =ROUND(V86*X86,2) -> 0
A87: 11. Educational Enrollment Stabilization Program (UFTE share) | F87: (b) | G87: =INDEX('[1]Detail 2025-26 FEFP Second'!S$1:S$65536,MATCH(A1,'[1]Detail 2025-26 FEFP Second'!A$1:A$65536)) -> 0 | H87: x | I87: =I54 -> 5.1e-05 | J87: =ROUND(G87*I87,2) -> 0 | R87: 12. Educational Enrollment Stabilization Program (UFTE share) | V87: =G87 -> 0 | W87: x | X87: =X53 -> 5.1e-05 | Y87: =ROUND(V87*X87,2) -> 0
A88: 12. Class Size Reduction Funds: | R88: 13. Class Size Reduction Funds:
B89: Weighted FTE (not including Add-On) | D89: X CWF X | G89: Allocation factors | R89: Weighted FTE (not including Add-On) | T89: X CWF X | V89: Allocation factors
A90: PK - 3 | B90: =I12+I13+I18+I21+I24 -> 25.263 | D90: =I6 -> 1.0355 | G90: ='[1]Detail 2025-26 FEFP Second'!AB3 -> 958.42 | H90: = | I90: =ROUND(B90*D90*G90,2) -> 25072.11 | R90: PK - 3 | S90: =X12+X13+X18+X21+X24 -> 7 | T90: =X6 -> 1.0355 | V90: =G90 -> 958.42 | W90: = | X90: =ROUND(S90*T90*V90,2) -> 6947.11
A91: 4-8 | B91: =I14+I15+I19+I22+I25 -> 7.218 | D91: =I6 -> 1.0355 | G91: ='[1]Detail 2025-26 FEFP Second'!AC3 -> 915.09 | H91: = | I91: =ROUND(B91*D91*G91,2) -> 6839.6 | R91: 4-8 | S91: =X14+X15+X19+X22+X25 -> 2 | T91: =X6 -> 1.0355 | V91: =G91 -> 915.09 | W91: = | X91: =ROUND(S91*T91*V91,2) -> 1895.15
A92: 9-12 | B92: =I16+I17+I20+I23+I26+I27 -> 1.944 | D92: =I6 -> 1.0355 | G92: ='[1]Detail 2025-26 FEFP Second'!AD3 -> 917.3 | H92: = | I92: =ROUND(B92*D92*G92,2) -> 1846.54 | R92: 9-12 | S92: =X16+X17+X20+X23+X26+X27 -> 2 | T92: =X6 -> 1.0355 | V92: =G92 -> 917.3 | W92: = | X92: =ROUND(S92*T92*V92,2) -> 1899.73
A93: Total * | B93: =SUM(B90:B92) -> 34.425 | E93: Total Class Size Reduction Funds | J93: =IF(A1=75,0,I92+I91+I90) -> 33758.25 | R93: Total * | S93: =SUM(S90:S92) -> 11 | T93: Total Class Size Reduction Funds | Y93: =IF(R1=75,0,X92+X91+X90) -> 10741.99
A94: (*Total FTE should equal total in Section 1, column (4) and should not include any additional FTE from Section 1.) | R94: (*Total FTE should equal total in Section 1, column (4) and should not include any additional FTE from Section 1.)
A95: 13. Student Transportation | F95: (h) | R95: 14. Student Transportation
C96: Oct 2024 FTE | D96: Feb 2025 FTE | E96: Average FTE | R96: Enter All Adjusted Fundable Riders | T96: =IF(I111=1,E97,0) -> 0 | W96: x | X96: =I97 -> 617 | Y96: =ROUND(X96*T96,2) -> 0
A97: Enter All Adjusted Fundable Riders | C97: 0 | D97: 0 | E97: =(C97+D97)/2 -> 0 | H97: x | I97: =IF(A1>67,0,INDEX('[1]Transportation Per Student'!F$1:F$65536,MATCH(A1,'[1]Transportation Per Student'!B$1:B$65536))) -> 617 | J97: =ROUND(I97*E97,2) -> 0 | R97: Enter All Adjusted ESE Riders | T97: =IF(I112=1,E98,0) -> 0 | W97: x | X97: =I98 -> 1870 | Y97: =ROUND(X97*T97,2) -> 0
A98: Enter All Adjusted ESE Riders | C98: 0 | E98: =(C98+D98)/2 -> 0 | H98: x | I98: =IF(A1>67,0,INDEX('[1]Transportation Per Student'!J$1:J$65536,MATCH(A1,'[1]Transportation Per Student'!B$1:B$65536))) -> 1870 | J98: =ROUND(I98*E98,2) -> 0
A100: 14. Federally Connected Student Supplement | F100: (i) | R100: 15. Federally Connected Student Supplement
A101: Impact Aid Student Type | D101: Number of Students | G101: Exempt Property Allocation | I101: Impact Aid Student Allocation | J101: Total | R101: Impact Aid Student Type | T101: Number of Students | V101: Exempt Property Allocation | X101: Impact Aid Student Allocation | Y101: Total
A102: Military and Indian Lands | G102: =IF(E102=0,0,INDEX('[1]Detail 2025-26 FEFP Second'!V$1:V$65536,MATCH(A1,'[1]Detail 2025-26 FEFP Second'!A$1:A$65536))) -> 0 | I102: =IF(E102=0,0,'[1]Detail 2025-26 FEFP Second'!AL3) -> 0 | J102: =ROUND((I102+G102)*E102,0) -> 0 | R102: Military and Indian Lands | T102: =IF('[1]All charter school calculator'!X102=1,'[1]All charter school calculator'!T100:U100,0) -> 0 | V102: =IF(T102=0,0,INDEX('[1]Detail 2025-26 FEFP Second'!AM$1:AM$65536,MATCH(R1,'[1]Detail 2025-26 FEFP Second'!R$1:R$65536))) -> 0 | X102: =IF(T102=0,0,'[1]Detail 2025-26 FEFP Second'!BC3) -> 0 | Y102: =ROUND((X102+V102)*T102,0) -> 0
A103: Civilians on Federal Lands | G103: =ROUND(G102/2,2) -> 0 | I103: =IF(E103=0,0,ROUND('[1]Detail 2025-26 FEFP Second'!AL3/2,2)) -> 0 | J103: =ROUND((I103+G103)*E103,0) -> 0 | R103: Civilians on Federal Lands | T103: =IF('[1]All charter school calculator'!X103=1,'[1]All charter school calculator'!T100:U100,0) -> 0 | V103: =ROUND(V102/2,2) -> 0 | X103: =IF(T103=0,0,ROUND('[1]Detail 2025-26 FEFP Second'!BC3/2,2)) -> 0 | Y103: =ROUND((X103+V103)*T103,0) -> 0
A104: Students with Disabilities | I104: =IF(I102>0,'[1]Detail 2025-26 FEFP Second'!AM3,0) -> 0 | J104: =ROUND(I104*E104,0) -> 0 | R104: Students with Disabilities | T104: =IF('[1]All charter school calculator'!X104=1,'[1]All charter school calculator'!T100:U100,0) -> 0 | X104: =IF(X102>0,'[1]Detail 2025-26 FEFP Second'!BD3,0) -> 0 | Y104: =ROUND(X104*T104,0) -> 0
A105: Total | J105: =SUM(J102:J104) -> 0 | R105: Total | Y105: =SUM(Y102:Y104) -> 0
A106: 15. Food Service Allocation | F106: (j) | R106: 16. Food Service Allocation | Y106: =IF('[1]All charter school calculator'!X109=1,'[1]All charter school calculator'!Y104,0) -> 0
...

Sheet 1461
A1: 50 | B1: (Insert district number in cell A1, enter, then strike F9. Your district data then pulls from Calculation Detail Sheets) | R1: 50 | S1: (Insert district number in cell A1, enter, then strike F9. Your district data then pulls from Calculation Detail Sheets)
A2: Revenue Estimate Worksheet: Inlet Grove Community High School - 1461 | R2: =Revenue_Estimate_Worksheet_for___________Charter_School -> Revenue Estimate Worksheet: Inlet Grove Community High School - 1461
A3: Based on the 2025-26 FEFP Second Calculation | R3: Based on the 2025-26 FEFP Second Calculation
A4: School District: | D4: Palm Beach | H4: September 2025 | R4: School District: | T4: Palm Beach
A5: 1A. 2025-26 FEFP State and Local Funding | R5: 1A. 2025-26 FEFP State and Local Funding
A6: Base Student Allocation | E6: 5372.6 | G6: Comparable Wage Factor: | I6: =INDEX('[1]Detail 2025-26 FEFP Second'!$C$1:$C$65536,MATCH('1461'!$A$1,'[1]Detail 2025-26 FEFP Second'!$A$1:$A$65536,0)) -> 1.0355 | R6: Base Student Allocation | T6: =E6 -> 5372.6 | V6: Comparable Wage Factor: | X6: 1.0355
G7: Small District Factor | I7: =INDEX('[1]Detail 2025-26 FEFP Second'!$D$1:$D$65536,MATCH('1461'!$A$1,'[1]Detail 2025-26 FEFP Second'!$A$1:$A$65536,0)) -> 1 | V7: Small District Factor | X7: 1
J8: 2025-26 | Y8: 2025-26
C9: Oct 2024 | D9: Feb 2025 | G9: Program | I9: Weighted FTE | J9: Base Funding | V9: Program | X9: Weighted FTE | Y9: Base Funding
A10: Program | C10: FTE | D10: FTE | E10: Total FTE | G10: Cost Factor | I10: (2) x (3) | J10: (WFTE x BSA x CWF x SDF) | R10: Program | T10: Number of FTE | V10: Cost Factor | X10: (2) x (3) | Y10: (WFTE x BSA x CWF x SDF)
A11: (1) | E11: (2) | G11: (3) | I11: (4) | J11: (5) | R11: (1) | T11: (2) | V11: (3) | X11: (4) | Y11: (5)
A12: 101 Basic K-3 | C12: 0 | D12: 0 | E12: =IF($D$28=0,C12*2,C12+D12) -> 0 | G12: 1.108 | I12: =ROUND(E12*G12,4) -> 0 | J12: =ROUND(ROUND(ROUND(I12*$E$6,4)*($I$6),2)*(MAX($I$7,1)),2) -> 0 | R12: 101 Basic K-3 | T12: =IF($I$111=1,E12,0) -> 0 | V12: 1 | X12: =ROUND(T12*V12,4) -> 0 | Y12: =ROUND(ROUND(ROUND(X12*$E$6,4)*($I$6),2)*(MAX($I$7,1)),2) -> 0
A13: 111 Basic K-3 with ESE Services | C13: 0 | D13: 0 | E13: =IF($D$28=0,C13*2,C13+D13) -> 0 | G13: 1.108 | I13: =ROUND(E13*G13,4) -> 0 | J13: =ROUND(ROUND(ROUND(I13*$E$6,4)*($I$6),2)*(MAX($I$7,1)),2) -> 0 | R13: 111 Basic K-3 with ESE Services | T13: =IF($I$111=1,E13,0) -> 0 | V13: 1 | X13: =ROUND(T13*V13,4) -> 0 | Y13: =ROUND(ROUND(ROUND(X13*$E$6,4)*($I$6),2)*(MAX($I$7,1)),2) -> 0
A14: 102 Basic 4-8 | C14: 0 | D14: 0 | E14: =IF($D$28=0,C14*2,C14+D14) -> 0 | G14: 1 | I14: =ROUND(E14*G14,4) -> 0 | J14: =ROUND(ROUND(ROUND(I14*$E$6,4)*($I$6),2)*(MAX($I$7,1)),2) -> 0 | R14: 102 Basic 4-8 | T14: =IF($I$111=1,E14,0) -> 0 | V14: 1 | X14: =ROUND(T14*V14,4) -> 0 | Y14: =ROUND(ROUND(ROUND(X14*$E$6,4)*($I$6),2)*(MAX($I$7,1)),2) -> 0
A15: 112 Basic 4-8 with ESE Services | C15: 0 | D15: 0 | E15: =IF($D$28=0,C15*2,C15+D15) -> 0 | G15: 1 | I15: =ROUND(E15*G15,4) -> 0 | J15: =ROUND(ROUND(ROUND(I15*$E$6,4)*($I$6),2)*(MAX($I$7,1)),2) -> 0 | R15: 112 Basic 4-8 with ESE Services | T15: =IF($I$111=1,E15,0) -> 0 | V15: 1 | X15: =ROUND(T15*V15,4) -> 0 | Y15: =ROUND(ROUND(ROUND(X15*$E$6,4)*($I$6),2)*(MAX($I$7,1)),2) -> 0
A16: 103 Basic 9-12 | C16: 226.89 | D16: 0 | E16: =IF($D$28=0,C16*2,C16+D16) -> 453.78 | G16: 0.972 | I16: =ROUND(E16*G16,4) -> 441.0742 | J16: =ROUND(ROUND(ROUND(I16*$E$6,4)*($I$6),2)*(MAX($I$7,1)),2) -> 2453840.1 | R16: 103 Basic 9-12 | T16: =IF($I$111=1,E16,0) -> 0 | V16: 1 | X16: =ROUND(T16*V16,4) -> 0 | Y16: =ROUND(ROUND(ROUND(X16*$E$6,4)*($I$6),2)*(MAX($I$7,1)),2) -> 0
A17: 113 Basic 9-12 with ESE Services | C17: 40.8 | D17: 0 | E17: =IF($D$28=0,C17*2,C17+D17) -> 81.6 | G17: 0.972 | I17: =ROUND(E17*G17,4) -> 79.3152 | J17: =ROUND(ROUND(ROUND(I17*$E$6,4)*($I$6),2)*(MAX($I$7,1)),2) -> 441256.42 | R17: 113 Basic 9-12 with ESE Services | T17: =IF($I$111=1,E17,0) -> 0 | V17: 1 | X17: =ROUND(T17*V17,4) -> 0 | Y17: =ROUND(ROUND(ROUND(X17*$E$6,4)*($I$6),2)*(MAX($I$7,1)),2) -> 0
A18: 254 ESE Level 4 (Grade Level PK-3) | C18: 0 | D18: 0 | E18: =IF($D$28=0,C18*2,C18+D18) -> 0 | G18: 3.609 | I18: =ROUND(E18*G18,4) -> 0 | J18: =ROUND(ROUND(ROUND(I18*$E$6,4)*($I$6),2)*(MAX($I$7,1)),2) -> 0 | R18: 254 ESE Level 4 (Grade Level PK-3) | T18: =IF($I$111=1,E18,0) -> 0 | V18: 1 | X18: =ROUND(T18*V18,4) -> 0 | Y18: =ROUND(ROUND(ROUND(X18*$E$6,4)*($I$6),2)*(MAX($I$7,1)),2) -> 0
A19: 254 ESE Level 4 (Grade Level 4-8) | C19: 0 | D19: 0 | E19: =IF($D$28=0,C19*2,C19+D19) -> 0 | G19: 3.609 | I19: =ROUND(E19*G19,4) -> 0 | J19: =ROUND(ROUND(ROUND(I19*$E$6,4)*($I$6),2)*(MAX($I$7,1)),2) -> 0 | R19: 254 ESE Level 4 (Grade Level 4-8) | T19: =IF($I$111=1,E19,0) -> 0 | V19: 1 | X19: =ROUND(T19*V19,4) -> 0 | Y19: =ROUND(ROUND(ROUND(X19*$E$6,4)*($I$6),2)*(MAX($I$7,1)),2) -> 0
A20: 254 ESE Level 4 (Grade Level 9-12) | C20: 0 | D20: 0 | E20: =IF($D$28=0,C20*2,C20+D20) -> 0 | G20: 3.609 | I20: =ROUND(E20*G20,4) -> 0 | J20: =ROUND(ROUND(ROUND(I20*$E$6,4)*($I$6),2)*(MAX($I$7,1)),2) -> 0 | R20: 254 ESE Level 4 (Grade Level 9-12) | T20: =IF($I$111=1,E20,0) -> 0 | V20: 1 | X20: =ROUND(T20*V20,4) -> 0 | Y20: =ROUND(ROUND(ROUND(X20*$E$6,4)*($I$6),2)*(MAX($I$7,1)),2) -> 0
A21: 255 ESE Level 5 (Grade Level PK-3) | C21: 0 | D21: 0 | E21: =IF($D$28=0,C21*2,C21+D21) -> 0 | G21: 6.064 | I21: =ROUND(E21*G21,4) -> 0 | J21: =ROUND(ROUND(ROUND(I21*$E$6,4)*($I$6),2)*(MAX($I$7,1)),2) -> 0 | R21: 255 ESE Level 5 (Grade Level PK-3) | T21: =IF($I$111=1,E21,0) -> 0 | V21: 1 | X21: =ROUND(T21*V21,4) -> 0 | Y21: =ROUND(ROUND(ROUND(X21*$E$6,4)*($I$6),2)*(MAX($I$7,1)),2) -> 0
A22: 255 ESE Level 5 (Grade Level 4-8) | C22: 0 | D22: 0 | E22: =IF($D$28=0,C22*2,C22+D22) -> 0 | G22: 6.064 | I22: =ROUND(E22*G22,4) -> 0 | J22: =ROUND(ROUND(ROUND(I22*$E$6,4)*($I$6),2)*(MAX($I$7,1)),2) -> 0 | R22: 255 ESE Level 5 (Grade Level 4-8) | T22: =IF($I$111=1,E22,0) -> 0 | V22: 1 | X22: =ROUND(T22*V22,4) -> 0 | Y22: =ROUND(ROUND(ROUND(X22*$E$6,4)*($I$6),2)*(MAX($I$7,1)),2) -> 0
A23: 255 ESE Level 5 (Grade Level 9-12) | C23: 0 | D23: 0 | E23: =IF($D$28=0,C23*2,C23+D23) -> 0 | G23: 6.064 | I23: =ROUND(E23*G23,4) -> 0 | J23: =ROUND(ROUND(ROUND(I23*$E$6,4)*($I$6),2)*(MAX($I$7,1)),2) -> 0 | R23: 255 ESE Level 5 (Grade Level 9-12) | T23: =IF($I$111=1,E23,0) -> 0 | V23: 1 | X23: =ROUND(T23*V23,4) -> 0 | Y23: =ROUND(ROUND(ROUND(X23*$E$6,4)*($I$6),2)*(MAX($I$7,1)),2) -> 0
... A27: 300 Career Education (Grades 9-12) | C27: 78.56 | D27: 0 | E27: =IF($D$28=0,C27*2,C27+D27) -> 157.12 | G27: 1.081 | I27: =ROUND(E27*G27,4) -> 169.8467 | J27: =ROUND(ROUND(ROUND(I27*$E$6,4)*($I$6),2)*(MAX($I$7,1)),2) -> 944912.78 | R27: 300 Career Education (Grades 9-12) | T27: =IF($I$111=1,E27,0) -> 0 | V27: 1 | X27: =ROUND(T27*V27,4) -> 0 | Y27: =ROUND(ROUND(ROUND(X27*$E$6,4)*($I$6),2)*(MAX($I$7,1)),2) -> 0
A28: Totals | C28: =SUM(C12:C27) -> 349.69 | D28: =SUM(D12:D27) -> 0 | E28: =SUM(E12:E27) -> 699.38 | I28: =SUM(I12:I27) -> 698.2513 | J28: =SUM(J12:J27) -> 3884600.5 | R28: Totals | T28: =SUM(T12:T27) -> 0 | X28: =SUM(X12:X27) -> 0 | Y28: =SUM(Y12:Y27) -> 0
A29: Letters in Parentheses Refer to Notes at Bottom of Worksheet: | R29: Letters in Parentheses Refer to Notes at Bottom of Worksheet:
A30: Additional FTE | E30: Number of FTE Charter schools should contact their school district sponsor regarding eligible FTE. Please note that “Number of FTE” is NOT equivalent to number of students enrolled in these courses or programs. | J30: 2025-26 Base Funding (WFTE x BSA x CWF x SDF) | R30: Additional FTE | T30: Number of FTE Charter schools should contact their school district sponsor regarding eligible FTE. Please note that “Number of FTE” is NOT equivalent to number of students enrolled in these courses or programs. Please refer to footnote (a) below. | Y30: 2025-26 Base Funding (WFTE x BSA x CWF x SDF)
A31: Small District ESE Supplement | J31: =ROUND(ROUND(ROUND(I31*$E$6,4)*($I$6),0)*(MAX($I$7,1)),0) -> 0 | R31: Small District ESE Supplement | T31: =IF('[1]All charter school calculator'!X109=1,'[1]All charter school calculator'!X31,0) -> 0 | Y31: =J31 -> 0
A32: Total Additional FTE | G32: =SUM(I31:I31) -> 0 | H32: Additional Base Funds | J32: =SUM(J31:J31) -> 0 | R32: Total Additional FTE | V32: =SUM(T31:V31) -> 0 | W32: Additional Base Funds | Y32: =SUM(Y31:Y31) -> 0
A33: Total Funded Weighted FTE | G33: =G32+I28 -> 698.2513 | H33: Total Base Funding | J33: =SUM(J32,J28) -> 3884600.5 | R33: Total Funded Weighted FTE | V33: =V32+X28 -> 0 | W33: Total Base Funding | Y33: =SUM(Y32,Y28) -> 0
A35: 1B. Classroom Teacher and Other Instructional Personnel Salary Increase Maintenance and Growth Portions of the Salary Increase funds are part of the total Conference Base Funding and are not treated as a separate allocation. Amounts are split out here for informative purposes and for the purposes of providing a total that may be used for calculating the adminstrative fee. | R35: 1B. Classroom Teacher and Other Instructional Personnel Salary Increase Maintenance and Growth Portions of the Salary Increase funds are part of the total Conference Base Funding and are not treated as a separate allocation. Amounts are split out here for informative purposes and for the purposes of providing a total that may be used for calculating the adminstrative fee.
A36: Maintenance Portion (6.67% of Conference Base Funding) | F36: (a) | G36: 3884600.5 | H36: X | I36: 0.0667 | J36: =ROUND(G36*I36,2) -> 259102.85 | R36: Maintenance Portion (6.67% of Conference Base Funding) | V36: 0 | W36: X | X36: 0.0667 | Y36: =ROUND(V36*X36,2) -> 0
A37: Growth Portion (0.54% of Conference Base Funding) | F37: (a) | G37: 3884600.5 | H37: X | I37: 0.0054 | J37: =ROUND(G37*I37,2) -> 20976.84 | R37: Growth Portion (0.54% of Conference Base Funding) | V37: 0 | W37: X | X37: 0.0054 | Y37: =ROUND(V37*X37,2) -> 0
A38: Total Salary Increase Allocation | J38: =SUM(J36:J37) -> 280079.69 | R38: Total Salary Increase Allocation | Y38: =Y36+Y37 -> 0
A40: 2. ESE Guaranteed Allocation: | C40: Oct 2024 FTE | D40: Feb 2025 FTE | E40: Total FTE | G40: Grade Level | H40: Matrix Level | I40: Guarantee Per Student | R40: 2. ESE Guaranteed Allocation: | T40: FTE | V40: Grade Level | W40: Matrix Level | X40: Guarantee Per Student
A41: Additional Funding from the ESE Guaranteed Allocation. Enter the FTE from 111,112 and 113 by grade and matrix level. Students who do not have a matrix level should be considered 251. This total should equal all FTE from programs 111, 112 and 113 above, less any 113 gifted FTE. | C41: 0 | D41: 0 | E41: =IF($D$50=0,C41*2,C41+D41) -> 0 | G41: PK-3 | H41: 251 | I41: =INDEX('[1]111-112-113 ADDITIONAL FUND'!D$1:D$65536,MATCH($A$1,'[1]111-112-113 ADDITIONAL FUND'!A$1:A$65536)) -> 1047 | J41: =ROUND(E41*I41,2) -> 0 | R41: Additional Funding from the ESE Guaranteed Allocation. Enter the FTE from 111,112, & 113 by grade and matrix level. Students who do not have a matrix level should be considered 251. This total should equal all FTE from programs 111, 112 & 113 above. | V41: PK-3 | W41: 251 | X41: =I41 -> 1047 | Y41: =ROUND(T41*X41,2) -> 0
C42: 0 | D42: 0 | E42: =IF($D$50=0,C42*2,C42+D42) -> 0 | G42: PK-3 | H42: 252 | I42: =INDEX('[1]111-112-113 ADDITIONAL FUND'!E$1:E$65536,MATCH($A$1,'[1]111-112-113 ADDITIONAL FUND'!A$1:A$65536)) -> 3380 | J42: =ROUND(E42*I42,2) -> 0 | V42: PK-3 | W42: 252 | X42: =I42 -> 3380 | Y42: =ROUND(T42*X42,2) -> 0
C43: 0 | D43: 0 | E43: =IF($D$50=0,C43*2,C43+D43) -> 0 | G43: PK-3 | H43: 253 | I43: =INDEX('[1]111-112-113 ADDITIONAL FUND'!F$1:F$65536,MATCH($A$1,'[1]111-112-113 ADDITIONAL FUND'!A$1:A$65536)) -> 6896 | J43: =ROUND(E43*I43,2) -> 0 | V43: PK-3 | W43: 253 | X43: =I43 -> 6896 | Y43: =ROUND(T43*X43,2) -> 0
C44: 0 | D44: 0 | E44: =IF($D$50=0,C44*2,C44+D44) -> 0 | G44: 4-8 | H44: 251 | I44: =INDEX('[1]111-112-113 ADDITIONAL FUND'!G$1:G$65536,MATCH($A$1,'[1]111-112-113 ADDITIONAL FUND'!A$1:A$65536)) -> 1173 | J44: =ROUND(E44*I44,2) -> 0 | V44: 4-8 | W44: 251 | X44: =I44 -> 1173 | Y44: =ROUND(T44*X44,2) -> 0
C45: 0 | D45: 0 | E45: =IF($D$50=0,C45*2,C45+D45) -> 0 | G45: 4-8 | H45: 252 | I45: =INDEX('[1]111-112-113 ADDITIONAL FUND'!H$1:H$65536,MATCH($A$1,'[1]111-112-113 ADDITIONAL FUND'!A$1:A$65536)) -> 3506 | J45: =ROUND(E45*I45,2) -> 0 | V45: 4-8 | W45: 252 | X45: =I45 -> 3506 | Y45: =ROUND(T45*X45,2) -> 0
C46: 0 | D46: 0 | E46: =IF($D$50=0,C46*2,C46+D46) -> 0 | G46: 4-8 | H46: 253 | I46: =INDEX('[1]111-112-113 ADDITIONAL FUND'!I$1:I$65536,MATCH($A$1,'[1]111-112-113 ADDITIONAL FUND'!A$1:A$65536)) -> 7023 | J46: =ROUND(E46*I46,2) -> 0 | V46: 4-8 | W46: 253 | X46: =I46 -> 7023 | Y46: =ROUND(T46*X46,2) -> 0
C47: 37.89 | D47: 0 | E47: =IF($D$50=0,C47*2,C47+D47) -> 75.78 | G47: 9-12 | H47: 251 | I47: =INDEX('[1]111-112-113 ADDITIONAL FUND'!J$1:J$65536,MATCH($A$1,'[1]111-112-113 ADDITIONAL FUND'!A$1:A$65536)) -> 835 | J47: =ROUND(E47*I47,2) -> 63276.3 | V47: 9-12 | W47: 251 | X47: =I47 -> 835 | Y47: =ROUND(T47*X47,2) -> 0
C48: 2.91 | D48: 0 | E48: =IF($D$50=0,C48*2,C48+D48) -> 5.82 | G48: 9-12 | H48: 252 | I48: =INDEX('[1]111-112-113 ADDITIONAL FUND'!K$1:K$65536,MATCH($A$1,'[1]111-112-113 ADDITIONAL FUND'!A$1:A$65536)) -> 3168 | J48: =ROUND(E48*I48,2) -> 18437.76 | V48: 9-12 | W48: 252 | X48: =I48 -> 3168 | Y48: =ROUND(T48*X48,2) -> 0
C49: 0 | D49: 0 | E49: =IF($D$50=0,C49*2,C49+D49) -> 0 | G49: 9-12 | H49: 253 | I49: =INDEX('[1]111-112-113 ADDITIONAL FUND'!L$1:L$65536,MATCH($A$1,'[1]111-112-113 ADDITIONAL FUND'!A$1:A$65536)) -> 6685 | J49: =ROUND(E49*I49,2) -> 0 | V49: 9-12 | W49: 253 | X49: =I49 -> 6685 | Y49: =ROUND(T49*X49,2) -> 0
A50: Total FTE with ESE Services | C50: =SUM(C41:C49) -> 40.8 | D50: =SUM(D41:D49) -> 0 | E50: =SUM(E41:E49) -> 81.6 | G50: Total ESE Guarantee | J50: =SUM(J41:J49) -> 81714.06 | R50: Total FTE with ESE Services | T50: =SUM(T42:T49) -> 0 | V50: Total ESE Guarantee | Y50: =SUM(Y41:Y49) -> 0
R51: 3A. Divide school's Unweighted FTE (UFTE) total computed in Section 1, cell C28 above by the district's total UFTE to obtain school's
A52: 3A. Divide school's Unweighted FTE (UFTE) total computed in Section 1, cell C28 above by the district's total UFTE to obtain school's | R52: UFTE share. Charter School UFTE: | T52: =T28 -> 0 | U52: ÷ | W52: District's Total UFTE: | X52: =I53 -> 215320.92
A53: UFTE share. Charter School UFTE: | C53: =E28 -> 699.38 | D53: ÷ | H53: District's Total UFTE: | I53: =INDEX('[1]Detail 2025-26 FEFP Second'!E$1:E$65536,MATCH(A1,'[1]Detail 2025-26 FEFP Second'!A$1:A$65536)) -> 215320.92 | W53: = | X53: =ROUND(T52/X52,6) -> 0
H54: = | I54: =IFERROR(ROUND(C53/I53,6),0) -> 0.003248 | R54: 3B. Divide school's Weighted FTE (WFTE) total computed in Section 1, cell E39 above by the district's total WFTE to obtain school's
A55: 3B. Divide school's Weighted FTE (WFTE) total computed in Section 1, cell E33 above by the district's total WFTE to obtain school's | R55: WFTE share. Charter School WFTE: | T55: =V33 -> 0 | U55: ÷ | W55: District's Total WFTE: | X55: =I56 -> 229051.25
A56: WFTE share. Charter School WFTE: | C56: =G33 -> 698.2513 | D56: ÷ | H56: District's Total WFTE: | I56: =INDEX('[1]Detail 2025-26 FEFP Second'!F$1:F$65536,MATCH(A1,'[1]Detail 2025-26 FEFP Second'!A$1:A$65536)) -> 229051.25 | W56: = | X56: =ROUND(T55/X55,6) -> 0
H57: = | I57: =IFERROR(ROUND(C56/I56,6),0) -> 0.003048 | R57: 3C. Divide school's Unweighted FTE (UFTE) total computed in Section 1, cell C28 above by the district's total non-scholarship UFTE to obtain school's
A58: 3C. Divide school's Unweighted FTE (UFTE) total computed in Section 1, cell C28 above by the district's total non-scholarship UFTE to obtain school's | R58: UFTE share. Charter School UFTE: | T58: =T28 -> 0 | U58: ÷ | V58: District's Total Non-Scholarship UFTE: | X58: =I59 -> 186156.17
A59: UFTE share. Charter School UFTE: | C59: =E28 -> 699.38 | D59: ÷ | F59: District's Total Non-Scholarship UFTE: | I59: =INDEX('[1]Detail 2025-26 FEFP Second'!H$1:H$65536,MATCH(A1,'[1]Detail 2025-26 FEFP Second'!A$1:A$65536)) -> 186156.17 | W59: = | X59: =ROUND(T58/X58,6) -> 0
H60: = | I60: =IFERROR(ROUND(C59/I59,6),0) -> 0.003757 | R60: 3D. Divide school's Unweighted FTE (UFTE) total computed in Section 1, cell C28 above by the district's total non-virtual UFTE to obtain school's
A61: 3D. Divide school's Unweighted FTE (UFTE) total computed in Section 1, cell C28 above by the district's total non-virtual UFTE to obtain school's | R61: UFTE share. Charter School UFTE: | T61: =T28 -> 0 | U61: ÷ | V61: District's Total Non-Virtual UFTE: | X61: =I62 -> 215016.58
A62: UFTE share. Charter School UFTE: | C62: =E28 -> 699.38 | D62: ÷ | F62: District's Total Non-Virtual UFTE: | I62: =INDEX('[1]Detail 2025-26 FEFP Second'!G$1:G$65536,MATCH(A1,'[1]Detail 2025-26 FEFP Second'!A$1:A$65536)) -> 215016.58 | W62: = | X62: =ROUND(T61/X61,6) -> 0
H63: = | I63: =IFERROR(ROUND(C62/I62,6),0) -> 0.003253 | R63: 3E. Divide school's Unweighted FTE (UFTE) total computed in Section 1, cell C28 above by the district's total non-scholarship and non-virtual UFTE to obtain school's
A64: 3E. Divide school's Unweighted FTE (UFTE) total computed in Section 1, cell C28 above by the district's total non-scholarship and non-virtual UFTE to obtain school's | R64: UFTE share. Charter School UFTE: | T64: =T28 -> 0 | U64: ÷ | V64: District's Total Non-Virtual and Non-Scholarship UFTE: | X64: =I65 -> 185851.83
A65: UFTE share. Charter School UFTE: | C65: =E28 -> 699.38 | D65: ÷ District's Total Non-Scholarship Non-Virtual UFTE: | I65: =INDEX('[1]Detail 2025-26 FEFP Second'!I$1:I$65536,MATCH(A1,'[1]Detail 2025-26 FEFP Second'!A$1:A$65536)) -> 185851.83 | W65: = | X65: =ROUND(T64/X64,6) -> 0
H66: = | I66: =IFERROR(ROUND(C65/I65,6),0) -> 0.003763
R67: 4. Educational Enrichment Share (Non-Virtual UFTE share) | V67: =G68 -> 47290747 | W67: x | X67: =X62 -> 0 | Y67: =ROUND(V67*X67,2) -> 0
A68: 4. Educational Enrichment Share (Non-Virtual UFTE share) | F68: (e) | G68: =INDEX('[1]Detail 2025-26 FEFP Second'!N$1:N$65536,MATCH(A1,'[1]Detail 2025-26 FEFP Second'!A$1:A$65536)) -> 47290747 | H68: x | I68: =I63 -> 0.003253 | J68: =ROUND(G68*I68,2) -> 153836.8 | R68: 5. Discretionary Millage Compression Allocation
A69: 5. Discretionary Millage Compression Allocation | R69: .748 Mills | V69: =G70 -> 0 | W69: x | X69: =X53 -> 0 | Y69: =ROUND(V69*X69,2) -> 0
A70: .748 Mills (UFTE share) | F70: (b) | G70: =INDEX('[1]Detail 2025-26 FEFP Second'!L$1:L$65536,MATCH(A1,'[1]Detail 2025-26 FEFP Second'!A$1:A$65536)) -> 0 | H70: x | I70: =I54 -> 0.003248 | J70: =ROUND(G70*I70,2) -> 0 | R70: 6. Safe Schools Allocation (Non-Virtual and Scholarship UFTE share) | V70: =G71 -> 19167881 | W70: x | X70: =X65 -> 0 | Y70: =ROUND(V70*X70,2) -> 0
A71: 6. Safe Schools Allocation (Non-Virtual and Non-Scholarship UFTE share) | F71: (f) | G71: =INDEX('[1]Detail 2025-26 FEFP Second'!M$1:M$65536,MATCH(A1,'[1]Detail 2025-26 FEFP Second'!A$1:A$65536)) -> 19167881 | H71: x | I71: =I66 -> 0.003763 | J71: =ROUND(G71*I71,2) -> 72128.74 | R71: 7. Mental Health Assistance Allocation (Non-Scholarship UFTE share) | V71: =G72 -> 11546889 | W71: x | X71: =X59 -> 0 | Y71: =ROUND(V71*X71,2) -> 0
A72: 7. Mental Health Assistance Allocation (Non-Scholarship UFTE share) | F72: (d) | G72: =INDEX('[1]Detail 2025-26 FEFP Second'!T$1:T$65536,MATCH(A1,'[1]Detail 2025-26 FEFP Second'!A$1:A$65536)) -> 11546889 | H72: x | I72: =I60 -> 0.003757 | J72: =ROUND(G72*I72,2) -> 43381.66 | R72: 8. Academic Acceleration Options Supplement (Value share)
A73: 8. Academic Acceleration Options Supplement (Value share) | F73: (g) | R73: Acceleration Value | T73: Acceleration Value Charter schools should contact their school district sponsor regarding eligible value. Please note that “Acceleration Value” is NOT equivalent to number of students enrolled in these courses or programs. Please refer to footnote (a) below.
A74: Acceleration Value | E74: Acceleration Value Charter schools should contact their school district sponsor regarding eligible value. Please note that “Acceleration Value” is NOT equivalent to number of students enrolled in these courses or programs. Please refer to footnote (g) below. | R74: Advanced Placement
A75: Advanced Placement | J75: 10.72 | R75: International Baccalaureate
A76: International Baccalaureate | R76: Advanced International Certificate
A77: Advanced International Certificate | R77: Industry Certified Career Education
A78: Industry Certified Career Education | J78: 48.9 | R78: Early High School Graduation
A79: Early High School Graduation | J79: 0.25 | R79: Dual Enrollment
A80: Dual Enrollment | J80: 9.28 | X80: School total value | Y80: =SUM(Y74:Y79) -> 0
I81: School total value | J81: =SUM(J75:J80) -> 69.15 | X81: District total value | Y81: =J82 -> 11461.43
I82: District total value | J82: =INDEX('[1]Detail 2025-26 FEFP Second'!J$1:J$65536,MATCH(A1,'[1]Detail 2025-26 FEFP Second'!A$1:A$65536)) -> 11461.43
R83: School Academic Acceleration Option Supplement | V83: =G84 -> 63269727 | W83: x | X83: =IFERROR(ROUND(Y80/Y81,6),0) -> 0 | Y83: =ROUND(V83*X83,2) -> 0
A84: School Academic Acceleration Option Supplement | G84: =INDEX('[1]Detail 2025-26 FEFP Second'!O$1:O$65536,MATCH(A1,'[1]Detail 2025-26 FEFP Second'!A$1:A$65536)) -> 63269727 | H84: x | I84: =IFERROR(ROUND(J81/J82,6),0) -> 0.006033 | J84: =ROUND(G84*I84,2) -> 381706.26 | R84: 9. ESE Guaranteed Allocation
A85: 9. Discretionary Local Effort (WFTE share) | F85: (c) | G85: =INDEX('[1]Detail 2025-26 FEFP Second'!Q$1:Q$65536,MATCH(A1,'[1]Detail 2025-26 FEFP Second'!A$1:A$65536)) -> 268816278 | H85: x | I85: =I57 -> 0.003048 | J85: =ROUND(G85*I85,2) -> 819352.02 | R85: 10. Discretionary Local Effort (WFTE share) | V85: =G85 -> 268816278 | W85: x | X85: =X56 -> 0 | Y85: =ROUND(V85*X85,2) -> 0
A86: 10. Proration to Funds Available (WFTE share) | F86: (c) | G86: =INDEX('[1]Detail 2025-26 FEFP Second'!R$1:R$65536,MATCH(A1,'[1]Detail 2025-26 FEFP Second'!A$1:A$65536)) -> 0 | H86: x | I86: =I57 -> 0.003048 | J86: =ROUND(G86*I86,2) -> 0 | R86: 11. Proration to Funds Available (WFTE share) | V86: =G86 -> 0 | W86: x | X86: =X56 -> 0 | Y86: =ROUND(V86*X86,2) -> 0
A87: 11. Educational Enrollment Stabilization Program (UFTE share) | F87: (b) | G87: =INDEX('[1]Detail 2025-26 FEFP Second'!S$1:S$65536,MATCH(A1,'[1]Detail 2025-26 FEFP Second'!A$1:A$65536)) -> 0 | H87: x | I87: =I54 -> 0.003248 | J87: =ROUND(G87*I87,2) -> 0 | R87: 12. Educational Enrollment Stabilization Program (UFTE share) | V87: =G87 -> 0 | W87: x | X87: =X53 -> 0 | Y87: =ROUND(V87*X87,2) -> 0
A88: 12. Class Size Reduction Funds: | R88: 13. Class Size Reduction Funds:
B89: Weighted FTE (not including Add-On) | D89: X CWF X | G89: Allocation factors | R89: Weighted FTE (not including Add-On) | T89: X CWF X | V89: Allocation factors
A90: PK - 3 | B90: =I12+I13+I18+I21+I24 -> 0 | D90: =I6 -> 1.0355 | G90: ='[1]Detail 2025-26 FEFP Second'!AB3 -> 958.42 | H90: = | I90: =ROUND(B90*D90*G90,2) -> 0 | R90: PK - 3 | S90: =X12+X13+X18+X21+X24 -> 0 | T90: =X6 -> 1.0355 | V90: =G90 -> 958.42 | W90: = | X90: =ROUND(S90*T90*V90,2) -> 0
A91: 4-8 | B91: =I14+I15+I19+I22+I25 -> 0 | D91: =I6 -> 1.0355 | G91: ='[1]Detail 2025-26 FEFP Second'!AC3 -> 915.09 | H91: = | I91: =ROUND(B91*D91*G91,2) -> 0 | R91: 4-8 | S91: =X14+X15+X19+X22+X25 -> 0 | T91: =X6 -> 1.0355 | V91: =G91 -> 915.09 | W91: = | X91: =ROUND(S91*T91*V91,2) -> 0
A92: 9-12 | B92: =I16+I17+I20+I23+I26+I27 -> 698.2513 | D92: =I6 -> 1.0355 | G92: ='[1]Detail 2025-26 FEFP Second'!AD3 -> 917.3 | H92: = | I92: =ROUND(B92*D92*G92,2) -> 663243.88 | R92: 9-12 | S92: =X16+X17+X20+X23+X26+X27 -> 0 | T92: =X6 -> 1.0355 | V92: =G92 -> 917.3 | W92: = | X92: =ROUND(S92*T92*V92,2) -> 0
A93: Total * | B93: =SUM(B90:B92) -> 698.2513 | E93: Total Class Size Reduction Funds | J93: =IF(A1=75,0,I92+I91+I90) -> 663243.88 | R93: Total * | S93: =SUM(S90:S92) -> 0 | T93: Total Class Size Reduction Funds | Y93: =IF(R1=75,0,X92+X91+X90) -> 0
A94: (*Total FTE should equal total in Section 1, column (4) and should not include any additional FTE from Section 1.) | R94: (*Total FTE should equal total in Section 1, column (4) and should not include any additional FTE from Section 1.)
A95: 13. Student Transportation | F95: (h) | R95: 14. Student Transportation
C96: Oct 2024 FTE | D96: Feb 2025 FTE | E96: Average FTE | R96: Enter All Adjusted Fundable Riders | T96: =IF(I111=1,E97,0) -> 0 | W96: x | X96: =I97 -> 617 | Y96: =ROUND(X96*T96,2) -> 0
A97: Enter All Adjusted Fundable Riders | C97: 380 | D97: 359 | E97: =(C97+D97)/2 -> 369.5 | H97: x | I97: =IF(A1>67,0,INDEX('[1]Transportation Per Student'!F$1:F$65536,MATCH(A1,'[1]Transportation Per Student'!B$1:B$65536))) -> 617 | J97: =ROUND(I97*E97,2) -> 227981.5 | R97: Enter All Adjusted ESE Riders | T97: =IF(I112=1,E98,0) -> 0 | W97: x | X97: =I98 -> 1870 | Y97: =ROUND(X97*T97,2) -> 0
A98: Enter All Adjusted ESE Riders | C98: 0 | E98: =(C98+D98)/2 -> 0 | H98: x | I98: =IF(A1>67,0,INDEX('[1]Transportation Per Student'!J$1:J$65536,MATCH(A1,'[1]Transportation Per Student'!B$1:B$65536))) -> 1870 | J98: =ROUND(I98*E98,2) -> 0
A100: 14. Federally Connected Student Supplement | F100: (i) | R100: 15. Federally Connected Student Supplement
A101: Impact Aid Student Type | D101: Number of Students | G101: Exempt Property Allocation | I101: Impact Aid Student Allocation | J101: Total | R101: Impact Aid Student Type | T101: Number of Students | V101: Exempt Property Allocation | X101: Impact Aid Student Allocation | Y101: Total
A102: Military and Indian Lands | G102: =IF(E102=0,0,INDEX('[1]Detail 2025-26 FEFP Second'!V$1:V$65536,MATCH(A1,'[1]Detail 2025-26 FEFP Second'!A$1:A$65536))) -> 0 | I102: =IF(E102=0,0,'[1]Detail 2025-26 FEFP Second'!AL3) -> 0 | J102: =ROUND((I102+G102)*E102,0) -> 0 | R102: Military and Indian Lands | T102: =IF('[1]All charter school calculator'!X102=1,'[1]All charter school calculator'!T100:U100,0) -> 0 | V102: =IF(T102=0,0,INDEX('[1]Detail 2025-26 FEFP Second'!AM$1:AM$65536,MATCH(R1,'[1]Detail 2025-26 FEFP Second'!R$1:R$65536))) -> 0 | X102: =IF(T102=0,0,'[1]Detail 2025-26 FEFP Second'!BC3) -> 0 | Y102: =ROUND((X102+V102)*T102,0) -> 0
A103: Civilians on Federal Lands | G103: =ROUND(G102/2,2) -> 0 | I103: =IF(E103=0,0,ROUND('[1]Detail 2025-26 FEFP Second'!AL3/2,2)) -> 0 | J103: =ROUND((I103+G103)*E103,0) -> 0 | R103: Civilians on Federal Lands | T103: =IF('[1]All charter school calculator'!X103=1,'[1]All charter school calculator'!T100:U100,0) -> 0 | V103: =ROUND(V102/2,2) -> 0 | X103: =IF(T103=0,0,ROUND('[1]Detail 2025-26 FEFP Second'!BC3/2,2)) -> 0 | Y103: =ROUND((X103+V103)*T103,0) -> 0
A104: Students with Disabilities | I104: =IF(I102>0,'[1]Detail 2025-26 FEFP Second'!AM3,0) -> 0 | J104: =ROUND(I104*E104,0) -> 0 | R104: Students with Disabilities | T104: =IF('[1]All charter school calculator'!X104=1,'[1]All charter school calculator'!T100:U100,0) -> 0 | X104: =IF(X102>0,'[1]Detail 2025-26 FEFP Second'!BD3,0) -> 0 | Y104: =ROUND(X104*T104,0) -> 0
A105: Total | J105: =SUM(J102:J104) -> 0 | R105: Total | Y105: =SUM(Y102:Y104) -> 0
A106: 15. Food Service Allocation | F106: (j) | R106: 16. Food Service Allocation | Y106: =IF('[1]All charter school calculator'!X109=1,'[1]All charter school calculator'!Y104,0) -> 0
...

Sheet 1571
A1: 50 | B1: (Insert district number in cell A1, enter, then strike F9. Your district data then pulls from Calculation Detail Sheets) | R1: 50 | S1: (Insert district number in cell A1, enter, then strike F9. Your district data then pulls from Calculation Detail Sheets)
A2: Revenue Estimate Worksheet: South Tech Charter Academy - 1571 | R2: =Revenue_Estimate_Worksheet_for___________Charter_School -> Revenue Estimate Worksheet: South Tech Charter Academy - 1571
A3: Based on the 2025-26 FEFP Second Calculation | R3: Based on the 2025-26 FEFP Second Calculation
A4: School District: | D4: Palm Beach | H4: September 2025 | R4: School District: | T4: Palm Beach
A5: 1A. 2025-26 FEFP State and Local Funding | R5: 1A. 2025-26 FEFP State and Local Funding
A6: Base Student Allocation | E6: 5372.6 | G6: Comparable Wage Factor: | I6: =INDEX('[1]Detail 2025-26 FEFP Second'!$C$1:$C$65536,MATCH('1571'!$A$1,'[1]Detail 2025-26 FEFP Second'!$A$1:$A$65536,0)) -> 1.0355 | R6: Base Student Allocation | T6: =E6 -> 5372.6 | V6: Comparable Wage Factor: | X6: 1.0355
G7: Small District Factor | I7: =INDEX('[1]Detail 2025-26 FEFP Second'!$D$1:$D$65536,MATCH('1571'!$A$1,'[1]Detail 2025-26 FEFP Second'!$A$1:$A$65536,0)) -> 1 | V7: Small District Factor | X7: 1
J8: 2025-26 | Y8: 2025-26
C9: Oct 2024 | D9: Feb 2025 | G9: Program | I9: Weighted FTE | J9: Base Funding | V9: Program | X9: Weighted FTE | Y9: Base Funding
A10: Program | C10: FTE | D10: FTE | E10: Total FTE | G10: Cost Factor | I10: (2) x (3) | J10: (WFTE x BSA x CWF x SDF) | R10: Program | T10: Number of FTE | V10: Cost Factor | X10: (2) x (3) | Y10: (WFTE x BSA x CWF x SDF)
A11: (1) | E11: (2) | G11: (3) | I11: (4) | J11: (5) | R11: (1) | T11: (2) | V11: (3) | X11: (4) | Y11: (5)
A12: 101 Basic K-3 | C12: 0 | D12: 0 | E12: =IF($D$28=0,C12*2,C12+D12) -> 0 | G12: 1.108 | I12: =ROUND(E12*G12,4) -> 0 | J12: =ROUND(ROUND(ROUND(I12*$E$6,4)*($I$6),2)*(MAX($I$7,1)),2) -> 0 | R12: 101 Basic K-3 | T12: =IF($I$111=1,E12,0) -> 0 | V12: 1 | X12: =ROUND(T12*V12,4) -> 0 | Y12: =ROUND(ROUND(ROUND(X12*$E$6,4)*($I$6),2)*(MAX($I$7,1)),2) -> 0
A13: 111 Basic K-3 with ESE Services | C13: 0 | D13: 0 | E13: =IF($D$28=0,C13*2,C13+D13) -> 0 | G13: 1.108 | I13: =ROUND(E13*G13,4) -> 0 | J13: =ROUND(ROUND(ROUND(I13*$E$6,4)*($I$6),2)*(MAX($I$7,1)),2) -> 0 | R13: 111 Basic K-3 with ESE Services | T13: =IF($I$111=1,E13,0) -> 0 | V13: 1 | X13: =ROUND(T13*V13,4) -> 0 | Y13: =ROUND(ROUND(ROUND(X13*$E$6,4)*($I$6),2)*(MAX($I$7,1)),2) -> 0
A14: 102 Basic 4-8 | C14: 0 | D14: 0 | E14: =IF($D$28=0,C14*2,C14+D14) -> 0 | G14: 1 | I14: =ROUND(E14*G14,4) -> 0 | J14: =ROUND(ROUND(ROUND(I14*$E$6,4)*($I$6),2)*(MAX($I$7,1)),2) -> 0 | R14: 102 Basic 4-8 | T14: =IF($I$111=1,E14,0) -> 0 | V14: 1 | X14: =ROUND(T14*V14,4) -> 0 | Y14: =ROUND(ROUND(ROUND(X14*$E$6,4)*($I$6),2)*(MAX($I$7,1)),2) -> 0
A15: 112 Basic 4-8 with ESE Services | C15: 0 | D15: 0 | E15: =IF($D$28=0,C15*2,C15+D15) -> 0 | G15: 1 | I15: =ROUND(E15*G15,4) -> 0 | J15: =ROUND(ROUND(ROUND(I15*$E$6,4)*($I$6),2)*(MAX($I$7,1)),2) -> 0 | R15: 112 Basic 4-8 with ESE Services | T15: =IF($I$111=1,E15,0) -> 0 | V15: 1 | X15: =ROUND(T15*V15,4) -> 0 | Y15: =ROUND(ROUND(ROUND(X15*$E$6,4)*($I$6),2)*(MAX($I$7,1)),2) -> 0
A16: 103 Basic 9-12 | C16: 302.67 | D16: 0 | E16: =IF($D$28=0,C16*2,C16+D16) -> 605.34 | G16: 0.972 | I16: =ROUND(E16*G16,4) -> 588.3905 | J16: =ROUND(ROUND(ROUND(I16*$E$6,4)*($I$6),2)*(MAX($I$7,1)),2) -> 3273408.9 | R16: 103 Basic 9-12 | T16: =IF($I$111=1,E16,0) -> 0 | V16: 1 | X16: =ROUND(T16*V16,4) -> 0 | Y16: =ROUND(ROUND(ROUND(X16*$E$6,4)*($I$6),2)*(MAX($I$7,1)),2) -> 0
A17: 113 Basic 9-12 with ESE Services | C17: 131.2 | D17: 0 | E17: =IF($D$28=0,C17*2,C17+D17) -> 262.4 | G17: 0.972 | I17: =ROUND(E17*G17,4) -> 255.0528 | J17: =ROUND(ROUND(ROUND(I17*$E$6,4)*($I$6),2)*(MAX($I$7,1)),2) -> 1418942.2 | R17: 113 Basic 9-12 with ESE Services | T17: =IF($I$111=1,E17,0) -> 0 | V17: 1 | X17: =ROUND(T17*V17,4) -> 0 | Y17: =ROUND(ROUND(ROUND(X17*$E$6,4)*($I$6),2)*(MAX($I$7,1)),2) -> 0
A18: 254 ESE Level 4 (Grade Level PK-3) | C18: 0 | D18: 0 | E18: =IF($D$28=0,C18*2,C18+D18) -> 0 | G18: 3.609 | I18: =ROUND(E18*G18,4) -> 0 | J18: =ROUND(ROUND(ROUND(I18*$E$6,4)*($I$6),2)*(MAX($I$7,1)),2) -> 0 | R18: 254 ESE Level 4 (Grade Level PK-3) | T18: =IF($I$111=1,E18,0) -> 0 | V18: 1 | X18: =ROUND(T18*V18,4) -> 0 | Y18: =ROUND(ROUND(ROUND(X18*$E$6,4)*($I$6),2)*(MAX($I$7,1)),2) -> 0
A19: 254 ESE Level 4 (Grade Level 4-8) | C19: 0 | D19: 0 | E19: =IF($D$28=0,C19*2,C19+D19) -> 0 | G19: 3.609 | I19: =ROUND(E19*G19,4) -> 0 | J19: =ROUND(ROUND(ROUND(I19*$E$6,4)*($I$6),2)*(MAX($I$7,1)),2) -> 0 | R19: 254 ESE Level 4 (Grade Level 4-8) | T19: =IF($I$111=1,E19,0) -> 0 | V19: 1 | X19: =ROUND(T19*V19,4) -> 0 | Y19: =ROUND(ROUND(ROUND(X19*$E$6,4)*($I$6),2)*(MAX($I$7,1)),2) -> 0
A20: 254 ESE Level 4 (Grade Level 9-12) | C20: 0 | D20: 0 | E20: =IF($D$28=0,C20*2,C20+D20) -> 0 | G20: 3.609 | I20: =ROUND(E20*G20,4) -> 0 | J20: =ROUND(ROUND(ROUND(I20*$E$6,4)*($I$6),2)*(MAX($I$7,1)),2) -> 0 | R20: 254 ESE Level 4 (Grade Level 9-12) | T20: =IF($I$111=1,E20,0) -> 0 | V20: 1 | X20: =ROUND(T20*V20,4) -> 0 | Y20: =ROUND(ROUND(ROUND(X20*$E$6,4)*($I$6),2)*(MAX($I$7,1)),2) -> 0
A21: 255 ESE Level 5 (Grade Level PK-3) | C21: 0 | D21: 0 | E21: =IF($D$28=0,C21*2,C21+D21) -> 0 | G21: 6.064 | I21: =ROUND(E21*G21,4) -> 0 | J21: =ROUND(ROUND(ROUND(I21*$E$6,4)*($I$6),2)*(MAX($I$7,1)),2) -> 0 | R21: 255 ESE Level 5 (Grade Level PK-3) | T21: =IF($I$111=1,E21,0) -> 0 | V21: 1 | X21: =ROUND(T21*V21,4) -> 0 | Y21: =ROUND(ROUND(ROUND(X21*$E$6,4)*($I$6),2)*(MAX($I$7,1)),2) -> 0
A22: 255 ESE Level 5 (Grade Level 4-8) | C22: 0 | D22: 0 | E22: =IF($D$28=0,C22*2,C22+D22) -> 0 | G22: 6.064 | I22: =ROUND(E22*G22,4) -> 0 | J22: =ROUND(ROUND(ROUND(I22*$E$6,4)*($I$6),2)*(MAX($I$7,1)),2) -> 0 | R22: 255 ESE Level 5 (Grade Level 4-8) | T22: =IF($I$111=1,E22,0) -> 0 | V22: 1 | X22: =ROUND(T22*V22,4) -> 0 | Y22: =ROUND(ROUND(ROUND(X22*$E$6,4)*($I$6),2)*(MAX($I$7,1)),2) -> 0
A23: 255 ESE Level 5 (Grade Level 9-12) | C23: 0 | D23: 0 | E23: =IF($D$28=0,C23*2,C23+D23) -> 0 | G23: 6.064 | I23: =ROUND(E23*G23,4) -> 0 | J23: =ROUND(ROUND(ROUND(I23*$E$6,4)*($I$6),2)*(MAX($I$7,1)),2) -> 0 | R23: 255 ESE Level 5 (Grade Level 9-12) | T23: =IF($I$111=1,E23,0) -> 0 | V23: 1 | X23: =ROUND(T23*V23,4) -> 0 | Y23: =ROUND(ROUND(ROUND(X23*$E$6,4)*($I$6),2)*(MAX($I$7,1)),2) -> 0
... A27: 300 Career Education (Grades 9-12) | C27: 121.01 | D27: 0 | E27: =IF($D$28=0,C27*2,C27+D27) -> 242.02 | G27: 1.081 | I27: =ROUND(E27*G27,4) -> 261.6236 | J27: =ROUND(ROUND(ROUND(I27*$E$6,4)*($I$6),2)*(MAX($I$7,1)),2) -> 1455497.7 | R27: 300 Career Education (Grades 9-12) | T27: =IF($I$111=1,E27,0) -> 0 | V27: 1 | X27: =ROUND(T27*V27,4) -> 0 | Y27: =ROUND(ROUND(ROUND(X27*$E$6,4)*($I$6),2)*(MAX($I$7,1)),2) -> 0
A28: Totals | C28: =SUM(C12:C27) -> 557.32 | D28: =SUM(D12:D27) -> 0 | E28: =SUM(E12:E27) -> 1114.64 | I28: =SUM(I12:I27) -> 1110.7521 | J28: =SUM(J12:J27) -> 6179477.5 | R28: Totals | T28: =SUM(T12:T27) -> 0 | X28: =SUM(X12:X27) -> 0 | Y28: =SUM(Y12:Y27) -> 0
A29: Letters in Parentheses Refer to Notes at Bottom of Worksheet: | R29: Letters in Parentheses Refer to Notes at Bottom of Worksheet:
A30: Additional FTE | E30: Number of FTE Charter schools should contact their school district sponsor regarding eligible FTE. Please note that “Number of FTE” is NOT equivalent to number of students enrolled in these courses or programs. | J30: 2025-26 Base Funding (WFTE x BSA x CWF x SDF) | R30: Additional FTE | T30: Number of FTE Charter schools should contact their school district sponsor regarding eligible FTE. Please note that “Number of FTE” is NOT equivalent to number of students enrolled in these courses or programs. Please refer to footnote (a) below. | Y30: 2025-26 Base Funding (WFTE x BSA x CWF x SDF)
A31: Small District ESE Supplement | J31: =ROUND(ROUND(ROUND(I31*$E$6,4)*($I$6),0)*(MAX($I$7,1)),0) -> 0 | R31: Small District ESE Supplement | T31: =IF('[1]All charter school calculator'!X109=1,'[1]All charter school calculator'!X31,0) -> 0 | Y31: =J31 -> 0
A32: Total Additional FTE | G32: =SUM(I31:I31) -> 0 | H32: Additional Base Funds | J32: =SUM(J31:J31) -> 0 | R32: Total Additional FTE | V32: =SUM(T31:V31) -> 0 | W32: Additional Base Funds | Y32: =SUM(Y31:Y31) -> 0
A33: Total Funded Weighted FTE | G33: =G32+I28 -> 1110.7521 | H33: Total Base Funding | J33: =SUM(J32,J28) -> 6179477.5 | R33: Total Funded Weighted FTE | V33: =V32+X28 -> 0 | W33: Total Base Funding | Y33: =SUM(Y32,Y28) -> 0
A35: 1B. Classroom Teacher and Other Instructional Personnel Salary Increase Maintenance and Growth Portions of the Salary Increase funds are part of the total Conference Base Funding and are not treated as a separate allocation. Amounts are split out here for informative purposes and for the purposes of providing a total that may be used for calculating the adminstrative fee. | R35: 1B. Classroom Teacher and Other Instructional Personnel Salary Increase Maintenance and Growth Portions of the Salary Increase funds are part of the total Conference Base Funding and are not treated as a separate allocation. Amounts are split out here for informative purposes and for the purposes of providing a total that may be used for calculating the adminstrative fee.
A36: Maintenance Portion (6.67% of Conference Base Funding) | F36: (a) | G36: 6179477.5 | H36: X | I36: 0.0667 | J36: =ROUND(G36*I36,2) -> 412171.15 | R36: Maintenance Portion (6.67% of Conference Base Funding) | V36: 0 | W36: X | X36: 0.0667 | Y36: =ROUND(V36*X36,2) -> 0
A37: Growth Portion (0.54% of Conference Base Funding) | F37: (a) | G37: 6179477.5 | H37: X | I37: 0.0054 | J37: =ROUND(G37*I37,2) -> 33369.18 | R37: Growth Portion (0.54% of Conference Base Funding) | V37: 0 | W37: X | X37: 0.0054 | Y37: =ROUND(V37*X37,2) -> 0
A38: Total Salary Increase Allocation | J38: =SUM(J36:J37) -> 445540.33 | R38: Total Salary Increase Allocation | Y38: =Y36+Y37 -> 0
A40: 2. ESE Guaranteed Allocation: | C40: Oct 2024 FTE | D40: Feb 2025 FTE | E40: Total FTE | G40: Grade Level | H40: Matrix Level | I40: Guarantee Per Student | R40: 2. ESE Guaranteed Allocation: | T40: FTE | V40: Grade Level | W40: Matrix Level | X40: Guarantee Per Student
A41: Additional Funding from the ESE Guaranteed Allocation. Enter the FTE from 111,112 and 113 by grade and matrix level. Students who do not have a matrix level should be considered 251. This total should equal all FTE from programs 111, 112 and 113 above, less any 113 gifted FTE. | C41: 0 | D41: 0 | E41: =IF($D$50=0,C41*2,C41+D41) -> 0 | G41: PK-3 | H41: 251 | I41: =INDEX('[1]111-112-113 ADDITIONAL FUND'!D$1:D$65536,MATCH($A$1,'[1]111-112-113 ADDITIONAL FUND'!A$1:A$65536)) -> 1047 | J41: =ROUND(E41*I41,2) -> 0 | R41: Additional Funding from the ESE Guaranteed Allocation. Enter the FTE from 111,112, & 113 by grade and matrix level. Students who do not have a matrix level should be considered 251. This total should equal all FTE from programs 111, 112 & 113 above. | V41: PK-3 | W41: 251 | X41: =I41 -> 1047 | Y41: =ROUND(T41*X41,2) -> 0
C42: 0 | D42: 0 | E42: =IF($D$50=0,C42*2,C42+D42) -> 0 | G42: PK-3 | H42: 252 | I42: =INDEX('[1]111-112-113 ADDITIONAL FUND'!E$1:E$65536,MATCH($A$1,'[1]111-112-113 ADDITIONAL FUND'!A$1:A$65536)) -> 3380 | J42: =ROUND(E42*I42,2) -> 0 | V42: PK-3 | W42: 252 | X42: =I42 -> 3380 | Y42: =ROUND(T42*X42,2) -> 0
C43: 0 | D43: 0 | E43: =IF($D$50=0,C43*2,C43+D43) -> 0 | G43: PK-3 | H43: 253 | I43: =INDEX('[1]111-112-113 ADDITIONAL FUND'!F$1:F$65536,MATCH($A$1,'[1]111-112-113 ADDITIONAL FUND'!A$1:A$65536)) -> 6896 | J43: =ROUND(E43*I43,2) -> 0 | V43: PK-3 | W43: 253 | X43: =I43 -> 6896 | Y43: =ROUND(T43*X43,2) -> 0
C44: 0 | D44: 0 | E44: =IF($D$50=0,C44*2,C44+D44) -> 0 | G44: 4-8 | H44: 251 | I44: =INDEX('[1]111-112-113 ADDITIONAL FUND'!G$1:G$65536,MATCH($A$1,'[1]111-112-113 ADDITIONAL FUND'!A$1:A$65536)) -> 1173 | J44: =ROUND(E44*I44,2) -> 0 | V44: 4-8 | W44: 251 | X44: =I44 -> 1173 | Y44: =ROUND(T44*X44,2) -> 0
C45: 0 | D45: 0 | E45: =IF($D$50=0,C45*2,C45+D45) -> 0 | G45: 4-8 | H45: 252 | I45: =INDEX('[1]111-112-113 ADDITIONAL FUND'!H$1:H$65536,MATCH($A$1,'[1]111-112-113 ADDITIONAL FUND'!A$1:A$65536)) -> 3506 | J45: =ROUND(E45*I45,2) -> 0 | V45: 4-8 | W45: 252 | X45: =I45 -> 3506 | Y45: =ROUND(T45*X45,2) -> 0
C46: 0 | D46: 0 | E46: =IF($D$50=0,C46*2,C46+D46) -> 0 | G46: 4-8 | H46: 253 | I46: =INDEX('[1]111-112-113 ADDITIONAL FUND'!I$1:I$65536,MATCH($A$1,'[1]111-112-113 ADDITIONAL FUND'!A$1:A$65536)) -> 7023 | J46: =ROUND(E46*I46,2) -> 0 | V46: 4-8 | W46: 253 | X46: =I46 -> 7023 | Y46: =ROUND(T46*X46,2) -> 0
C47: 119.29 | D47: 0 | E47: =IF($D$50=0,C47*2,C47+D47) -> 238.58 | G47: 9-12 | H47: 251 | I47: =INDEX('[1]111-112-113 ADDITIONAL FUND'!J$1:J$65536,MATCH($A$1,'[1]111-112-113 ADDITIONAL FUND'!A$1:A$65536)) -> 835 | J47: =ROUND(E47*I47,2) -> 199214.3 | V47: 9-12 | W47: 251 | X47: =I47 -> 835 | Y47: =ROUND(T47*X47,2) -> 0
C48: 11.91 | D48: 0 | E48: =IF($D$50=0,C48*2,C48+D48) -> 23.82 | G48: 9-12 | H48: 252 | I48: =INDEX('[1]111-112-113 ADDITIONAL FUND'!K$1:K$65536,MATCH($A$1,'[1]111-112-113 ADDITIONAL FUND'!A$1:A$65536)) -> 3168 | J48: =ROUND(E48*I48,2) -> 75461.76 | V48: 9-12 | W48: 252 | X48: =I48 -> 3168 | Y48: =ROUND(T48*X48,2) -> 0
C49: 0 | D49: 0 | E49: =IF($D$50=0,C49*2,C49+D49) -> 0 | G49: 9-12 | H49: 253 | I49: =INDEX('[1]111-112-113 ADDITIONAL FUND'!L$1:L$65536,MATCH($A$1,'[1]111-112-113 ADDITIONAL FUND'!A$1:A$65536)) -> 6685 | J49: =ROUND(E49*I49,2) -> 0 | V49: 9-12 | W49: 253 | X49: =I49 -> 6685 | Y49: =ROUND(T49*X49,2) -> 0
A50: Total FTE with ESE Services | C50: =SUM(C41:C49) -> 131.2 | D50: =SUM(D41:D49) -> 0 | E50: =SUM(E41:E49) -> 262.4 | G50: Total ESE Guarantee | J50: =SUM(J41:J49) -> 274676.06 | R50: Total FTE with ESE Services | T50: =SUM(T42:T49) -> 0 | V50: Total ESE Guarantee | Y50: =SUM(Y41:Y49) -> 0
R51: 3A. Divide school's Unweighted FTE (UFTE) total computed in Section 1, cell C28 above by the district's total UFTE to obtain school's
A52: 3A. Divide school's Unweighted FTE (UFTE) total computed in Section 1, cell C28 above by the district's total UFTE to obtain school's | R52: UFTE share. Charter School UFTE: | T52: =T28 -> 0 | U52: ÷ | W52: District's Total UFTE: | X52: =I53 -> 215320.92
A53: UFTE share. Charter School UFTE: | E53: =E28 -> 1114.64 | F53: ÷ | H53: District's Total UFTE: | I53: =INDEX('[1]Detail 2025-26 FEFP Second'!E$1:E$65536,MATCH(A1,'[1]Detail 2025-26 FEFP Second'!A$1:A$65536)) -> 215320.92 | W53: = | X53: =ROUND(T52/X52,6) -> 0
H54: = | I54: =IFERROR(ROUND(E53/I53,6),0) -> 0.005177 | R54: 3B. Divide school's Weighted FTE (WFTE) total computed in Section 1, cell E39 above by the district's total WFTE to obtain school's
A55: 3B. Divide school's Weighted FTE (WFTE) total computed in Section 1, cell E33 above by the district's total WFTE to obtain school's | R55: WFTE share. Charter School WFTE: | T55: =V33 -> 0 | U55: ÷ | W55: District's Total WFTE: | X55: =I56 -> 229051.25
A56: WFTE share. Charter School WFTE: | E56: =G33 -> 1110.7521 | F56: ÷ | H56: District's Total WFTE: | I56: =INDEX('[1]Detail 2025-26 FEFP Second'!F$1:F$65536,MATCH(A1,'[1]Detail 2025-26 FEFP Second'!A$1:A$65536)) -> 229051.25 | W56: = | X56: =ROUND(T55/X55,6) -> 0
H57: = | I57: =IFERROR(ROUND(E56/I56,6),0) -> 0.004849 | R57: 3C. Divide school's Unweighted FTE (UFTE) total computed in Section 1, cell C28 above by the district's total non-scholarship UFTE to obtain school's
A58: 3C. Divide school's Unweighted FTE (UFTE) total computed in Section 1, cell C28 above by the district's total non-scholarship UFTE to obtain school's | R58: UFTE share. Charter School UFTE: | T58: =T28 -> 0 | U58: ÷ | V58: District's Total Non-Scholarship UFTE: | X58: =I59 -> 186156.17
A59: UFTE share. Charter School UFTE: | E59: =E28 -> 1114.64 | F59: ÷ | G59: District's Total Non-Scholarship UFTE: | I59: =INDEX('[1]Detail 2025-26 FEFP Second'!H$1:H$65536,MATCH(A1,'[1]Detail 2025-26 FEFP Second'!A$1:A$65536)) -> 186156.17 | W59: = | X59: =ROUND(T58/X58,6) -> 0
H60: = | I60: =IFERROR(ROUND(E59/I59,6),0) -> 0.005988 | R60: 3D. Divide school's Unweighted FTE (UFTE) total computed in Section 1, cell C28 above by the district's total non-virtual UFTE to obtain school's
A61: 3D. Divide school's Unweighted FTE (UFTE) total computed in Section 1, cell C28 above by the district's total non-virtual UFTE to obtain school's | R61: UFTE share. Charter School UFTE: | T61: =T28 -> 0 | U61: ÷ | V61: District's Total Non-Virtual UFTE: | X61: =I62 -> 215016.58
A62: UFTE share. Charter School UFTE: | E62: =E28 -> 1114.64 | F62: ÷ | G62: District's Total Non-Virtual UFTE: | I62: =INDEX('[1]Detail 2025-26 FEFP Second'!G$1:G$65536,MATCH(A1,'[1]Detail 2025-26 FEFP Second'!A$1:A$65536)) -> 215016.58 | W62: = | X62: =ROUND(T61/X61,6) -> 0
H63: = | I63: =IFERROR(ROUND(E62/I62,6),0) -> 0.005184 | R63: 3E. Divide school's Unweighted FTE (UFTE) total computed in Section 1, cell C28 above by the district's total non-scholarship and non-virtual UFTE to obtain school's
A64: 3E. Divide school's Unweighted FTE (UFTE) total computed in Section 1, cell C28 above by the district's total non-scholarship and non-virtual UFTE to obtain school's | R64: UFTE share. Charter School UFTE: | T64: =T28 -> 0 | U64: ÷ | V64: District's Total Non-Virtual and Non-Scholarship UFTE: | X64: =I65 -> 185851.83
A65: UFTE share. Charter School UFTE: | E65: =E28 -> 1114.64 | F65: ÷ | G65: District's Total Non-Scholarship Non-Virtual UFTE: | I65: =INDEX('[1]Detail 2025-26 FEFP Second'!I$1:I$65536,MATCH(A1,'[1]Detail 2025-26 FEFP Second'!A$1:A$65536)) -> 185851.83 | W65: = | X65: =ROUND(T64/X64,6) -> 0
H66: = | I66: =IFERROR(ROUND(E65/I65,6),0) -> 0.005997
R67: 4. Educational Enrichment Share (Non-Virtual UFTE share) | V67: =G68 -> 47290747 | W67: x | X67: =X62 -> 0 | Y67: =ROUND(V67*X67,2) -> 0
A68: 4. Educational Enrichment Share (Non-Virtual UFTE share) | F68: (e) | G68: =INDEX('[1]Detail 2025-26 FEFP Second'!N$1:N$65536,MATCH(A1,'[1]Detail 2025-26 FEFP Second'!A$1:A$65536)) -> 47290747 | H68: x | I68: =I63 -> 0.005184 | J68: =ROUND(G68*I68,2) -> 245155.23 | R68: 5. Discretionary Millage Compression Allocation
A69: 5. Discretionary Millage Compression Allocation | R69: .748 Mills | V69: =G70 -> 0 | W69: x | X69: =X53 -> 0 | Y69: =ROUND(V69*X69,2) -> 0
A70: .748 Mills (UFTE share) | F70: (b) | G70: =INDEX('[1]Detail 2025-26 FEFP Second'!L$1:L$65536,MATCH(A1,'[1]Detail 2025-26 FEFP Second'!A$1:A$65536)) -> 0 | H70: x | I70: =I54 -> 0.005177 | J70: =ROUND(G70*I70,2) -> 0 | R70: 6. Safe Schools Allocation (Non-Virtual and Scholarship UFTE share) | V70: =G71 -> 19167881 | W70: x | X70: =X65 -> 0 | Y70: =ROUND(V70*X70,2) -> 0
A71: 6. Safe Schools Allocation (Non-Virtual and Non-Scholarship UFTE share) | F71: (f) | G71: =INDEX('[1]Detail 2025-26 FEFP Second'!M$1:M$65536,MATCH(A1,'[1]Detail 2025-26 FEFP Second'!A$1:A$65536)) -> 19167881 | H71: x | I71: =I66 -> 0.005997 | J71: =ROUND(G71*I71,2) -> 114949.78 | R71: 7. Mental Health Assistance Allocation (Non-Scholarship UFTE share) | V71: =G72 -> 11546889 | W71: x | X71: =X59 -> 0 | Y71: =ROUND(V71*X71,2) -> 0
A72: 7. Mental Health Assistance Allocation (Non-Scholarship UFTE share) | F72: (d) | G72: =INDEX('[1]Detail 2025-26 FEFP Second'!T$1:T$65536,MATCH(A1,'[1]Detail 2025-26 FEFP Second'!A$1:A$65536)) -> 11546889 | H72: x | I72: =I60 -> 0.005988 | J72: =ROUND(G72*I72,2) -> 69142.77 | R72: 8. Academic Acceleration Options Supplement (Value share)
A73: 8. Academic Acceleration Options Supplement (Value share) | F73: (g) | R73: Acceleration Value | T73: Acceleration Value Charter schools should contact their school district sponsor regarding eligible value. Please note that “Acceleration Value” is NOT equivalent to number of students enrolled in these courses or programs. Please refer to footnote (a) below.
A74: Acceleration Value | E74: Acceleration Value Charter schools should contact their school district sponsor regarding eligible value. Please note that “Acceleration Value” is NOT equivalent to number of students enrolled in these courses or programs. Please refer to footnote (g) below. | R74: Advanced Placement
A75: Advanced Placement | J75: 14.4 | R75: International Baccalaureate
A76: International Baccalaureate | R76: Advanced International Certificate
A77: Advanced International Certificate | R77: Industry Certified Career Education
A78: Industry Certified Career Education | J78: 103.7 | R78: Early High School Graduation
A79: Early High School Graduation | J79: 2 | R79: Dual Enrollment
A80: Dual Enrollment | J80: 3.52 | X80: School total value | Y80: =SUM(Y74:Y79) -> 0
I81: School total value | J81: =SUM(J75:J80) -> 123.62 | X81: District total value | Y81: =J82 -> 11461.43
I82: District total value | J82: =INDEX('[1]Detail 2025-26 FEFP Second'!J$1:J$65536,MATCH(A1,'[1]Detail 2025-26 FEFP Second'!A$1:A$65536)) -> 11461.43
R83: School Academic Acceleration Option Supplement | V83: =G84 -> 63269727 | W83: x | X83: =IFERROR(ROUND(Y80/Y81,6),0) -> 0 | Y83: =ROUND(V83*X83,2) -> 0
A84: School Academic Acceleration Option Supplement | G84: =INDEX('[1]Detail 2025-26 FEFP Second'!O$1:O$65536,MATCH(A1,'[1]Detail 2025-26 FEFP Second'!A$1:A$65536)) -> 63269727 | H84: x | I84: =IFERROR(ROUND(J81/J82,6),0) -> 0.010786 | J84: =ROUND(G84*I84,2) -> 682427.28 | R84: 9. ESE Guaranteed Allocation
A85: 9. Discretionary Local Effort (WFTE share) | F85: (c) | G85: =INDEX('[1]Detail 2025-26 FEFP Second'!Q$1:Q$65536,MATCH(A1,'[1]Detail 2025-26 FEFP Second'!A$1:A$65536)) -> 268816278 | H85: x | I85: =I57 -> 0.004849 | J85: =ROUND(G85*I85,2) -> 1303490.1 | R85: 10. Discretionary Local Effort (WFTE share) | V85: =G85 -> 268816278 | W85: x | X85: =X56 -> 0 | Y85: =ROUND(V85*X85,2) -> 0
A86: 10. Proration to Funds Available (WFTE share) | F86: (c) | G86: =INDEX('[1]Detail 2025-26 FEFP Second'!R$1:R$65536,MATCH(A1,'[1]Detail 2025-26 FEFP Second'!A$1:A$65536)) -> 0 | H86: x | I86: =I57 -> 0.004849 | J86: =ROUND(G86*I86,2) -> 0 | R86: 11. Proration to Funds Available (WFTE share) | V86: =G86 -> 0 | W86: x | X86: =X56 -> 0 | Y86: =ROUND(V86*X86,2) -> 0
A87: 11. Educational Enrollment Stabilization Program (UFTE share) | F87: (b) | G87: =INDEX('[1]Detail 2025-26 FEFP Second'!S$1:S$65536,MATCH(A1,'[1]Detail 2025-26 FEFP Second'!A$1:A$65536)) -> 0 | H87: x | I87: =I54 -> 0.005177 | J87: =ROUND(G87*I87,2) -> 0 | R87: 12. Educational Enrollment Stabilization Program (UFTE share) | V87: =G87 -> 0 | W87: x | X87: =X53 -> 0 | Y87: =ROUND(V87*X87,2) -> 0
A88: 12. Class Size Reduction Funds: | R88: 13. Class Size Reduction Funds:
B89: Weighted FTE (not including Add-On) | D89: X CWF X | G89: Allocation factors | R89: Weighted FTE (not including Add-On) | T89: X CWF X | V89: Allocation factors
A90: PK - 3 | B90: =I12+I13+I18+I21+I24 -> 0 | D90: =I6 -> 1.0355 | G90: ='[1]Detail 2025-26 FEFP Second'!AB3 -> 958.42 | H90: = | I90: =ROUND(B90*D90*G90,2) -> 0 | R90: PK - 3 | S90: =X12+X13+X18+X21+X24 -> 0 | T90: =X6 -> 1.0355 | V90: =G90 -> 958.42 | W90: = | X90: =ROUND(S90*T90*V90,2) -> 0
A91: 4-8 | B91: =I14+I15+I19+I22+I25 -> 0 | D91: =I6 -> 1.0355 | G91: ='[1]Detail 2025-26 FEFP Second'!AC3 -> 915.09 | H91: = | I91: =ROUND(B91*D91*G91,2) -> 0 | R91: 4-8 | S91: =X14+X15+X19+X22+X25 -> 0 | T91: =X6 -> 1.0355 | V91: =G91 -> 915.09 | W91: = | X91: =ROUND(S91*T91*V91,2) -> 0
A92: 9-12 | B92: =I16+I17+I20+I23+I26+I27 -> 1110.7521 | D92: =I6 -> 1.0355 | G92: ='[1]Detail 2025-26 FEFP Second'!AD3 -> 917.3 | H92: = | I92: =ROUND(B92*D92*G92,2) -> 1055063.6 | R92: 9-12 | S92: =X16+X17+X20+X23+X26+X27 -> 0 | T92: =X6 -> 1.0355 | V92: =G92 -> 917.3 | W92: = | X92: =ROUND(S92*T92*V92,2) -> 0
A93: Total * | B93: =SUM(B90:B92) -> 1110.7521 | E93: Total Class Size Reduction Funds | J93: =IF(A1=75,0,I92+I91+I90) -> 1055063.6 | R93: Total * | S93: =SUM(S90:S92) -> 0 | T93: Total Class Size Reduction Funds | Y93: =IF(R1=75,0,X92+X91+X90) -> 0
A94: (*Total FTE should equal total in Section 1, column (4) and should not include any additional FTE from Section 1.) | R94: (*Total FTE should equal total in Section 1, column (4) and should not include any additional FTE from Section 1.)
A95: 13. Student Transportation | F95: (h) | R95: 14. Student Transportation
C96: Oct 2024 FTE | D96: Feb 2025 FTE | E96: Average FTE | R96: Enter All Adjusted Fundable Riders | T96: =IF(I111=1,E97,0) -> 0 | W96: x | X96: =I97 -> 617 | Y96: =ROUND(X96*T96,2) -> 0
A97: Enter All Adjusted Fundable Riders | C97: 784 | D97: 796 | E97: =(C97+D97)/2 -> 790 | H97: x | I97: =IF(A1>67,0,INDEX('[1]Transportation Per Student'!F$1:F$65536,MATCH(A1,'[1]Transportation Per Student'!B$1:B$65536))) -> 617 | J97: =ROUND(I97*E97,2) -> 487430 | R97: Enter All Adjusted ESE Riders | T97: =IF(I112=1,E98,0) -> 0 | W97: x | X97: =I98 -> 1870 | Y97: =ROUND(X97*T97,2) -> 0
A98: Enter All Adjusted ESE Riders | C98: 0 | E98: =(C98+D98)/2 -> 0 | H98: x | I98: =IF(A1>67,0,INDEX('[1]Transportation Per Student'!J$1:J$65536,MATCH(A1,'[1]Transportation Per Student'!B$1:B$65536))) -> 1870 | J98: =ROUND(I98*E98,2) -> 0
A100: 14. Federally Connected Student Supplement | F100: (i) | R100: 15. Federally Connected Student Supplement
A101: Impact Aid Student Type | D101: Number of Students | G101: Exempt Property Allocation | I101: Impact Aid Student Allocation | J101: Total | R101: Impact Aid Student Type | T101: Number of Students | V101: Exempt Property Allocation | X101: Impact Aid Student Allocation | Y101: Total
A102: Military and Indian Lands | G102: =IF(E102=0,0,INDEX('[1]Detail 2025-26 FEFP Second'!V$1:V$65536,MATCH(A1,'[1]Detail 2025-26 FEFP Second'!A$1:A$65536))) -> 0 | I102: =IF(E102=0,0,'[1]Detail 2025-26 FEFP Second'!AL3) -> 0 | J102: =ROUND((I102+G102)*E102,0) -> 0 | R102: Military and Indian Lands | T102: =IF('[1]All charter school calculator'!X102=1,'[1]All charter school calculator'!T100:U100,0) -> 0 | V102: =IF(T102=0,0,INDEX('[1]Detail 2025-26 FEFP Second'!AM$1:AM$65536,MATCH(R1,'[1]Detail 2025-26 FEFP Second'!R$1:R$65536))) -> 0 | X102: =IF(T102=0,0,'[1]Detail 2025-26 FEFP Second'!BC3) -> 0 | Y102: =ROUND((X102+V102)*T102,0) -> 0
A103: Civilians on Federal Lands | G103: =ROUND(G102/2,2) -> 0 | I103: =IF(E103=0,0,ROUND('[1]Detail 2025-26 FEFP Second'!AL3/2,2)) -> 0 | J103: =ROUND((I103+G103)*E103,0) -> 0 | R103: Civilians on Federal Lands | T103: =IF('[1]All charter school calculator'!X103=1,'[1]All charter school calculator'!T100:U100,0) -> 0 | V103: =ROUND(V102/2,2) -> 0 | X103: =IF(T103=0,0,ROUND('[1]Detail 2025-26 FEFP Second'!BC3/2,2)) -> 0 | Y103: =ROUND((X103+V103)*T103,0) -> 0
A104: Students with Disabilities | I104: =IF(I102>0,'[1]Detail 2025-26 FEFP Second'!AM3,0) -> 0 | J104: =ROUND(I104*E104,0) -> 0 | R104: Students with Disabilities | T104: =IF('[1]All charter school calculator'!X104=1,'[1]All charter school calculator'!T100:U100,0) -> 0 | X104: =IF(X102>0,'[1]Detail 2025-26 FEFP Second'!BD3,0) -> 0 | Y104: =ROUND(X104*T104,0) -> 0
A105: Total | J105: =SUM(J102:J104) -> 0 | R105: Total | Y105: =SUM(Y102:Y104) -> 0
A106: 15. Food Service Allocation | F106: (j) | R106: 16. Food Service Allocation | Y106: =IF('[1]All charter school calculator'!X109=1,'[1]All charter school calculator'!Y104,0) -> 0
...

Sheet 2521
A1: 50 | B1: (Insert district number in cell A1, enter, then strike F9. Your district data then pulls from Calculation Detail Sheets) | R1: 50 | S1: (Insert district number in cell A1, enter, then strike F9. Your district data then pulls from Calculation Detail Sheets)
A2: Revenue Estimate Worksheet: Ed Venture Charter School - 2521 | R2: =Revenue_Estimate_Worksheet_for___________Charter_School -> Revenue Estimate Worksheet: Ed Venture Charter School - 2521
A3: Based on the 2025-26 FEFP Second Calculation | R3: Based on the 2025-26 FEFP Second Calculation
A4: School District: | D4: Palm Beach | H4: September 2025 | R4: School District: | T4: Palm Beach
A5: 1A. 2025-26 FEFP State and Local Funding | R5: 1A. 2025-26 FEFP State and Local Funding
A6: Base Student Allocation | E6: 5372.6 | G6: Comparable Wage Factor: | I6: =INDEX('[1]Detail 2025-26 FEFP Second'!$C$1:$C$65536,MATCH('2521'!$A$1,'[1]Detail 2025-26 FEFP Second'!$A$1:$A$65536,0)) -> 1.0355 | R6: Base Student Allocation | T6: =E6 -> 5372.6 | V6: Comparable Wage Factor: | X6: 1.0355
G7: Small District Factor | I7: =INDEX('[1]Detail 2025-26 FEFP Second'!$D$1:$D$65536,MATCH('2521'!$A$1,'[1]Detail 2025-26 FEFP Second'!$A$1:$A$65536,0)) -> 1 | V7: Small District Factor | X7: 1
J8: 2025-26 | Y8: 2025-26
C9: Oct 2024 | D9: Feb 2025 | G9: Program | I9: Weighted FTE | J9: Base Funding | V9: Program | X9: Weighted FTE | Y9: Base Funding
A10: Program | C10: FTE | D10: FTE | E10: Total FTE | G10: Cost Factor | I10: (2) x (3) | J10: (WFTE x BSA x CWF x SDF) | R10: Program | T10: Number of FTE | V10: Cost Factor | X10: (2) x (3) | Y10: (WFTE x BSA x CWF x SDF)
A11: (1) | E11: (2) | G11: (3) | I11: (4) | J11: (5) | R11: (1) | T11: (2) | V11: (3) | X11: (4) | Y11: (5)
A12: 101 Basic K-3 | C12: 0 | D12: 0 | E12: =IF($D$28=0,C12*2,C12+D12) -> 0 | G12: 1.108 | I12: =ROUND(E12*G12,4) -> 0 | J12: =ROUND(ROUND(ROUND(I12*$E$6,4)*($I$6),2)*(MAX($I$7,1)),2) -> 0 | R12: 101 Basic K-3 | T12: =IF($I$111=1,E12,0) -> 0 | V12: 1 | X12: =ROUND(T12*V12,4) -> 0 | Y12: =ROUND(ROUND(ROUND(X12*$E$6,4)*($I$6),2)*(MAX($I$7,1)),2) -> 0
A13: 111 Basic K-3 with ESE Services | C13: 0 | D13: 0 | E13: =IF($D$28=0,C13*2,C13+D13) -> 0 | G13: 1.108 | I13: =ROUND(E13*G13,4) -> 0 | J13: =ROUND(ROUND(ROUND(I13*$E$6,4)*($I$6),2)*(MAX($I$7,1)),2) -> 0 | R13: 111 Basic K-3 with ESE Services | T13: =IF($I$111=1,E13,0) -> 0 | V13: 1 | X13: =ROUND(T13*V13,4) -> 0 | Y13: =ROUND(ROUND(ROUND(X13*$E$6,4)*($I$6),2)*(MAX($I$7,1)),2) -> 0
A14: 102 Basic 4-8 | C14: 0 | D14: 0 | E14: =IF($D$28=0,C14*2,C14+D14) -> 0 | G14: 1 | I14: =ROUND(E14*G14,4) -> 0 | J14: =ROUND(ROUND(ROUND(I14*$E$6,4)*($I$6),2)*(MAX($I$7,1)),2) -> 0 | R14: 102 Basic 4-8 | T14: =IF($I$111=1,E14,0) -> 0 | V14: 1 | X14: =ROUND(T14*V14,4) -> 0 | Y14: =ROUND(ROUND(ROUND(X14*$E$6,4)*($I$6),2)*(MAX($I$7,1)),2) -> 0
A15: 112 Basic 4-8 with ESE Services | C15: 0 | D15: 0 | E15: =IF($D$28=0,C15*2,C15+D15) -> 0 | G15: 1 | I15: =ROUND(E15*G15,4) -> 0 | J15: =ROUND(ROUND(ROUND(I15*$E$6,4)*($I$6),2)*(MAX($I$7,1)),2) -> 0 | R15: 112 Basic 4-8 with ESE Services | T15: =IF($I$111=1,E15,0) -> 0 | V15: 1 | X15: =ROUND(T15*V15,4) -> 0 | Y15: =ROUND(ROUND(ROUND(X15*$E$6,4)*($I$6),2)*(MAX($I$7,1)),2) -> 0
A16: 103 Basic 9-12 | C16: 0 | D16: 0 | E16: =IF($D$28=0,C16*2,C16+D16) -> 0 | G16: 0.972 | I16: =ROUND(E16*G16,4) -> 0 | J16: =ROUND(ROUND(ROUND(I16*$E$6,4)*($I$6),2)*(MAX($I$7,1)),2) -> 0 | R16: 103 Basic 9-12 | T16: =IF($I$111=1,E16,0) -> 0 | V16: 1 | X16: =ROUND(T16*V16,4) -> 0 | Y16: =ROUND(ROUND(ROUND(X16*$E$6,4)*($I$6),2)*(MAX($I$7,1)),2) -> 0
A17: 113 Basic 9-12 with ESE Services | C17: 26.65 | D17: 0 | E17: =IF($D$28=0,C17*2,C17+D17) -> 53.3 | G17: 0.972 | I17: =ROUND(E17*G17,4) -> 51.8076 | J17: =ROUND(ROUND(ROUND(I17*$E$6,4)*($I$6),2)*(MAX($I$7,1)),2) -> 288222.64 | R17: 113 Basic 9-12 with ESE Services | T17: =IF($I$111=1,E17,0) -> 53.3 | V17: 1 | X17: =ROUND(T17*V17,4) -> 53.3 | Y17: =ROUND(ROUND(ROUND(X17*$E$6,4)*($I$6),2)*(MAX($I$7,1)),2) -> 296525.35
A18: 254 ESE Level 4 (Grade Level PK-3) | C18: 0 | D18: 0 | E18: =IF($D$28=0,C18*2,C18+D18) -> 0 | G18: 3.609 | I18: =ROUND(E18*G18,4) -> 0 | J18: =ROUND(ROUND(ROUND(I18*$E$6,4)*($I$6),2)*(MAX($I$7,1)),2) -> 0 | R18: 254 ESE Level 4 (Grade Level PK-3) | T18: =IF($I$111=1,E18,0) -> 0 | V18: 1 | X18: =ROUND(T18*V18,4) -> 0 | Y18: =ROUND(ROUND(ROUND(X18*$E$6,4)*($I$6),2)*(MAX($I$7,1)),2) -> 0
A19: 254 ESE Level 4 (Grade Level 4-8) | C19: 0 | D19: 0 | E19: =IF($D$28=0,C19*2,C19+D19) -> 0 | G19: 3.609 | I19: =ROUND(E19*G19,4) -> 0 | J19: =ROUND(ROUND(ROUND(I19*$E$6,4)*($I$6),2)*(MAX($I$7,1)),2) -> 0 | R19: 254 ESE Level 4 (Grade Level 4-8) | T19: =IF($I$111=1,E19,0) -> 0 | V19: 1 | X19: =ROUND(T19*V19,4) -> 0 | Y19: =ROUND(ROUND(ROUND(X19*$E$6,4)*($I$6),2)*(MAX($I$7,1)),2) -> 0
A20: 254 ESE Level 4 (Grade Level 9-12) | C20: 10.43 | D20: 0 | E20: =IF($D$28=0,C20*2,C20+D20) -> 20.86 | G20: 3.609 | I20: =ROUND(E20*G20,4) -> 75.2837 | J20: =ROUND(ROUND(ROUND(I20*$E$6,4)*($I$6),2)*(MAX($I$7,1)),2) -> 418827.86 | R20: 254 ESE Level 4 (Grade Level 9-12) | T20: =IF($I$111=1,E20,0) -> 20.86 | V20: 1 | X20: =ROUND(T20*V20,4) -> 20.86 | Y20: =ROUND(ROUND(ROUND(X20*$E$6,4)*($I$6),2)*(MAX($I$7,1)),2) -> 116051.01
A21: 255 ESE Level 5 (Grade Level PK-3) | C21: 0 | D21: 0 | E21: =IF($D$28=0,C21*2,C21+D21) -> 0 | G21: 6.064 | I21: =ROUND(E21*G21,4) -> 0 | J21: =ROUND(ROUND(ROUND(I21*$E$6,4)*($I$6),2)*(MAX($I$7,1)),2) -> 0 | R21: 255 ESE Level 5 (Grade Level PK-3) | T21: =IF($I$111=1,E21,0) -> 0 | V21: 1 | X21: =ROUND(T21*V21,4) -> 0 | Y21: =ROUND(ROUND(ROUND(X21*$E$6,4)*($I$6),2)*(MAX($I$7,1)),2) -> 0
A22: 255 ESE Level 5 (Grade Level 4-8) | C22: 0 | D22: 0 | E22: =IF($D$28=0,C22*2,C22+D22) -> 0 | G22: 6.064 | I22: =ROUND(E22*G22,4) -> 0 | J22: =ROUND(ROUND(ROUND(I22*$E$6,4)*($I$6),2)*(MAX($I$7,1)),2) -> 0 | R22: 255 ESE Level 5 (Grade Level 4-8) | T22: =IF($I$111=1,E22,0) -> 0 | V22: 1 | X22: =ROUND(T22*V22,4) -> 0 | Y22: =ROUND(ROUND(ROUND(X22*$E$6,4)*($I$6),2)*(MAX($I$7,1)),2) -> 0
A23: 255 ESE Level 5 (Grade Level 9-12) | C23: 0 | D23: 0 | E23: =IF($D$28=0,C23*2,C23+D23) -> 0 | G23: 6.064 | I23: =ROUND(E23*G23,4) -> 0 | J23: =ROUND(ROUND(ROUND(I23*$E$6,4)*($I$6),2)*(MAX($I$7,1)),2) -> 0 | R23: 255 ESE Level 5 (Grade Level 9-12) | T23: =IF($I$111=1,E23,0) -> 0 | V23: 1 | X23: =ROUND(T23*V23,4) -> 0 | Y23: =ROUND(ROUND(ROUND(X23*$E$6,4)*($I$6),2)*(MAX($I$7,1)),2) -> 0
... A27: 300 Career Education (Grades 9-12) | C27: 0 | D27: 0 | E27: =IF($D$28=0,C27*2,C27+D27) -> 0 | G27: 1.081 | I27: =ROUND(E27*G27,4) -> 0 | J27: =ROUND(ROUND(ROUND(I27*$E$6,4)*($I$6),2)*(MAX($I$7,1)),2) -> 0 | R27: 300 Career Education (Grades 9-12) | T27: =IF($I$111=1,E27,0) -> 0 | V27: 1 | X27: =ROUND(T27*V27,4) -> 0 | Y27: =ROUND(ROUND(ROUND(X27*$E$6,4)*($I$6),2)*(MAX($I$7,1)),2) -> 0
A28: Totals | C28: =SUM(C12:C27) -> 37.08 | D28: =SUM(D12:D27) -> 0 | E28: =SUM(E12:E27) -> 74.16 | I28: =SUM(I12:I27) -> 127.0913 | J28: =SUM(J12:J27) -> 707050.5 | R28: Totals | T28: =SUM(T12:T27) -> 74.16 | X28: =SUM(X12:X27) -> 74.16 | Y28: =SUM(Y12:Y27) -> 412576.36
A29: Letters in Parentheses Refer to Notes at Bottom of Worksheet: | R29: Letters in Parentheses Refer to Notes at Bottom of Worksheet:
A30: Additional FTE | E30: Number of FTE Charter schools should contact their school district sponsor regarding eligible FTE. Please note that “Number of FTE” is NOT equivalent to number of students enrolled in these courses or programs. | J30: 2025-26 Base Funding (WFTE x BSA x CWF x SDF) | R30: Additional FTE | T30: Number of FTE Charter schools should contact their school district sponsor regarding eligible FTE. Please note that “Number of FTE” is NOT equivalent to number of students enrolled in these courses or programs. Please refer to footnote (a) below. | Y30: 2025-26 Base Funding (WFTE x BSA x CWF x SDF)
A31: Small District ESE Supplement | J31: =ROUND(ROUND(ROUND(I31*$E$6,4)*($I$6),0)*(MAX($I$7,1)),0) -> 0 | R31: Small District ESE Supplement | T31: =IF('[1]All charter school calculator'!X109=1,'[1]All charter school calculator'!X31,0) -> 0 | Y31: =J31 -> 0
A32: Total Additional FTE | G32: =SUM(I31:I31) -> 0 | H32: Additional Base Funds | J32: =SUM(J31:J31) -> 0 | R32: Total Additional FTE | V32: =SUM(T31:V31) -> 0 | W32: Additional Base Funds | Y32: =SUM(Y31:Y31) -> 0
A33: Total Funded Weighted FTE | G33: =G32+I28 -> 127.0913 | H33: Total Base Funding | J33: =SUM(J32,J28) -> 707050.5 | R33: Total Funded Weighted FTE | V33: =V32+X28 -> 74.16 | W33: Total Base Funding | Y33: =SUM(Y32,Y28) -> 412576.36
A35: 1B. Classroom Teacher and Other Instructional Personnel Salary Increase Maintenance and Growth Portions of the Salary Increase funds are part of the total Conference Base Funding and are not treated as a separate allocation. Amounts are split out here for informative purposes and for the purposes of providing a total that may be used for calculating the adminstrative fee. | R35: 1B. Classroom Teacher and Other Instructional Personnel Salary Increase Maintenance and Growth Portions of the Salary Increase funds are part of the total Conference Base Funding and are not treated as a separate allocation. Amounts are split out here for informative purposes and for the purposes of providing a total that may be used for calculating the adminstrative fee.
A36: Maintenance Portion (6.67% of Conference Base Funding) | F36: (a) | G36: 707050.5 | H36: X | I36: 0.0667 | J36: =ROUND(G36*I36,2) -> 47160.27 | R36: Maintenance Portion (6.67% of Conference Base Funding) | V36: 412576.36 | W36: X | X36: 0.0667 | Y36: =ROUND(V36*X36,2) -> 27518.84
A37: Growth Portion (0.54% of Conference Base Funding) | F37: (a) | G37: 707050.5 | H37: X | I37: 0.0054 | J37: =ROUND(G37*I37,2) -> 3818.07 | R37: Growth Portion (0.54% of Conference Base Funding) | V37: 412576.36 | W37: X | X37: 0.0054 | Y37: =ROUND(V37*X37,2) -> 2227.91
A38: Total Salary Increase Allocation | J38: =SUM(J36:J37) -> 50978.34 | R38: Total Salary Increase Allocation | Y38: =Y36+Y37 -> 29746.75
A40: 2. ESE Guaranteed Allocation: | C40: Oct 2024 FTE | D40: Feb 2025 FTE | E40: Total FTE | G40: Grade Level | H40: Matrix Level | I40: Guarantee Per Student | R40: 2. ESE Guaranteed Allocation: | T40: FTE | V40: Grade Level | W40: Matrix Level | X40: Guarantee Per Student
A41: Additional Funding from the ESE Guaranteed Allocation. Enter the FTE from 111,112 and 113 by grade and matrix level. Students who do not have a matrix level should be considered 251. This total should equal all FTE from programs 111, 112 and 113 above, less any 113 gifted FTE. | C41: 0 | D41: 0 | E41: =IF($D$50=0,C41*2,C41+D41) -> 0 | G41: PK-3 | H41: 251 | I41: =INDEX('[1]111-112-113 ADDITIONAL FUND'!D$1:D$65536,MATCH($A$1,'[1]111-112-113 ADDITIONAL FUND'!A$1:A$65536)) -> 1047 | J41: =ROUND(E41*I41,2) -> 0 | R41: Additional Funding from the ESE Guaranteed Allocation. Enter the FTE from 111,112, & 113 by grade and matrix level. Students who do not have a matrix level should be considered 251. This total should equal all FTE from programs 111, 112 & 113 above. | V41: PK-3 | W41: 251 | X41: =I41 -> 1047 | Y41: =ROUND(T41*X41,2) -> 0
C42: 0 | D42: 0 | E42: =IF($D$50=0,C42*2,C42+D42) -> 0 | G42: PK-3 | H42: 252 | I42: =INDEX('[1]111-112-113 ADDITIONAL FUND'!E$1:E$65536,MATCH($A$1,'[1]111-112-113 ADDITIONAL FUND'!A$1:A$65536)) -> 3380 | J42: =ROUND(E42*I42,2) -> 0 | V42: PK-3 | W42: 252 | X42: =I42 -> 3380 | Y42: =ROUND(T42*X42,2) -> 0
C43: 0 | D43: 0 | E43: =IF($D$50=0,C43*2,C43+D43) -> 0 | G43: PK-3 | H43: 253 | I43: =INDEX('[1]111-112-113 ADDITIONAL FUND'!F$1:F$65536,MATCH($A$1,'[1]111-112-113 ADDITIONAL FUND'!A$1:A$65536)) -> 6896 | J43: =ROUND(E43*I43,2) -> 0 | V43: PK-3 | W43: 253 | X43: =I43 -> 6896 | Y43: =ROUND(T43*X43,2) -> 0
C44: 0 | D44: 0 | E44: =IF($D$50=0,C44*2,C44+D44) -> 0 | G44: 4-8 | H44: 251 | I44: =INDEX('[1]111-112-113 ADDITIONAL FUND'!G$1:G$65536,MATCH($A$1,'[1]111-112-113 ADDITIONAL FUND'!A$1:A$65536)) -> 1173 | J44: =ROUND(E44*I44,2) -> 0 | V44: 4-8 | W44: 251 | X44: =I44 -> 1173 | Y44: =ROUND(T44*X44,2) -> 0
C45: 0 | D45: 0 | E45: =IF($D$50=0,C45*2,C45+D45) -> 0 | G45: 4-8 | H45: 252 | I45: =INDEX('[1]111-112-113 ADDITIONAL FUND'!H$1:H$65536,MATCH($A$1,'[1]111-112-113 ADDITIONAL FUND'!A$1:A$65536)) -> 3506 | J45: =ROUND(E45*I45,2) -> 0 | V45: 4-8 | W45: 252 | X45: =I45 -> 3506 | Y45: =ROUND(T45*X45,2) -> 0
C46: 0 | D46: 0 | E46: =IF($D$50=0,C46*2,C46+D46) -> 0 | G46: 4-8 | H46: 253 | I46: =INDEX('[1]111-112-113 ADDITIONAL FUND'!I$1:I$65536,MATCH($A$1,'[1]111-112-113 ADDITIONAL FUND'!A$1:A$65536)) -> 7023 | J46: =ROUND(E46*I46,2) -> 0 | V46: 4-8 | W46: 253 | X46: =I46 -> 7023 | Y46: =ROUND(T46*X46,2) -> 0
C47: 0 | D47: 0 | E47: =IF($D$50=0,C47*2,C47+D47) -> 0 | G47: 9-12 | H47: 251 | I47: =INDEX('[1]111-112-113 ADDITIONAL FUND'!J$1:J$65536,MATCH($A$1,'[1]111-112-113 ADDITIONAL FUND'!A$1:A$65536)) -> 835 | J47: =ROUND(E47*I47,2) -> 0 | V47: 9-12 | W47: 251 | X47: =I47 -> 835 | Y47: =ROUND(T47*X47,2) -> 0
C48: 0.5 | D48: 0 | E48: =IF($D$50=0,C48*2,C48+D48) -> 1 | G48: 9-12 | H48: 252 | I48: =INDEX('[1]111-112-113 ADDITIONAL FUND'!K$1:K$65536,MATCH($A$1,'[1]111-112-113 ADDITIONAL FUND'!A$1:A$65536)) -> 3168 | J48: =ROUND(E48*I48,2) -> 3168 | V48: 9-12 | W48: 252 | X48: =I48 -> 3168 | Y48: =ROUND(T48*X48,2) -> 0
C49: 26.15 | D49: 0 | E49: =IF($D$50=0,C49*2,C49+D49) -> 52.3 | G49: 9-12 | H49: 253 | I49: =INDEX('[1]111-112-113 ADDITIONAL FUND'!L$1:L$65536,MATCH($A$1,'[1]111-112-113 ADDITIONAL FUND'!A$1:A$65536)) -> 6685 | J49: =ROUND(E49*I49,2) -> 349625.5 | V49: 9-12 | W49: 253 | X49: =I49 -> 6685 | Y49: =ROUND(T49*X49,2) -> 0
A50: Total FTE with ESE Services | C50: =SUM(C41:C49) -> 26.65 | D50: =SUM(D41:D49) -> 0 | E50: =SUM(E41:E49) -> 53.3 | G50: Total ESE Guarantee | J50: =SUM(J41:J49) -> 352793.5 | R50: Total FTE with ESE Services | T50: =SUM(T42:T49) -> 0 | V50: Total ESE Guarantee | Y50: =SUM(Y41:Y49) -> 0
R51: 3A. Divide school's Unweighted FTE (UFTE) total computed in Section 1, cell C28 above by the district's total UFTE to obtain school's
A52: 3A. Divide school's Unweighted FTE (UFTE) total computed in Section 1, cell C28 above by the district's total UFTE to obtain school's | R52: UFTE share. Charter School UFTE: | T52: =T28 -> 74.16 | U52: ÷ | W52: District's Total UFTE: | X52: =I53 -> 215320.92
A53: UFTE share. Charter School UFTE: | E53: =E28 -> 74.16 | F53: ÷ | H53: District's Total UFTE: | I53: =INDEX('[1]Detail 2025-26 FEFP Second'!E$1:E$65536,MATCH(A1,'[1]Detail 2025-26 FEFP Second'!A$1:A$65536)) -> 215320.92 | W53: = | X53: =ROUND(T52/X52,6) -> 0.000344
H54: = | I54: =IFERROR(ROUND(E53/I53,6),0) -> 0.000344 | R54: 3B. Divide school's Weighted FTE (WFTE) total computed in Section 1, cell E39 above by the district's total WFTE to obtain school's
A55: 3B. Divide school's Weighted FTE (WFTE) total computed in Section 1, cell E33 above by the district's total WFTE to obtain school's | R55: WFTE share. Charter School WFTE: | T55: =V33 -> 74.16 | U55: ÷ | W55: District's Total WFTE: | X55: =I56 -> 229051.25
A56: WFTE share. Charter School WFTE: | E56: =G33 -> 127.0913 | F56: ÷ | H56: District's Total WFTE: | I56: =INDEX('[1]Detail 2025-26 FEFP Second'!F$1:F$65536,MATCH(A1,'[1]Detail 2025-26 FEFP Second'!A$1:A$65536)) -> 229051.25 | W56: = | X56: =ROUND(T55/X55,6) -> 0.000324
H57: = | I57: =IFERROR(ROUND(E56/I56,6),0) -> 0.000555 | R57: 3C. Divide school's Unweighted FTE (UFTE) total computed in Section 1, cell C28 above by the district's total non-scholarship UFTE to obtain school's
A58: 3C. Divide school's Unweighted FTE (UFTE) total computed in Section 1, cell C28 above by the district's total non-scholarship UFTE to obtain school's | R58: UFTE share. Charter School UFTE: | T58: =T28 -> 74.16 | U58: ÷ | V58: District's Total Non-Scholarship UFTE: | X58: =I59 -> 186156.17
A59: UFTE share. Charter School UFTE: | E59: =E28 -> 74.16 | F59: ÷ | G59: District's Total Non-Scholarship UFTE: | I59: =INDEX('[1]Detail 2025-26 FEFP Second'!H$1:H$65536,MATCH(A1,'[1]Detail 2025-26 FEFP Second'!A$1:A$65536)) -> 186156.17 | W59: = | X59: =ROUND(T58/X58,6) -> 0.000398
H60: = | I60: =IFERROR(ROUND(E59/I59,6),0) -> 0.000398 | R60: 3D. Divide school's Unweighted FTE (UFTE) total computed in Section 1, cell C28 above by the district's total non-virtual UFTE to obtain school's
A61: 3D. Divide school's Unweighted FTE (UFTE) total computed in Section 1, cell C28 above by the district's total non-virtual UFTE to obtain school's | R61: UFTE share. Charter School UFTE: | T61: =T28 -> 74.16 | U61: ÷ | V61: District's Total Non-Virtual UFTE: | X61: =I62 -> 215016.58
A62: UFTE share. Charter School UFTE: | E62: =E28 -> 74.16 | F62: ÷ | G62: District's Total Non-Virtual UFTE: | I62: =INDEX('[1]Detail 2025-26 FEFP Second'!G$1:G$65536,MATCH(A1,'[1]Detail 2025-26 FEFP Second'!A$1:A$65536)) -> 215016.58 | W62: = | X62: =ROUND(T61/X61,6) -> 0.000345
H63: = | I63: =IFERROR(ROUND(E62/I62,6),0) -> 0.000345 | R63: 3E. Divide school's Unweighted FTE (UFTE) total computed in Section 1, cell C28 above by the district's total non-scholarship and non-virtual UFTE to obtain school's
A64: 3E. Divide school's Unweighted FTE (UFTE) total computed in Section 1, cell C28 above by the district's total non-scholarship and non-virtual UFTE to obtain school's | R64: UFTE share. Charter School UFTE: | T64: =T28 -> 74.16 | U64: ÷ | V64: District's Total Non-Virtual and Non-Scholarship UFTE: | X64: =I65 -> 185851.83
A65: UFTE share. Charter School UFTE: | E65: =E28 -> 74.16 | F65: ÷ | G65: District's Total Non-Scholarship Non-Virtual UFTE: | I65: =INDEX('[1]Detail 2025-26 FEFP Second'!I$1:I$65536,MATCH(A1,'[1]Detail 2025-26 FEFP Second'!A$1:A$65536)) -> 185851.83 | W65: = | X65: =ROUND(T64/X64,6) -> 0.000399
H66: = | I66: =IFERROR(ROUND(E65/I65,6),0) -> 0.000399
R67: 4. Educational Enrichment Share (Non-Virtual UFTE share) | V67: =G68 -> 47290747 | W67: x | X67: =X62 -> 0.000345 | Y67: =ROUND(V67*X67,2) -> 16315.31
A68: 4. Educational Enrichment Share (Non-Virtual UFTE share) | F68: (e) | G68: =INDEX('[1]Detail 2025-26 FEFP Second'!N$1:N$65536,MATCH(A1,'[1]Detail 2025-26 FEFP Second'!A$1:A$65536)) -> 47290747 | H68: x | I68: =I63 -> 0.000345 | J68: =ROUND(G68*I68,2) -> 16315.31 | R68: 5. Discretionary Millage Compression Allocation
A69: 5. Discretionary Millage Compression Allocation | R69: .748 Mills | V69: =G70 -> 0 | W69: x | X69: =X53 -> 0.000344 | Y69: =ROUND(V69*X69,2) -> 0
A70: .748 Mills (UFTE share) | F70: (b) | G70: =INDEX('[1]Detail 2025-26 FEFP Second'!L$1:L$65536,MATCH(A1,'[1]Detail 2025-26 FEFP Second'!A$1:A$65536)) -> 0 | H70: x | I70: =I54 -> 0.000344 | J70: =ROUND(G70*I70,2) -> 0 | R70: 6. Safe Schools Allocation (Non-Virtual and Scholarship UFTE share) | V70: =G71 -> 19167881 | W70: x | X70: =X65 -> 0.000399 | Y70: =ROUND(V70*X70,2) -> 7647.98
